Workbook

Sheet Смета 12 гр. по ФЕР
A1: =Source!B1 -> Smeta.RU (495) 974-1589
H4: Приложение № 1 к Приложению № 5 к извещению о проведении запроса котировок
B7: СМЕТА
B11: Капитальный ремонт помещения №36 лаборатории СХД 2-го этажа здания учебного корпуса Озерского технологического института-филиала НИЯУ МИФИ (ОТИ НИЯУ МИФИ)по адресу: Челябинская обл., г. Озерск, пр-т Победы, д.48
G13: базовая цена | I13: текущая цена
C14: Сметная стоимость | G14: =SUM(O1:O137)/1000 -> 18.66997 | I14: =(Source!P139/1000) -> 134.04086 | K14: тыс. руб.
C15: Строительные работы | G15: =SUM(W1:W137)/1000 -> 18.66997 | I15: =(Source!P126)/1000 -> 113.59395 | K15: тыс. руб.
C16: Монтажные работы | G16: =SUM(X1:X137)/1000 -> 0 | I16: =(Source!P127)/1000 -> 0 | K16: тыс. руб.
C17: Оборудование | G17: =SUM(Y1:Y137)/1000 -> 0 | I17: =(Source!P118)/1000 -> 0 | K17: тыс. руб.
C18: Прочие работы | G18: =SUM(Z1:Z137)/1000 -> 0 | I18: =(Source!P128+Source!P129)/1000 -> 0 | K18: тыс. руб.
C19: Нормативная трудоемкость | G19: =I19 -> 260.21302 | I19: =(Source!P131+Source!P132) -> 260.21302 | K19: чел. -ч.
C20: Средства на оплату труда | G20: =SUM(R1:R137)/1000 -> 2.2324 | I20: =((Source!P124 + Source!P123)/1000) -> 13.57308 | K20: тыс. руб.
A22: Составлена в ценахIV квартал 2017 года
A23: № п/п | B23: Шифр расценки и коды ресурсов | C23: Наименование работ и затрат | D23: Ед. изм. | E23: Кол-во единиц | F23: Цена на ед. изм. | G23: Попра-вочные коэфф. | H23: Стоимость в ценах 2001г. | I23: Пункт коэфф. пересчета | J23: Коэфф. пересчета | K23: Стоимость в текущих ценах | L23: ЗТР всего чел.-час
A24: 1 | B24: 2 | C24: 3 | D24: 4 | E24: 5 | F24: 6 | G24: 7 | H24: 8 | I24: 9 | J24: 10 | K24: 11 | L24: 12
A26: =CONCATENATE("Локальная смета: ",IF(Source!G20<>"Новая локальная смета", Source!G20, "")) -> Локальная смета:
A27: =Source!E25 -> 1 | B27: =Source!F25 -> 57-3-1 | C27: =Source!G25 -> Разборка плинтусов деревянных и из пластмассовых материалов | D27: =Source!H25 -> 100 м | E27: =Source!I25 -> 0.232 | F27: =Source!AL25+Source!AM25+Source!AO25 -> 29.41 | I27: =Source!BO25 | S27: =ROUND((Source!FX25/100)*((ROUND(Source!AF25*Source!I25, 2)+ROUND(Source!AE25*Source!I25, 2))), 2) -> 5.46 | T27: =Source!X25 -> 33.18 | U27: =ROUND((Source!FY25/100)*((ROUND(Source!AF25*Source!I25, 2)+ROUND(Source!AE25*Source!I25, 2))), 2) -> 4.64 | V27: =Source!Y25 -> 28.21
C28: ="Объем: "&Source!I25&"=23,2/"&"100" -> Объем: 0,232=23,2/100
C29: Зарплата | F29: =Source!AO25 -> 29.41 | G29: =Source!DG25 | H29: =ROUND(Source!AF25*Source!I25, 2) -> 6.82 | J29: =IF(Source!BA25<> 0, Source!BA25, 1) -> 6.08 | K29: =Source!S25 -> 41.48 | R29: =H29 -> 6.82
C30: НР от ФОТ | D30: % | E30: =Source!BZ25 -> 80 | H30: =SUM(S27:S32) -> 5.46 | J30: =Source!AT25 -> 80 | K30: =SUM(T27:T32) -> 33.18
C31: СП от ФОТ | D31: % | E31: =Source!CA25 -> 68 | H31: =SUM(U27:U32) -> 4.64 | J31: =Source!AU25 -> 68 | K31: =SUM(V27:V32) -> 28.21
C32: Затраты труда | D32: чел-ч | E32: =Source!AQ25 -> 3.77 | G32: =Source!DI25 | L32: =Source!U25 -> 0.87464
G33: =H29+H30+H31 -> 16.92 | J33: =K29+K30+K31 -> 102.87 | L33: =Source!U25 -> 0.87464 | O33: =G33 -> 16.92 | P33: =J33 -> 102.87 | Q33: =L33 -> 0.87464 | W33: =IF(Source!BI25<=1,H29+H30+H31, 0) -> 16.92 | X33: =IF(Source!BI25=2,H29+H30+H31, 0) -> 0 | Y33: =IF(Source!BI25=3,H29+H30+H31, 0) -> 0 | Z33: =IF(Source!BI25=4,H29+H30+H31, 0) -> 0
A34: =Source!E27 -> 2 | B34: =Source!F27 -> 57-2-1 | C34: =Source!G27 -> Разборка покрытий полов из линолеума и релина | D34: =Source!H27 -> 100 м2 | E34: =Source!I27 -> 0.363 | F34: =Source!AL27+Source!AM27+Source!AO27 -> 92.9 | I34: =Source!BO27 | S34: =ROUND((Source!FX27/100)*((ROUND(Source!AF27*Source!I27, 2)+ROUND(Source!AE27*Source!I27, 2))), 2) -> 26.31 | T34: =Source!X27 -> 159.96 | U34: =ROUND((Source!FY27/100)*((ROUND(Source!AF27*Source!I27, 2)+ROUND(Source!AE27*Source!I27, 2))), 2) -> 22.37 | V34: =Source!Y27 -> 135.97
C35: ="Объем: "&Source!I27&"=36,3/"&"100" -> Объем: 0,363=36,3/100
C36: Зарплата | F36: =Source!AO27 -> 88.84 | G36: =Source!DG27 | H36: =ROUND(Source!AF27*Source!I27, 2) -> 32.25 | J36: =IF(Source!BA27<> 0, Source!BA27, 1) -> 6.08 | K36: =Source!S27 -> 196.07 | R36: =H36 -> 32.25
C37: Эксплуатация машин | F37: =Source!AM27 -> 4.06 | G37: =Source!DE27 | H37: =ROUND(Source!AD27*Source!I27, 2) -> 1.47 | J37: =IF(Source!BB27<> 0, Source!BB27, 1) -> 6.08 | K37: =Source!Q27 -> 8.96
C38: в т.ч. зарплата машинистов | F38: =Source!AN27 -> 1.76 | G38: =Source!DF27 | H38: =ROUND(Source!AE27*Source!I27, 2) -> 0.64 | J38: =IF(Source!BS27<> 0, Source!BS27, 1) -> 6.08 | K38: =Source!R27 -> 3.88 | R38: =H38 -> 0.64
C39: НР от ФОТ | D39: % | E39: =Source!BZ27 -> 80 | H39: =SUM(S34:S41) -> 26.31 | J39: =Source!AT27 -> 80 | K39: =SUM(T34:T41) -> 159.96
C40: СП от ФОТ | D40: % | E40: =Source!CA27 -> 68 | H40: =SUM(U34:U41) -> 22.37 | J40: =Source!AU27 -> 68 | K40: =SUM(V34:V41) -> 135.97
C41: Затраты труда | D41: чел-ч | E41: =Source!AQ27 -> 11.39 | G41: =Source!DI27 | L41: =Source!U27 -> 4.13457
G42: =H36+H37+H39+H40 -> 82.4 | J42: =K36+K37+K39+K40 -> 500.96 | L42: =Source!U27 -> 4.13457 | O42: =G42 -> 82.4 | P42: =J42 -> 500.96 | Q42: =L42 -> 4.13457 | W42: =IF(Source!BI27<=1,H36+H37+H39+H40, 0) -> 82.4 | X42: =IF(Source!BI27=2,H36+H37+H39+H40, 0) -> 0 | Y42: =IF(Source!BI27=3,H36+H37+H39+H40, 0) -> 0 | Z42: =IF(Source!BI27=4,H36+H37+H39+H40, 0) -> 0
A43: =Source!E29 -> 3 | B43: =Source!F29 -> 11-01-011-08 | C43: =Source!G29 -> Устройство стяжек из выравнивающей смеси типа "Ветонит" 5000, толщиной 5 мм | D43: =Source!H29 -> 100 м2 | E43: =Source!I29 -> 0.363 | F43: =Source!AL29+Source!AM29+Source!AO29 -> 11028.89 | I43: =Source!BO29 | S43: =ROUND((Source!FX29/100)*((ROUND(Source!AF29*Source!I29, 2)+ROUND(Source!AE29*Source!I29, 2))), 2) -> 149.48 | T43: =Source!X29 -> 911.31 | U43: =ROUND((Source!FY29/100)*((ROUND(Source!AF29*Source!I29, 2)+ROUND(Source!AE29*Source!I29, 2))), 2) -> 86.08 | V43: =Source!Y29 -> 525.44
C44: ="Объем: "&Source!I29&"=36,3/"&"100" -> Объем: 0,363=36,3/100
C45: Зарплата | F45: =Source!AO29 -> 321.33 | G45: =Source!DG29 -> )*1,15 | H45: =ROUND(Source!AF29*Source!I29, 2) -> 134.14 | J45: =IF(Source!BA29<> 0, Source!BA29, 1) -> 6.08 | K45: =Source!S29 -> 815.57 | R45: =H45 -> 134.14
C46: Эксплуатация машин | F46: =Source!AM29 -> 6.23 | G46: =Source!DE29 -> )*1,25 | H46: =ROUND(Source!AD29*Source!I29, 2) -> 2.83 | J46: =IF(Source!BB29<> 0, Source!BB29, 1) -> 6.08 | K46: =Source!Q29 -> 17.19
C47: в т.ч. зарплата машинистов | F47: =Source!AN29 -> 1.97 | G47: =Source!DF29 -> )*1,25 | H47: =ROUND(Source!AE29*Source!I29, 2) -> 0.89 | J47: =IF(Source!BS29<> 0, Source!BS29, 1) -> 6.08 | K47: =Source!R29 -> 5.43 | R47: =H47 -> 0.89
C48: Материальные ресурсы | F48: =Source!AL29 -> 10701.33 | G48: =Source!DD29 | H48: =ROUND(Source!AC29*Source!I29, 2) -> 3884.58 | J48: =IF(Source!BC29<> 0, Source!BC29, 1) -> 6.08 | K48: =Source!P29 -> 23618.26
C49: НР от ФОТ | D49: % | E49: =Source!BZ29 -> 123 | F49: =CONCATENATE(" )", Source!DL29, Source!FT29, "=", Source!FX29) -> )*0,9=110,7 | H49: =SUM(S43:S51) -> 149.48 | J49: =Source!AT29 -> 111 | K49: =SUM(T43:T51) -> 911.31
C50: СП от ФОТ | D50: % | E50: =Source!CA29 -> 75 | F50: =CONCATENATE(" )", Source!DM29, Source!FU29, "=", Source!FY29) -> )*0,85=63,75 | H50: =SUM(U43:U51) -> 86.08 | J50: =Source!AU29 -> 64 | K50: =SUM(V43:V51) -> 525.44
C51: Затраты труда | D51: чел-ч | E51: =Source!AQ29 -> 37.67 | G51: =Source!DI29 -> )*1,15 | L51: =Source!U29 -> 15.725341
G52: =H45+H46+H48+H49+H50 -> 4257.11 | J52: =K45+K46+K48+K49+K50 -> 25887.77 | L52: =Source!U29 -> 15.725341 | O52: =G52 -> 4257.11 | P52: =J52 -> 25887.77 | Q52: =L52 -> 15.725341 | W52: =IF(Source!BI29<=1,H45+H46+H48+H49+H50, 0) -> 4257.11 | X52: =IF(Source!BI29=2,H45+H46+H48+H49+H50, 0) -> 0 | Y52: =IF(Source!BI29=3,H45+H46+H48+H49+H50, 0) -> 0 | Z52: =IF(Source!BI29=4,H45+H46+H48+H49+H50, 0) -> 0
A53: =Source!E31 -> 4 | B53: =Source!F31 -> 11-01-011-10 | C53: =Source!G31 -> Устройство стяжек на каждый последующий слой толщиной 1 мм добавлять к расценке 11-01-011-08 | D53: =Source!H31 -> 100 м2 | E53: =Source!I31 -> 0.363 | F53: =Source!AL31+Source!AM31+Source!AO31 -> 2070.6 | I53: =Source!BO31 | S53: =ROUND((Source!FX31/100)*((ROUND(Source!AF31*Source!I31, 2)+ROUND(Source!AE31*Source!I31, 2))), 2) -> 48.56 | T53: =Source!X31 -> 296.1 | U53: =ROUND((Source!FY31/100)*((ROUND(Source!AF31*Source!I31, 2)+ROUND(Source!AE31*Source!I31, 2))), 2) -> 27.97 | V53: =Source!Y31 -> 170.73
C54: ="Объем: "&Source!I31&"=36,3/"&"100" -> Объем: 0,363=36,3/100
C55: Зарплата | F55: =Source!AO31 -> 20.64 | G55: =Source!DG31 -> *5)*1,15 | H55: =ROUND(Source!AF31*Source!I31, 2) -> 43.08 | J55: =IF(Source!BA31<> 0, Source!BA31, 1) -> 6.08 | K55: =Source!S31 -> 261.93 | R55: =H55 -> 43.08
C56: Эксплуатация машин | F56: =Source!AM31 -> 1.21 | G56: =Source!DE31 -> *5)*1,25 | H56: =ROUND(Source!AD31*Source!I31, 2) -> 2.75 | J56: =IF(Source!BB31<> 0, Source!BB31, 1) -> 6.08 | K56: =Source!Q31 -> 16.69
C57: в т.ч. зарплата машинистов | F57: =Source!AN31 -> 0.35 | G57: =Source!DF31 -> *5)*1,25 | H57: =ROUND(Source!AE31*Source!I31, 2) -> 0.79 | J57: =IF(Source!BS31<> 0, Source!BS31, 1) -> 6.08 | K57: =Source!R31 -> 4.83 | R57: =H57 -> 0.79
C58: Материальные ресурсы | F58: =Source!AL31 -> 2048.75 | G58: =Source!DD31 -> *5 | H58: =ROUND(Source!AC31*Source!I31, 2) -> 3718.48 | J58: =IF(Source!BC31<> 0, Source!BC31, 1) -> 6.08 | K58: =Source!P31 -> 22608.37
C59: НР от ФОТ | D59: % | E59: =Source!BZ31 -> 123 | F59: =CONCATENATE(" )", Source!DL31, Source!FT31, "=", Source!FX31) -> )*0,9=110,7 | H59: =SUM(S53:S61) -> 48.56 | J59: =Source!AT31 -> 111 | K59: =SUM(T53:T61) -> 296.1
C60: СП от ФОТ | D60: % | E60: =Source!CA31 -> 75 | F60: =CONCATENATE(" )", Source!DM31, Source!FU31, "=", Source!FY31) -> )*0,85=63,75 | H60: =SUM(U53:U61) -> 27.97 | J60: =Source!AU31 -> 64 | K60: =SUM(V53:V61) -> 170.73
C61: Затраты труда | D61: чел-ч | E61: =Source!AQ31 -> 2.42 | G61: =Source!DI31 -> *5)*1,15 | L61: =Source!U31 -> 5.051145
G62: =H55+H56+H58+H59+H60 -> 3840.84 | J62: =K55+K56+K58+K59+K60 -> 23353.82 | L62: =Source!U31 -> 5.051145 | O62: =G62 -> 3840.84 | P62: =J62 -> 23353.82 | Q62: =L62 -> 5.051145 | W62: =IF(Source!BI31<=1,H55+H56+H58+H59+H60, 0) -> 3840.84 | X62: =IF(Source!BI31=2,H55+H56+H58+H59+H60, 0) -> 0 | Y62: =IF(Source!BI31=3,H55+H56+H58+H59+H60, 0) -> 0 | Z62: =IF(Source!BI31=4,H55+H56+H58+H59+H60, 0) -> 0
A63: =Source!E33 -> 5 | B63: =Source!F33 -> 11-01-036-01 | C63: =Source!G33 -> Устройство покрытий из линолеума на клее | D63: =Source!H33 -> 100 м2 | E63: =Source!I33 -> 0.363 | F63: =Source!AL33+Source!AM33+Source!AO33 -> 397.05 | I63: =Source!BO33 | S63: =ROUND((Source!FX33/100)*((ROUND(Source!AF33*Source!I33, 2)+ROUND(Source!AE33*Source!I33, 2))), 2) -> 168.11 | T63: =Source!X33 -> 1024.89 | U63: =ROUND((Source!FY33/100)*((ROUND(Source!AF33*Source!I33, 2)+ROUND(Source!AE33*Source!I33, 2))), 2) -> 96.81 | V63: =Source!Y33 -> 590.92
C64: ="Объем: "&Source!I33&"=36,3/"&"100" -> Объем: 0,363=36,3/100
C65: Зарплата | F65: =Source!AO33 -> 352.34 | G65: =Source!DG33 -> )*1,15 | H65: =ROUND(Source!AF33*Source!I33, 2) -> 147.08 | J65: =IF(Source!BA33<> 0, Source!BA33, 1) -> 6.08 | K65: =Source!S33 -> 894.27 | R65: =H65 -> 147.08
C66: Эксплуатация машин | F66: =Source!AM33 -> 43.8 | G66: =Source!DE33 -> )*1,25 | H66: =ROUND(Source!AD33*Source!I33, 2) -> 19.87 | J66: =IF(Source!BB33<> 0, Source!BB33, 1) -> 6.08 | K66: =Source!Q33 -> 120.84
C67: в т.ч. зарплата машинистов | F67: =Source!AN33 -> 10.53 | G67: =Source!DF33 -> )*1,25 | H67: =ROUND(Source!AE33*Source!I33, 2) -> 4.78 | J67: =IF(Source!BS33<> 0, Source!BS33, 1) -> 6.08 | K67: =Source!R33 -> 29.05 | R67: =H67 -> 4.78
C68: Материальные ресурсы | F68: =Source!AL33 -> 0.91 | G68: =Source!DD33 | H68: =ROUND(Source!AC33*Source!I33, 2) -> 0.33 | J68: =IF(Source!BC33<> 0, Source!BC33, 1) -> 6.08 | K68: =Source!P33 -> 2.01
C69: НР от ФОТ | D69: % | E69: =Source!BZ33 -> 123 | F69: =CONCATENATE(" )", Source!DL33, Source!FT33, "=", Source!FX33) -> )*0,9=110,7 | H69: =SUM(S63:S74) -> 168.11 | J69: =Source!AT33 -> 111 | K69: =SUM(T63:T74) -> 1024.89
C70: СП от ФОТ | D70: % | E70: =Source!CA33 -> 75 | F70: =CONCATENATE(" )", Source!DM33, Source!FU33, "=", Source!FY33) -> )*0,85=63,75 | H70: =SUM(U63:U74) -> 96.81 | J70: =Source!AU33 -> 64 | K70: =SUM(V63:V74) -> 590.92
C71: Затраты труда | D71: чел-ч | E71: =Source!AQ33 -> 42.4 | G71: =Source!DI33 -> )*1,15 | L71: =Source!U33 -> 17.69988
A72: =Source!E35 -> 5,1 | B72: =Source!F35 -> 01.6.03.04 | C72: =Source!G35 -> Линолеум на теплозвукоизолирующей подоснове | D72: =Source!H35 -> м2 | E72: =Source!I35 -> 37.026 | F72: =Source!AL35+Source!AM35+Source!AO35 -> 0 | H72: =ROUND(Source!AC35*Source!I35, 2)+ROUND(Source!AD35*Source!I35, 2)+ROUND(Source!AF35*Source!I35, 2) -> 0 | J72: =IF(Source!BC35<> 0, Source!BC35, 1) -> 6.08 | K72: =Source!O35 -> 0 | S72: =ROUND((Source!FX35/100)*((ROUND(Source!AF35*Source!I35, 2)+ROUND(Source!AE35*Source!I35, 2))), 2) -> 0 | T72: =Source!X35 -> 0 | U72: =ROUND((Source!FY35/100)*((ROUND(Source!AF35*Source!I35, 2)+ROUND(Source!AE35*Source!I35, 2))), 2) -> 0 | V72: =Source!Y35 -> 0 | W72: =IF(Source!BI35<=1,H72, 0) -> 0 | X72: =IF(Source!BI35=2,H72, 0) -> 0 | Y72: =IF(Source!BI35=3,H72, 0) -> 0 | Z72: =IF(Source!BI35=4,H72, 0) -> 0
A73: =Source!E37 -> 5,2 | B73: =Source!F37 -> 01.6.03.04-0112 | C73: =Source!G37 -> Линолеум коммерческий гомогенный "ТАРКЕТТ iQ MONOLIT" (толщина 2 мм, класс 34/43, пож. безопасность Г1, В2, РП1, Д2, Т2) | D73: =Source!H37 -> м2 | E73: =Source!I37 -> 37.026 | F73: =Source!AL37+Source!AM37+Source!AO37 -> 71.47 | H73: =ROUND(Source!AC37*Source!I37, 2)+ROUND(Source!AD37*Source!I37, 2)+ROUND(Source!AF37*Source!I37, 2) -> 2646.25 | J73: =IF(Source!BC37<> 0, Source!BC37, 1) -> 6.08 | K73: =Source!O37 -> 16089.19 | S73: =ROUND((Source!FX37/100)*((ROUND(Source!AF37*Source!I37, 2)+ROUND(Source!AE37*Source!I37, 2))), 2) -> 0 | T73: =Source!X37 -> 0 | U73: =ROUND((Source!FY37/100)*((ROUND(Source!AF37*Source!I37, 2)+ROUND(Source!AE37*Source!I37, 2))), 2) -> 0 | V73: =Source!Y37 -> 0 | W73: =IF(Source!BI37<=1,H73, 0) -> 2646.25 | X73: =IF(Source!BI37=2,H73, 0) -> 0 | Y73: =IF(Source!BI37=3,H73, 0) -> 0 | Z73: =IF(Source!BI37=4,H73, 0) -> 0
A74: =Source!E39 -> 5,3 | B74: =Source!F39 -> 14.1.02.04-0101 | C74: =Source!G39 -> Клей «Бустилат» | D74: =Source!H39 -> т | E74: =Source!I39 -> 0.01815 | F74: =Source!AL39+Source!AM39+Source!AO39 -> 11300 | H74: =ROUND(Source!AC39*Source!I39, 2)+ROUND(Source!AD39*Source!I39, 2)+ROUND(Source!AF39*Source!I39, 2) -> 205.1 | J74: =IF(Source!BC39<> 0, Source!BC39, 1) -> 6.08 | K74: =Source!O39 -> 1246.98 | S74: =ROUND((Source!FX39/100)*((ROUND(Source!AF39*Source!I39, 2)+ROUND(Source!AE39*Source!I39, 2))), 2) -> 0 | T74: =Source!X39 -> 0 | U74: =ROUND((Source!FY39/100)*((ROUND(Source!AF39*Source!I39, 2)+ROUND(Source!AE39*Source!I39, 2))), 2) -> 0 | V74: =Source!Y39 -> 0 | W74: =IF(Source!BI39<=1,H74, 0) -> 205.1 | X74: =IF(Source!BI39=2,H74, 0) -> 0 | Y74: =IF(Source!BI39=3,H74, 0) -> 0 | Z74: =IF(Source!BI39=4,H74, 0) -> 0
G75: =H65+H66+H68+H69+H70+SUM(H72:H74) -> 3283.55 | J75: =K65+K66+K68+K69+K70+SUM(K72:K74) -> 19969.1 | L75: =Source!U33 -> 17.69988 | O75: =G75 -> 3283.55 | P75: =J75 -> 19969.1 | Q75: =L75 -> 17.69988 | W75: =IF(Source!BI33<=1,H65+H66+H68+H69+H70, 0) -> 432.2 | X75: =IF(Source!BI33=2,H65+H66+H68+H69+H70, 0) -> 0 | Y75: =IF(Source!BI33=3,H65+H66+H68+H69+H70, 0) -> 0 | Z75: =IF(Source!BI33=4,H65+H66+H68+H69+H70, 0) -> 0
A76: =Source!E41 -> 6 | B76: =Source!F41 -> 11-01-040-03 | C76: =Source!G41 -> Устройство плинтусов поливинилхлоридных на винтах самонарезающих | D76: =Source!H41 -> 100 м | E76: =Source!I41 -> 0.232 | F76: =Source!AL41+Source!AM41+Source!AO41 -> 137.09 | I76: =Source!BO41 | S76: =ROUND((Source!FX41/100)*((ROUND(Source!AF41*Source!I41, 2)+ROUND(Source!AE41*Source!I41, 2))), 2) -> 18.24 | T76: =Source!X41 -> 111.23 | U76: =ROUND((Source!FY41/100)*((ROUND(Source!AF41*Source!I41, 2)+ROUND(Source!AE41*Source!I41, 2))), 2) -> 10.51 | V76: =Source!Y41 -> 64.13
C77: ="Объем: "&Source!I41&"=23,2/"&"100" -> Объем: 0,232=23,2/100
C78: Зарплата | F78: =Source!AO41 -> 61.32 | G78: =Source!DG41 -> )*1,15 | H78: =ROUND(Source!AF41*Source!I41, 2) -> 16.36 | J78: =IF(Source!BA41<> 0, Source!BA41, 1) -> 6.08 | K78: =Source!S41 -> 99.47 | R78: =H78 -> 16.36
C79: Эксплуатация машин | F79: =Source!AM41 -> 2.13 | G79: =Source!DE41 -> )*1,25 | H79: =ROUND(Source!AD41*Source!I41, 2) -> 0.62 | J79: =IF(Source!BB41<> 0, Source!BB41, 1) -> 6.08 | K79: =Source!Q41 -> 3.76
C80: в т.ч. зарплата машинистов | F80: =Source!AN41 -> 0.42 | G80: =Source!DF41 -> )*1,25 | H80: =ROUND(Source!AE41*Source!I41, 2) -> 0.12 | J80: =IF(Source!BS41<> 0, Source!BS41, 1) -> 6.08 | K80: =Source!R41 -> 0.74 | R80: =H80 -> 0.12
C81: Материальные ресурсы | F81: =Source!AL41 -> 73.64 | G81: =Source!DD41 | H81: =ROUND(Source!AC41*Source!I41, 2) -> 17.08 | J81: =IF(Source!BC41<> 0, Source!BC41, 1) -> 6.08 | K81: =Source!P41 -> 103.87
C82: НР от ФОТ | D82: % | E82: =Source!BZ41 -> 123 | F82: =CONCATENATE(" )", Source!DL41, Source!FT41, "=", Source!FX41) -> )*0,9=110,7 | H82: =SUM(S76:S90) -> 18.24 | J82: =Source!AT41 -> 111 | K82: =SUM(T76:T90) -> 111.23
C83: СП от ФОТ | D83: % | E83: =Source!CA41 -> 75 | F83: =CONCATENATE(" )", Source!DM41, Source!FU41, "=", Source!FY41) -> )*0,85=63,75 | H83: =SUM(U76:U90) -> 10.51 | J83: =Source!AU41 -> 64 | K83: =SUM(V76:V90) -> 64.13
C84: Затраты труда | D84: чел-ч | E84: =Source!AQ41 -> 6.68 | G84: =Source!DI41 -> )*1,15 | L84: =Source!U41 -> 1.782224
A85: =Source!E43 -> 6,1 | B85: =Source!F43 -> 11.3.03.14-0002 | C85: =Source!G43 -> Заглушка торцевая для пластикового плинтуса левая, высота 49 мм | D85: =Source!H43 -> 100 шт. | E85: =Source!I43 -> 0.02 | F85: =Source!AL43+Source!AM43+Source!AO43 -> 101 | H85: =ROUND(Source!AC43*Source!I43, 2)+ROUND(Source!AD43*Source!I43, 2)+ROUND(Source!AF43*Source!I43, 2) -> 2.02 | J85: =IF(Source!BC43<> 0, Source!BC43, 1) -> 6.08 | K85: =Source!O43 -> 12.28 | S85: =ROUND((Source!FX43/100)*((ROUND(Source!AF43*Source!I43, 2)+ROUND(Source!AE43*Source!I43, 2))), 2) -> 0 | T85: =Source!X43 -> 0 | U85: =ROUND((Source!FY43/100)*((ROUND(Source!AF43*Source!I43, 2)+ROUND(Source!AE43*Source!I43, 2))), 2) -> 0 | V85: =Source!Y43 -> 0 | W85: =IF(Source!BI43<=1,H85, 0) -> 2.02 | X85: =IF(Source!BI43=2,H85, 0) -> 0 | Y85: =IF(Source!BI43=3,H85, 0) -> 0 | Z85: =IF(Source!BI43=4,H85, 0) -> 0
A86: =Source!E45 -> 6,2 | B86: =Source!F45 -> 11.3.03.06-0001 | C86: =Source!G45 -> Плинтуса для полов пластиковые, 19х48 мм | D86: =Source!H45 -> м | E86: =Source!I45 -> 23.432 | F86: =Source!AL45+Source!AM45+Source!AO45 -> 12.3 | H86: =ROUND(Source!AC45*Source!I45, 2)+ROUND(Source!AD45*Source!I45, 2)+ROUND(Source!AF45*Source!I45, 2) -> 288.21 | J86: =IF(Source!BC45<> 0, Source!BC45, 1) -> 6.08 | K86: =Source!O45 -> 1752.34 | S86: =ROUND((Source!FX45/100)*((ROUND(Source!AF45*Source!I45, 2)+ROUND(Source!AE45*Source!I45, 2))), 2) -> 0 | T86: =Source!X45 -> 0 | U86: =ROUND((Source!FY45/100)*((ROUND(Source!AF45*Source!I45, 2)+ROUND(Source!AE45*Source!I45, 2))), 2) -> 0 | V86: =Source!Y45 -> 0 | W86: =IF(Source!BI45<=1,H86, 0) -> 288.21 | X86: =IF(Source!BI45=2,H86, 0) -> 0 | Y86: =IF(Source!BI45=3,H86, 0) -> 0 | Z86: =IF(Source!BI45=4,H86, 0) -> 0
A87: =Source!E47 -> 6,3 | B87: =Source!F47 -> 11.3.03.14-0012 | C87: =Source!G47 -> Заглушки торцевая для пластикового плинтуса правая, высота 49 мм | D87: =Source!H47 -> 100 шт. | E87: =Source!I47 -> 0.02 | F87: =Source!AL47+Source!AM47+Source!AO47 -> 101 | H87: =ROUND(Source!AC47*Source!I47, 2)+ROUND(Source!AD47*Source!I47, 2)+ROUND(Source!AF47*Source!I47, 2) -> 2.02 | J87: =IF(Source!BC47<> 0, Source!BC47, 1) -> 6.08 | K87: =Source!O47 -> 12.28 | S87: =ROUND((Source!FX47/100)*((ROUND(Source!AF47*Source!I47, 2)+ROUND(Source!AE47*Source!I47, 2))), 2) -> 0 | T87: =Source!X47 -> 0 | U87: =ROUND((Source!FY47/100)*((ROUND(Source!AF47*Source!I47, 2)+ROUND(Source!AE47*Source!I47, 2))), 2) -> 0 | V87: =Source!Y47 -> 0 | W87: =IF(Source!BI47<=1,H87, 0) -> 2.02 | X87: =IF(Source!BI47=2,H87, 0) -> 0 | Y87: =IF(Source!BI47=3,H87, 0) -> 0 | Z87: =IF(Source!BI47=4,H87, 0) -> 0
A88: =Source!E49 -> 6,4 | B88: =Source!F49 -> 11.3.03.14-0022 | C88: =Source!G49 -> Соединитель для пластикового плинтуса, высота 49 мм | D88: =Source!H49 -> 100 шт. | E88: =Source!I49 -> 0.01 | F88: =Source!AL49+Source!AM49+Source!AO49 -> 128 | H88: =ROUND(Source!AC49*Source!I49, 2)+ROUND(Source!AD49*Source!I49, 2)+ROUND(Source!AF49*Source!I49, 2) -> 1.28 | J88: =IF(Source!BC49<> 0, Source!BC49, 1) -> 6.08 | K88: =Source!O49 -> 7.78 | S88: =ROUND((Source!FX49/100)*((ROUND(Source!AF49*Source!I49, 2)+ROUND(Source!AE49*Source!I49, 2))), 2) -> 0 | T88: =Source!X49 -> 0 | U88: =ROUND((Source!FY49/100)*((ROUND(Source!AF49*Source!I49, 2)+ROUND(Source!AE49*Source!I49, 2))), 2) -> 0 | V88: =Source!Y49 -> 0 | W88: =IF(Source!BI49<=1,H88, 0) -> 1.28 | X88: =IF(Source!BI49=2,H88, 0) -> 0 | Y88: =IF(Source!BI49=3,H88, 0) -> 0 | Z88: =IF(Source!BI49=4,H88, 0) -> 0
A89: =Source!E51 -> 6,5 | B89: =Source!F51 -> 11.3.03.14-0032 | C89: =Source!G51 -> Уголок внутренний для пластикового плинтуса, высота 49 мм | D89: =Source!H51 -> 100 шт. | E89: =Source!I51 -> 0.02 | F89: =Source!AL51+Source!AM51+Source!AO51 -> 128 | H89: =ROUND(Source!AC51*Source!I51, 2)+ROUND(Source!AD51*Source!I51, 2)+ROUND(Source!AF51*Source!I51, 2) -> 2.56 | J89: =IF(Source!BC51<> 0, Source!BC51, 1) -> 6.08 | K89: =Source!O51 -> 15.56 | S89: =ROUND((Source!FX51/100)*((ROUND(Source!AF51*Source!I51, 2)+ROUND(Source!AE51*Source!I51, 2))), 2) -> 0 | T89: =Source!X51 -> 0 | U89: =ROUND((Source!FY51/100)*((ROUND(Source!AF51*Source!I51, 2)+ROUND(Source!AE51*Source!I51, 2))), 2) -> 0 | V89: =Source!Y51 -> 0 | W89: =IF(Source!BI51<=1,H89, 0) -> 2.56 | X89: =IF(Source!BI51=2,H89, 0) -> 0 | Y89: =IF(Source!BI51=3,H89, 0) -> 0 | Z89: =IF(Source!BI51=4,H89, 0) -> 0
A90: =Source!E53 -> 6,6 | B90: =Source!F53 -> 11.3.03.14-0034 | C90: =Source!G53 -> Уголок наружный для пластикового плинтуса, высота 49 мм | D90: =Source!H53 -> 100 шт. | E90: =Source!I53 -> 0.02 | F90: =Source!AL53+Source!AM53+Source!AO53 -> 128 | H90: =ROUND(Source!AC53*Source!I53, 2)+ROUND(Source!AD53*Source!I53, 2)+ROUND(Source!AF53*Source!I53, 2) -> 2.56 | J90: =IF(Source!BC53<> 0, Source!BC53, 1) -> 6.08 | K90: =Source!O53 -> 15.56 | S90: =ROUND((Source!FX53/100)*((ROUND(Source!AF53*Source!I53, 2)+ROUND(Source!AE53*Source!I53, 2))), 2) -> 0 | T90: =Source!X53 -> 0 | U90: =ROUND((Source!FY53/100)*((ROUND(Source!AF53*Source!I53, 2)+ROUND(Source!AE53*Source!I53, 2))), 2) -> 0 | V90: =Source!Y53 -> 0 | W90: =IF(Source!BI53<=1,H90, 0) -> 2.56 | X90: =IF(Source!BI53=2,H90, 0) -> 0 | Y90: =IF(Source!BI53=3,H90, 0) -> 0 | Z90: =IF(Source!BI53=4,H90, 0) -> 0
G91: =H78+H79+H81+H82+H83+SUM(H85:H90) -> 361.46 | J91: =K78+K79+K81+K82+K83+SUM(K85:K90) -> 2198.26 | L91: =Source!U41 -> 1.782224 | O91: =G91 -> 361.46 | P91: =J91 -> 2198.26 | Q91: =L91 -> 1.782224 | W91: =IF(Source!BI41<=1,H78+H79+H81+H82+H83, 0) -> 62.81 | X91: =IF(Source!BI41=2,H78+H79+H81+H82+H83, 0) -> 0 | Y91: =IF(Source!BI41=3,H78+H79+H81+H82+H83, 0) -> 0 | Z91: =IF(Source!BI41=4,H78+H79+H81+H82+H83, 0) -> 0
A92: =Source!E55 -> 7 | B92: =Source!F55 -> 13-06-003-01 | C92: =Source!G55 -> Очистка поверхности щетками стен и потолка от красок | D92: =Source!H55 -> м2 | E92: =Source!I55 -> 114.5 | F92: =Source!AL55+Source!AM55+Source!AO55 -> 7.68 | I92: =Source!BO55 | S92: =ROUND((Source!FX55/100)*((ROUND(Source!AF55*Source!I55, 2)+ROUND(Source!AE55*Source!I55, 2))), 2) -> 819.12 | T92: =Source!X55 -> 4980.28 | U92: =ROUND((Source!FY55/100)*((ROUND(Source!AF55*Source!I55, 2)+ROUND(Source!AE55*Source!I55, 2))), 2) -> 601.7 | V92: =Source!Y55 -> 3689.09
C93: Зарплата | F93: =Source!AO55 -> 7.68 | G93: =Source!DG55 -> )*1,15 | H93: =ROUND(Source!AF55*Source!I55, 2) -> 1011.26 | J93: =IF(Source!BA55<> 0, Source!BA55, 1) -> 6.08 | K93: =Source!S55 -> 6148.49 | R93: =H93 -> 1011.26
C94: НР от ФОТ | D94: % | E94: =Source!BZ55 -> 90 | F94: =CONCATENATE(" )", Source!DL55, Source!FT55, "=", Source!FX55) -> )*0,9=81 | H94: =SUM(S92:S96) -> 819.12 | J94: =Source!AT55 -> 81 | K94: =SUM(T92:T96) -> 4980.28
C95: СП от ФОТ | D95: % | E95: =Source!CA55 -> 70 | F95: =CONCATENATE(" )", Source!DM55, Source!FU55, "=", Source!FY55) -> )*0,85=59,5 | H95: =SUM(U92:U96) -> 601.7 | J95: =Source!AU55 -> 60 | K95: =SUM(V92:V96) -> 3689.09
C96: Затраты труда | D96: чел-ч | E96: =Source!AQ55 -> 0.9 | G96: =Source!DI55 -> )*1,15 | L96: =Source!U55 -> 118.5075
G97: =H93+H94+H95 -> 2432.08 | J97: =K93+K94+K95 -> 14817.86 | L97: =Source!U55 -> 118.5075 | O97: =G97 -> 2432.08 | P97: =J97 -> 14817.86 | Q97: =L97 -> 118.5075 | W97: =IF(Source!BI55<=1,H93+H94+H95, 0) -> 2432.08 | X97: =IF(Source!BI55=2,H93+H94+H95, 0) -> 0 | Y97: =IF(Source!BI55=3,H93+H94+H95, 0) -> 0 | Z97: =IF(Source!BI55=4,H93+H94+H95, 0) -> 0
A98: =Source!E57 -> 8 | B98: =Source!F57 -> 15-02-019-03 | C98: =Source!G57 -> Сплошное выравнивание внутренних поверхностей (однослойное оштукатуривание) из сухих растворных смесей толщиной до 10 мм стен | D98: =Source!H57 -> 100 м2 | E98: =Source!I57 -> 0.782 | F98: =Source!AL57+Source!AM57+Source!AO57 -> 295.41 | I98: =Source!BO57 | S98: =ROUND((Source!FX57/100)*((ROUND(Source!AF57*Source!I57, 2)+ROUND(Source!AE57*Source!I57, 2))), 2) -> 244.83 | T98: =Source!X57 -> 1496.48 | U98: =ROUND((Source!FY57/100)*((ROUND(Source!AF57*Source!I57, 2)+ROUND(Source!AE57*Source!I57, 2))), 2) -> 121.12 | V98: =Source!Y57 -> 740.36
C99: ="Объем: "&Source!I57&"=78,2/"&"100" -> Объем: 0,782=78,2/100
C100: Зарплата | F100: =Source!AO57 -> 277.14 | G100: =Source!DG57 -> )*1,15 | H100: =ROUND(Source!AF57*Source!I57, 2) -> 249.23 | J100: =IF(Source!BA57<> 0, Source!BA57, 1) -> 6.08 | K100: =Source!S57 -> 1515.33 | R100: =H100 -> 249.23
C101: Эксплуатация машин | F101: =Source!AM57 -> 17.03 | G101: =Source!DE57 -> )*1,25 | H101: =ROUND(Source!AD57*Source!I57, 2) -> 16.65 | J101: =IF(Source!BB57<> 0, Source!BB57, 1) -> 6.08 | K101: =Source!Q57 -> 101.21
C102: в т.ч. зарплата машинистов | F102: =Source!AN57 -> 10.08 | G102: =Source!DF57 -> )*1,25 | H102: =ROUND(Source!AE57*Source!I57, 2) -> 9.85 | J102: =IF(Source!BS57<> 0, Source!BS57, 1) -> 6.08 | K102: =Source!R57 -> 59.91 | R102: =H102 -> 9.85
C103: Материальные ресурсы | F103: =Source!AL57 -> 1.24 | G103: =Source!DD57 | H103: =ROUND(Source!AC57*Source!I57, 2) -> 0.97 | J103: =IF(Source!BC57<> 0, Source!BC57, 1) -> 6.08 | K103: =Source!P57 -> 5.9
C104: НР от ФОТ | D104: % | E104: =Source!BZ57 -> 105 | F104: =CONCATENATE(" )", Source!DL57, Source!FT57, "=", Source!FX57) -> )*0,9=94,5 | H104: =SUM(S98:S109) -> 244.83 | J104: =Source!AT57 -> 95 | K104: =SUM(T98:T109) -> 1496.48
C105: СП от ФОТ | D105: % | E105: =Source!CA57 -> 55 | F105: =CONCATENATE(" )", Source!DM57, Source!FU57, "=", Source!FY57) -> )*0,85=46,75 | H105: =SUM(U98:U109) -> 121.12 | J105: =Source!AU57 -> 47 | K105: =SUM(V98:V109) -> 740.36
C106: Затраты труда | D106: чел-ч | E106: =Source!AQ57 -> 32.49 | G106: =Source!DI57 -> )*1,15 | L106: =Source!U57 -> 29.218257
A107: =Source!E59 -> 8,1 | B107: =Source!F59 -> 04.3.02.09 | C107: =Source!G59 -> Смеси на цементной основе | D107: =Source!H59 -> т | E107: =Source!I59 -> 0.6647 | F107: =Source!AL59+Source!AM59+Source!AO59 -> 0 | H107: =ROUND(Source!AC59*Source!I59, 2)+ROUND(Source!AD59*Source!I59, 2)+ROUND(Source!AF59*Source!I59, 2) -> 0 | J107: =IF(Source!BC59<> 0, Source!BC59, 1) -> 6.08 | K107: =Source!O59 -> 0 | S107: =ROUND((Source!FX59/100)*((ROUND(Source!AF59*Source!I59, 2)+ROUND(Source!AE59*Source!I59, 2))), 2) -> 0 | T107: =Source!X59 -> 0 | U107: =ROUND((Source!FY59/100)*((ROUND(Source!AF59*Source!I59, 2)+ROUND(Source!AE59*Source!I59, 2))), 2) -> 0 | V107: =Source!Y59 -> 0 | W107: =IF(Source!BI59<=1,H107, 0) -> 0 | X107: =IF(Source!BI59=2,H107, 0) -> 0 | Y107: =IF(Source!BI59=3,H107, 0) -> 0 | Z107: =IF(Source!BI59=4,H107, 0) -> 0
A108: =Source!E61 -> 8,2 | B108: =Source!F61 -> 04.3.02.12-0002 | C108: =Source!G61 -> Смесь сухая штукатурная цементно-известково-песчаная "БИРСС 15" (марка М100) | D108: =Source!H61 -> т | E108: =Source!I61 -> 0.6647 | F108: =Source!AL61+Source!AM61+Source!AO61 -> 931.37 | H108: =ROUND(Source!AC61*Source!I61, 2)+ROUND(Source!AD61*Source!I61, 2)+ROUND(Source!AF61*Source!I61, 2) -> 619.08 | J108: =IF(Source!BC61<> 0, Source!BC61, 1) -> 6.08 | K108: =Source!O61 -> 3764.02 | S108: =ROUND((Source!FX61/100)*((ROUND(Source!AF61*Source!I61, 2)+ROUND(Source!AE61*Source!I61, 2))), 2) -> 0 | T108: =Source!X61 -> 0 | U108: =ROUND((Source!FY61/100)*((ROUND(Source!AF61*Source!I61, 2)+ROUND(Source!AE61*Source!I61, 2))), 2) -> 0 | V108: =Source!Y61 -> 0 | W108: =IF(Source!BI61<=1,H108, 0) -> 619.08 | X108: =IF(Source!BI61=2,H108, 0) -> 0 | Y108: =IF(Source!BI61=3,H108, 0) -> 0 | Z108: =IF(Source!BI61=4,H108, 0) -> 0
A109: =Source!E63 -> 8,3 | B109: =Source!F63 -> 14.3.01.02-0102 | C109: =Source!G63 -> Грунтовка: водно-дисперсионная "БИРСС Бетон-контакт" | D109: =Source!H63 -> т | E109: =Source!I63 -> 0.0156 | F109: =Source!AL63+Source!AM63+Source!AO63 -> 18390.16 | H109: =ROUND(Source!AC63*Source!I63, 2)+ROUND(Source!AD63*Source!I63, 2)+ROUND(Source!AF63*Source!I63, 2) -> 286.89 | J109: =IF(Source!BC63<> 0, Source!BC63, 1) -> 6.08 | K109: =Source!O63 -> 1744.27 | S109: =ROUND((Source!FX63/100)*((ROUND(Source!AF63*Source!I63, 2)+ROUND(Source!AE63*Source!I63, 2))), 2) -> 0 | T109: =Source!X63 -> 0 | U109: =ROUND((Source!FY63/100)*((ROUND(Source!AF63*Source!I63, 2)+ROUND(Source!AE63*Source!I63, 2))), 2) -> 0 | V109: =Source!Y63 -> 0 | W109: =IF(Source!BI63<=1,H109, 0) -> 286.89 | X109: =IF(Source!BI63=2,H109, 0) -> 0 | Y109: =IF(Source!BI63=3,H109, 0) -> 0 | Z109: =IF(Source!BI63=4,H109, 0) -> 0
G110: =H100+H101+H103+H104+H105+SUM(H107:H109) -> 1538.77 | J110: =K100+K101+K103+K104+K105+SUM(K107:K109) -> 9367.57 | L110: =Source!U57 -> 29.218257 | O110: =G110 -> 1538.77 | P110: =J110 -> 9367.57 | Q110: =L110 -> 29.218257 | W110: =IF(Source!BI57<=1,H100+H101+H103+H104+H105, 0) -> 632.8 | X110: =IF(Source!BI57=2,H100+H101+H103+H104+H105, 0) -> 0 | Y110: =IF(Source!BI57=3,H100+H101+H103+H104+H105, 0) -> 0 | Z110: =IF(Source!BI57=4,H100+H101+H103+H104+H105, 0) -> 0
...

Sheet Акт КС-2 c НР и СП
A1: =Source!B1 -> Smeta.RU (495) 974-1589
E2: Унифицированная форма № КС-2
E3: Утверждена постановлением Госкомстата России
E4: от 11.11.99. № 100
G6: Код
F7: Форма по ОКУД | G7: 0322005
G8: =IF(Source!AT15 <> "", Source!AT15, "")
A9: Инвестор | C9: =IF(Source!BA15 <> "", Source!BA15, IF(Source!AU15 <> "", Source!AU15, "")) | F9: по ОКПО
C10: организация, адрес, телефон, факс | G10: =IF(Source!AK15 <> "", Source!AK15, "")
A11: Заказчик | C11: =IF(Source!AX12<> "", Source!AX12, IF(Source!AJ12 <> "", Source!AJ12, "")) | F11: по ОКПО
C12: организация, адрес, телефон, факс | G12: =IF(Source!AO15 <> "", Source!AO15, "")
A13: Подрядчик | C13: =IF(Source!AY12<> "", Source!AY12, IF(Source!AN12 <> "", Source!AN12, "")) | F13: по ОКПО
C14: организация, адрес, телефон, факс | G14: =IF(Source!CO15 <> "", Source!CO15, "")
A15: Стройка | C15: Капитальный ремонт помещения №36 ОТИ НИЯУ МИФИ | AE15: Капитальный ремонт помещения №36 ОТИ НИЯУ МИФИ
C16: наименование, адрес | G16: =IF(Source!CP15 <> "", Source!CP15, "")
A17: Объект | C17: =IF(Source!G12<>"Новый объект", Source!G12, "") -> Капитальный ремонт помещения №36 ОТИ НИЯУ МИФИ | AE17: =IF(Source!G12<>"Новый объект", Source!G12, "") -> Капитальный ремонт помещения №36 ОТИ НИЯУ МИФИ
C18: наименование
D19: Вид деятельности по ОКДП | G19: =IF(Source!CQ15 <> "", Source!CQ15, "")
D20: Договор подряда | F20: номер | G20: =IF(Source!CR15 <> "", Source!CR15, "")
F21: дата | G21: =IF(Source!CS15 <> 0, Source!CS15, "")
F22: Вид операции | G22: =IF(Source!CT15 <> "", Source!CT15, "")
D24: Номер документа | E24: Дата составления | F24: Отчетный период
F25: с | G25: по
D26: =IF(Source!CN15 <> "", Source!CN15, "") | E26: 43230.64
A28: AKT
A29: О ПРИЕМКЕ ВЫПОЛНЕННЫХ РАБОТ
A31: Сметная (договорная) стоимость в соответствии с договором подряда (субподряда) | F31: =(Source!P139/1000) -> 134.04086 | H31: тыс.руб
A33: Номер | C33: Наименование работ | D33: Номер единичной расценки | E33: Единица измерения | F33: Выполнено работ
A34: по порядку | B34: поз. по смете | F34: Количество | G34: цена за единицу, руб | H34: стоимость, руб
A35: 1 | B35: 2 | C35: 3 | D35: 4 | E35: 5 | F35: 6 | G35: 7 | H35: 8
A37: =CONCATENATE("Локальная смета: ",IF(Source!G20<>"Новая локальная смета", Source!G20, "")) -> Локальная смета:
A38: 1 | B38: =Source!E25 -> 1 | C38: =Source!G25 -> Разборка плинтусов деревянных и из пластмассовых материалов | D38: =Source!F25 -> 57-3-1 | E38: =Source!H25 -> 100 м | F38: =Source!I25 -> 0.232 | G38: =Source!AB25 -> 29.41 | H38: =Source!O25 -> 41.48 | T38: =Source!O25+Source!X25+Source!Y25 -> 102.87 | U38: =Source!P25 -> 0 | V38: =Source!S25 -> 41.48 | W38: =Source!Q25 -> 0 | X38: =Source!R25 -> 0 | Y38: =Source!U25 -> 0.87464 | Z38: =Source!V25 -> 0 | AA38: =Source!X25 -> 33.18 | AB38: =Source!Y25 -> 28.21
C39: ="Объем: "&Source!I25&"=23,2/"&"100" -> Объем: 0,232=23,2/100
C40: Коэфф. к ОЗП | D40: =Source!BA25 -> 6.08
C41: Коэфф. к эксплуатации машин | D41: =Source!BB25 -> 6.08
C42: Коэфф. к материалам | D42: =Source!BC25 -> 6.08
C43: Коэфф. к ЗПМ | D43: =Source!BS25 -> 6.08
C44: % НР | F44: =Source!BZ25 -> 80 | G44: =(Source!AF25+Source!AE25)*Source!FX25/100 -> 23.528 | H44: =Source!X25 -> 33.18
C45: % СП | F45: =Source!CA25 -> 68 | G45: =(Source!AF25+Source!AE25)*Source!FY25/100 -> 19.9988 | H45: =Source!Y25 -> 28.21
C46: Итого с НР и СП | G46: =((Source!AF25+Source!AE25)*Source!FX25/100)+((Source!AF25+Source!AE25)*Source!FY25/100)+Source!AB25 -> 72.9368 | H46: =Source!O25+Source!X25+Source!Y25 -> 102.87
A47: 2 | B47: =Source!E27 -> 2 | C47: =Source!G27 -> Разборка покрытий полов из линолеума и релина | D47: =Source!F27 -> 57-2-1 | E47: =Source!H27 -> 100 м2 | F47: =Source!I27 -> 0.363 | G47: =Source!AB27 -> 92.9 | H47: =Source!O27 -> 205.03 | T47: =Source!O27+Source!X27+Source!Y27 -> 500.96 | U47: =Source!P27 -> 0 | V47: =Source!S27 -> 196.07 | W47: =Source!Q27 -> 8.96 | X47: =Source!R27 -> 3.88 | Y47: =Source!U27 -> 4.13457 | Z47: =Source!V27 -> 0.04719 | AA47: =Source!X27 -> 159.96 | AB47: =Source!Y27 -> 135.97
C48: ="Объем: "&Source!I27&"=36,3/"&"100" -> Объем: 0,363=36,3/100
C49: Коэфф. к ОЗП | D49: =Source!BA27 -> 6.08
C50: Коэфф. к эксплуатации машин | D50: =Source!BB27 -> 6.08
C51: Коэфф. к материалам | D51: =Source!BC27 -> 6.08
C52: Коэфф. к ЗПМ | D52: =Source!BS27 -> 6.08
C53: % НР | F53: =Source!BZ27 -> 80 | G53: =(Source!AF27+Source!AE27)*Source!FX27/100 -> 72.48 | H53: =Source!X27 -> 159.96
C54: % СП | F54: =Source!CA27 -> 68 | G54: =(Source!AF27+Source!AE27)*Source!FY27/100 -> 61.608 | H54: =Source!Y27 -> 135.97
C55: Итого с НР и СП | G55: =((Source!AF27+Source!AE27)*Source!FX27/100)+((Source!AF27+Source!AE27)*Source!FY27/100)+Source!AB27 -> 226.988 | H55: =Source!O27+Source!X27+Source!Y27 -> 500.96
A56: 3 | B56: =Source!E29 -> 3 | C56: =Source!G29 -> Устройство стяжек из выравнивающей смеси типа "Ветонит" 5000, толщиной 5 мм | D56: =Source!F29 -> 11-01-011-08 | E56: =Source!H29 -> 100 м2 | F56: =Source!I29 -> 0.363 | G56: =Source!AB29 -> 11078.647 | H56: =Source!O29 -> 24451.02 | T56: =Source!O29+Source!X29+Source!Y29 -> 25887.77 | U56: =Source!P29 -> 23618.26 | V56: =Source!S29 -> 815.57 | W56: =Source!Q29 -> 17.19 | X56: =Source!R29 -> 5.43 | Y56: =Source!U29 -> 15.725341 | Z56: =Source!V29 -> 0.0771375 | AA56: =Source!X29 -> 911.31 | AB56: =Source!Y29 -> 525.44
C57: ="Объем: "&Source!I29&"=36,3/"&"100" -> Объем: 0,363=36,3/100
C58: Коэфф. к ОЗП | D58: =Source!BA29 -> 6.08
C59: Коэфф. к эксплуатации машин | D59: =Source!BB29 -> 6.08
C60: Коэфф. к материалам | D60: =Source!BC29 -> 6.08
C61: Коэфф. к ЗПМ | D61: =Source!BS29 -> 6.08
C62: Эксплуатация машин | D62: )*1,25
C63: Оплата труда машинистов | D63: )*1,25
C64: Оплата труда рабочих | D64: )*1,15
C65: Затраты труда рабочих | D65: )*1,15
C66: Затраты труда машинистов | D66: )*1,25
C67: % НР | F67: =Source!BZ29 -> 123 | G67: =(Source!AF29+Source!AE29)*Source!FX29/100 -> 411.79514 | H67: =Source!X29 -> 911.31
C68: % НР с поправкой | G68: =CONCATENATE(Source!DL29,Source!FT29, "=", Source!FX29, "%") -> *0,9=110,7% | H68: =CONCATENATE(Source!AT29) -> 111
C69: % СП | F69: =Source!CA29 -> 75 | G69: =(Source!AF29+Source!AE29)*Source!FY29/100 -> 237.1449 | H69: =Source!Y29 -> 525.44
C70: СП с поправкой | G70: =CONCATENATE(Source!DM29,Source!FU29, "=", Source!FY29, "%") -> *0,85=63,75% | H70: =CONCATENATE(Source!AU29) -> 64
C71: Итого с НР и СП | G71: =((Source!AF29+Source!AE29)*Source!FX29/100)+((Source!AF29+Source!AE29)*Source!FY29/100)+Source!AB29 -> 11727.587 | H71: =Source!O29+Source!X29+Source!Y29 -> 25887.77
A72: 4 | B72: =Source!E31 -> 4 | C72: =Source!G31 -> Устройство стяжек на каждый последующий слой толщиной 1 мм добавлять к расценке 11-01-011-08 | D72: =Source!F31 -> 11-01-011-10 | E72: =Source!H31 -> 100 м2 | F72: =Source!I31 -> 0.363 | G72: =Source!AB31 -> 10369.993 | H72: =Source!O31 -> 22886.99 | T72: =Source!O31+Source!X31+Source!Y31 -> 23353.82 | U72: =Source!P31 -> 22608.37 | V72: =Source!S31 -> 261.93 | W72: =Source!Q31 -> 16.69 | X72: =Source!R31 -> 4.83 | Y72: =Source!U31 -> 5.051145 | Z72: =Source!V31 -> 0.0680625 | AA72: =Source!X31 -> 296.1 | AB72: =Source!Y31 -> 170.73
C73: ="Объем: "&Source!I31&"=36,3/"&"100" -> Объем: 0,363=36,3/100
C74: Коэфф. к ОЗП | D74: =Source!BA31 -> 6.08
C75: Коэфф. к эксплуатации машин | D75: =Source!BB31 -> 6.08
C76: Коэфф. к материалам | D76: =Source!BC31 -> 6.08
C77: Коэфф. к ЗПМ | D77: =Source!BS31 -> 6.08
C78: Стоимость материалов | D78: *5
C79: Эксплуатация машин | D79: *5)*1,25
C80: Оплата труда машинистов | D80: *5)*1,25
C81: Оплата труда рабочих | D81: *5)*1,15
C82: Затраты труда рабочих | D82: *5)*1,15
C83: Затраты труда машинистов | D83: *5)*1,25
C84: % НР | F84: =Source!BZ31 -> 123 | G84: =(Source!AF31+Source!AE31)*Source!FX31/100 -> 133.80032 | H84: =Source!X31 -> 296.1
C85: % НР с поправкой | G85: =CONCATENATE(Source!DL31,Source!FT31, "=", Source!FX31, "%") -> *0,9=110,7% | H85: =CONCATENATE(Source!AT31) -> 111
C86: % СП | F86: =Source!CA31 -> 75 | G86: =(Source!AF31+Source!AE31)*Source!FY31/100 -> 77.053031 | H86: =Source!Y31 -> 170.73
C87: СП с поправкой | G87: =CONCATENATE(Source!DM31,Source!FU31, "=", Source!FY31, "%") -> *0,85=63,75% | H87: =CONCATENATE(Source!AU31) -> 64
C88: Итого с НР и СП | G88: =((Source!AF31+Source!AE31)*Source!FX31/100)+((Source!AF31+Source!AE31)*Source!FY31/100)+Source!AB31 -> 10580.846 | H88: =Source!O31+Source!X31+Source!Y31 -> 23353.82
A89: 5 | B89: =Source!E33 -> 5 | C89: =Source!G33 -> Устройство покрытий из линолеума на клее | D89: =Source!F33 -> 11-01-036-01 | E89: =Source!H33 -> 100 м2 | F89: =Source!I33 -> 0.363 | G89: =Source!AB33 -> 460.851 | H89: =Source!O33 -> 1017.12 | T89: =Source!O33+Source!X33+Source!Y33 -> 2632.93 | U89: =Source!P33 -> 2.01 | V89: =Source!S33 -> 894.27 | W89: =Source!Q33 -> 120.84 | X89: =Source!R33 -> 29.05 | Y89: =Source!U33 -> 17.69988 | Z89: =Source!V33 -> 0.3856875 | AA89: =Source!X33 -> 1024.89 | AB89: =Source!Y33 -> 590.92
C90: ="Объем: "&Source!I33&"=36,3/"&"100" -> Объем: 0,363=36,3/100
C91: Коэфф. к ОЗП | D91: =Source!BA33 -> 6.08
C92: Коэфф. к эксплуатации машин | D92: =Source!BB33 -> 6.08
C93: Коэфф. к материалам | D93: =Source!BC33 -> 6.08
C94: Коэфф. к ЗПМ | D94: =Source!BS33 -> 6.08
C95: Эксплуатация машин | D95: )*1,25
C96: Оплата труда машинистов | D96: )*1,25
C97: Оплата труда рабочих | D97: )*1,15
C98: Затраты труда рабочих | D98: )*1,15
C99: Затраты труда машинистов | D99: )*1,25
C100: % НР | F100: =Source!BZ33 -> 123 | G100: =(Source!AF33+Source!AE33)*Source!FX33/100 -> 463.11732 | H100: =Source!X33 -> 1024.89
C101: % НР с поправкой | G101: =CONCATENATE(Source!DL33,Source!FT33, "=", Source!FX33, "%") -> *0,9=110,7% | H101: =CONCATENATE(Source!AT33) -> 111
C102: % СП | F102: =Source!CA33 -> 75 | G102: =(Source!AF33+Source!AE33)*Source!FY33/100 -> 266.70036 | H102: =Source!Y33 -> 590.92
C103: СП с поправкой | G103: =CONCATENATE(Source!DM33,Source!FU33, "=", Source!FY33, "%") -> *0,85=63,75% | H103: =CONCATENATE(Source!AU33) -> 64
C104: Итого с НР и СП | G104: =((Source!AF33+Source!AE33)*Source!FX33/100)+((Source!AF33+Source!AE33)*Source!FY33/100)+Source!AB33 -> 1190.6687 | H104: =Source!O33+Source!X33+Source!Y33 -> 2632.93
A105: 6 | B105: =Source!E35 -> 5,1 | C105: =Source!G35 -> Линолеум на теплозвукоизолирующей подоснове | D105: =Source!F35 -> 01.6.03.04 | E105: =Source!H35 -> м2 | F105: =Source!I35 -> 37.026 | G105: =Source!AB35 -> 0 | H105: =Source!O35 -> 0 | T105: =Source!O35+Source!X35+Source!Y35 -> 0 | U105: =Source!P35 -> 0 | V105: =Source!S35 -> 0 | W105: =Source!Q35 -> 0 | X105: =Source!R35 -> 0 | Y105: =Source!U35 -> 0 | Z105: =Source!V35 -> 0 | AA105: =Source!X35 -> 0 | AB105: =Source!Y35 -> 0
C106: Коэфф. к материалам | D106: =Source!BC35 -> 6.08
...

Sheet Source
A1: 0 | B1: Smeta.RU (495) 974-1589 | D1: _PS_ | F1: 0 | G1: 0 | H1: 0 | I1: Smeta.RU | J1: НИЯУ МИФИ Доп. раб. место MCCS-0027251 | K1: 0 | L1: 27251 | M1: 10
A12: 1 | B12: 170 | C12: 0 | D12: =ROW(A109) -> 109 | E12: 0 | G12: Капитальный ремонт помещения №36 ОТИ НИЯУ МИФИ | I12: 0 | K12: 0 | O12: 0 | P12: 0 | Q12: 0 | R12: 0 | S12: 0 | V12: 0 | BH12: Сметные нормы списания | BI12: Коды ценников | BJ12: 1 | BK12: 1 | BL12: 0 | BM12: 0 | BN12: 1 | BO12: 0 | BP12: 6 | BQ12: 2 | BR12: 1 | BS12: 1 | BT12: 0 | BU12: 0 | BV12: 0 | BW12: 0 | BX12: 0 | BY12: ФЕР-2017 | BZ12: ТР для Версии 10: Центральные регионы (с учетом п-ма 2536-ИП/12/ГС от 22.03.2017 г | CA12: ФЕР-2017 | CB12: ФЕР-2017 | CC12: ФЕР-2017 | CD12: ФЕР-2017 | CE12: Поправки для ГСН 2017 от 31.03.2017 г | CF12: 0 | CG12: 0 | CH12: 524296 | CK12: 4 | EC12: 0
A15: 15 | B15: 1
A18: 52 | B18: =B109 -> 170 | C18: =C109 -> 1 | D18: =D109 -> 12 | E18: =E109 -> 0 | F18: =F109 | G18: =G109 -> Капитальный ремонт помещения №36 ОТИ НИЯУ МИФИ | O18: =O109 -> 15406.32 | P18: =P109 -> 13134.48 | Q18: =Q109 -> 59.39 | R18: =R109 -> 19.95 | S18: =S109 -> 2212.45 | T18: =T109 -> 0 | U18: =U109 -> 258.46642 | V18: =V109 -> 1.7466025 | ... GX18: =GX109 -> 0
A20: 3 | B20: 1 | D20: =ROW(A77) -> 77 | F20: Новая локальная смета | G20: Новая локальная смета | I20: 0 | K20: 0 | V20: 0 | BX20: 0 | CF20: 0 | CG20: 0
A22: 52 | B22: =B77 -> 1 | C22: =C77 -> 3 | D22: =D77 -> 20 | E22: =E77 -> 0 | F22: =F77 -> Новая локальная смета | G22: =G77 -> Новая локальная смета | O22: =O77 -> 15406.32 | P22: =P77 -> 13134.48 | Q22: =Q77 -> 59.39 | R22: =R77 -> 19.95 | S22: =S77 -> 2212.45 | T22: =T77 -> 0 | U22: =U77 -> 258.46642 | V22: =V77 -> 1.7466025 | ... GX22: =GX77 -> 0
A24: 17 | B24: 1 | C24: =ROW(SmtRes!A1) -> 1 | D24: =ROW(EtalonRes!A2) -> 2 | E24: 1 | F24: 57-3-1 | G24: Разборка плинтусов деревянных и из пластмассовых материалов | H24: 100 м | I24: =ROUND(23.2/100,9) -> 0.232 | J24: 0 | O24: =ROUND(CP24,2) -> 6.82 | P24: =ROUND(CQ24*I24,2) -> 0 | Q24: =ROUND(CR24*I24,2) -> 0 | R24: =ROUND(CS24*I24,2) -> 0 | S24: =ROUND(CT24*I24,2) -> 6.82 | T24: =ROUND(CU24*I24,2) -> 0 | U24: =CV24*I24 -> 0.87464 | V24: =CW24*I24 -> 0 | W24: =ROUND(CX24*I24,2) -> 0 | X24: =ROUND(CY24,2) -> 5.46 | Y24: =ROUND(CZ24,2) -> 4.64 | AA24: 16501254 | AB24: =ROUND((AC24+AD24+AF24),6) -> 29.41 | AC24: =ROUND((ES24),6) -> 0 | AD24: =ROUND((((ET24)-(EU24))+AE24),6) -> 0 | AE24: =ROUND((EU24),6) -> 0 | AF24: =ROUND((EV24),6) -> 29.41 | AG24: =ROUND((AP24),6) -> 0 | AH24: =(EW24) -> 3.77 | AI24: =(EX24) -> 0 | AJ24: =ROUND((AS24),6) -> 0 | AK24: 29.41 | AL24: 0 | AM24: 0 | AN24: 0 | AO24: 29.41 | AP24: 0 | AQ24: 3.77 | AR24: 0 | AS24: 0 | AT24: 80 | AU24: 68 | AV24: 1 | AW24: 1 | AZ24: 1 | BA24: 1 | BB24: 1 | BC24: 1 | BH24: 0 | BI24: 1 | BJ24: ФЕР-2001, 57-3-1, приказ Минстроя России №1039/пр от 30.12.2016г. | BM24: 57001 | BN24: 0 | BP24: 0 | BQ24: 6 | BR24: 0 | BS24: 1 | BT24: 1 | BU24: 1 | BV24: 1 | BW24: 1 | BX24: 1 | BZ24: 80 | CA24: 68 | CF24: 0 | CG24: 0 | CM24: 0 | CO24: 0 | CP24: =(P24+Q24+S24) -> 6.82 | CQ24: =AC24*BC24 -> 0 | CR24: =AD24*BB24 -> 0 | CS24: =AE24*BS24 -> 0 | CT24: =AF24*BA24 -> 29.41 | CU24: =AG24 -> 0 | CV24: =AH24 -> 3.77 | CW24: =AI24 -> 0 | CX24: =AJ24 -> 0 | CY24: =(((S24+R24)*AT24)/100) -> 5.456 | CZ24: =(((S24+R24)*AU24)/100) -> 4.6376 | DN24: 0 | DO24: 0 | DP24: 1 | DQ24: 1 | DU24: 1003 | DV24: 100 м | DW24: 100 м | DX24: 100 | EE24: 16510566 | EF24: 6 | EG24: Ремонтно-строительные работы | EH24: 0 | EJ24: 1 | EK24: 57001 | EL24: Полы | EM24: рФЕР-57 | EQ24: 0 | ER24: 29.41 | ES24: 0 | ET24: 0 | EU24: 0 | EV24: 29.41 | EW24: 3.77 | EX24: 0 | EY24: 0 | FQ24: 0 | FR24: =ROUND(IF(AND(BH24=3,BI24=3),P24,0),2) -> 0 | FS24: 0 | FX24: 80 | FY24: 68 | GD24: 0 | GF24: -1431764135 | GG24: 2 | GH24: 1 | GI24: -2 | GJ24: 0 | GK24: =ROUND(R24*(R12)/100,2) -> 0 | GL24: =ROUND(IF(AND(BH24=3,BI24=3,FS24<>0),P24,0),2) -> 0 | GM24: =ROUND(O24+X24+Y24+GK24,2)+GX24 -> 16.92 | GN24: =IF(OR(BI24=0,BI24=1),ROUND(O24+X24+Y24+GK24,2),0) -> 16.92 | GO24: =IF(BI24=2,ROUND(O24+X24+Y24+GK24,2),0) -> 0 | GP24: =IF(BI24=4,ROUND(O24+X24+Y24+GK24,2)+GX24,0) -> 0 | GR24: 0 | GS24: 3 | GT24: 0 | GV24: =ROUND(GT24,6) -> 0 | GW24: 1 | GX24: =ROUND(GV24*GW24*I24,2) -> 0 | HA24: 0 | HB24: 0 | IK24: 0
A25: 17 | B25: 1 | C25: =ROW(SmtRes!A2) -> 2 | D25: =ROW(EtalonRes!A4) -> 4 | E25: 1 | F25: 57-3-1 | G25: Разборка плинтусов деревянных и из пластмассовых материалов | H25: 100 м | I25: =ROUND(23.2/100,9) -> 0.232 | J25: 0 | O25: =ROUND(CP25,2) -> 41.48 | P25: =ROUND(CQ25*I25,2) -> 0 | Q25: =ROUND(CR25*I25,2) -> 0 | R25: =ROUND(CS25*I25,2) -> 0 | S25: =ROUND(CT25*I25,2) -> 41.48 | T25: =ROUND(CU25*I25,2) -> 0 | U25: =CV25*I25 -> 0.87464 | V25: =CW25*I25 -> 0 | W25: =ROUND(CX25*I25,2) -> 0 | X25: =ROUND(CY25,2) -> 33.18 | Y25: =ROUND(CZ25,2) -> 28.21 | AA25: 16501255 | AB25: =ROUND((AC25+AD25+AF25),6) -> 29.41 | AC25: =ROUND((ES25),6) -> 0 | AD25: =ROUND((((ET25)-(EU25))+AE25),6) -> 0 | AE25: =ROUND((EU25),6) -> 0 | AF25: =ROUND((EV25),6) -> 29.41 | AG25: =ROUND((AP25),6) -> 0 | AH25: =(EW25) -> 3.77 | AI25: =(EX25) -> 0 | AJ25: =ROUND((AS25),6) -> 0 | AK25: 29.41 | AL25: 0 | AM25: 0 | AN25: 0 | AO25: 29.41 | AP25: 0 | AQ25: 3.77 | AR25: 0 | AS25: 0 | AT25: 80 | AU25: 68 | AV25: 1 | AW25: 1 | AZ25: 6.08 | BA25: 6.08 | BB25: 6.08 | BC25: 6.08 | BH25: 0 | BI25: 1 | BJ25: ФЕР-2001, 57-3-1, приказ Минстроя России №1039/пр от 30.12.2016г. | BM25: 57001 | BN25: 0 | BP25: 0 | BQ25: 6 | BR25: 0 | BS25: 6.08 | BT25: 1 | BU25: 1 | BV25: 1 | BW25: 1 | BX25: 1 | BZ25: 80 | CA25: 68 | CF25: 0 | CG25: 0 | CM25: 0 | CO25: 0 | CP25: =(P25+Q25+S25) -> 41.48 | CQ25: =AC25*BC25 -> 0 | CR25: =AD25*BB25 -> 0 | CS25: =AE25*BS25 -> 0 | CT25: =AF25*BA25 -> 178.8128 | CU25: =AG25 -> 0 | CV25: =AH25 -> 3.77 | CW25: =AI25 -> 0 | CX25: =AJ25 -> 0 | CY25: =(((S25+R25)*AT25)/100) -> 33.184 | CZ25: =(((S25+R25)*AU25)/100) -> 28.2064 | DN25: 0 | DO25: 0 | DP25: 1 | DQ25: 1 | DU25: 1003 | DV25: 100 м | DW25: 100 м | DX25: 100 | EE25: 16510566 | EF25: 6 | EG25: Ремонтно-строительные работы | EH25: 0 | EJ25: 1 | EK25: 57001 | EL25: Полы | EM25: рФЕР-57 | EQ25: 0 | ER25: 29.41 | ES25: 0 | ET25: 0 | EU25: 0 | EV25: 29.41 | EW25: 3.77 | EX25: 0 | EY25: 0 | FQ25: 0 | FR25: =ROUND(IF(AND(BH25=3,BI25=3),P25,0),2) -> 0 | FS25: 0 | FX25: 80 | FY25: 68 | GD25: 0 | GF25: -1431764135 | GG25: 1 | GH25: 1 | GI25: 4 | GJ25: 0 | GK25: =ROUND(R25*(S12)/100,2) -> 0 | GL25: =ROUND(IF(AND(BH25=3,BI25=3,FS25<>0),P25,0),2) -> 0 | GM25: =ROUND(O25+X25+Y25+GK25,2)+GX25 -> 102.87 | GN25: =IF(OR(BI25=0,BI25=1),ROUND(O25+X25+Y25+GK25,2),0) -> 102.87 | GO25: =IF(BI25=2,ROUND(O25+X25+Y25+GK25,2),0) -> 0 | GP25: =IF(BI25=4,ROUND(O25+X25+Y25+GK25,2)+GX25,0) -> 0 | GR25: 0 | GS25: 3 | GT25: 0 | GV25: =ROUND(GT25,6) -> 0 | GW25: 1 | GX25: =ROUND(GV25*GW25*I25,2) -> 0 | HA25: 0 | HB25: 0 | IK25: 0
A26: 17 | B26: 1 | C26: =ROW(SmtRes!A5) -> 5 | D26: =ROW(EtalonRes!A8) -> 8 | E26: 2 | F26: 57-2-1 | G26: Разборка покрытий полов из линолеума и релина | H26: 100 м2 | I26: =ROUND(36.3/100,9) -> 0.363 | J26: 0 | O26: =ROUND(CP26,2) -> 33.72 | P26: =ROUND(CQ26*I26,2) -> 0 | Q26: =ROUND(CR26*I26,2) -> 1.47 | R26: =ROUND(CS26*I26,2) -> 0.64 | S26: =ROUND(CT26*I26,2) -> 32.25 | T26: =ROUND(CU26*I26,2) -> 0 | U26: =CV26*I26 -> 4.13457 | V26: =CW26*I26 -> 0.04719 | W26: =ROUND(CX26*I26,2) -> 0 | X26: =ROUND(CY26,2) -> 26.31 | Y26: =ROUND(CZ26,2) -> 22.37 | AA26: 16501254 | AB26: =ROUND((AC26+AD26+AF26),6) -> 92.9 | AC26: =ROUND((ES26),6) -> 0 | AD26: =ROUND((((ET26)-(EU26))+AE26),6) -> 4.06 | AE26: =ROUND((EU26),6) -> 1.76 | AF26: =ROUND((EV26),6) -> 88.84 | AG26: =ROUND((AP26),6) -> 0 | AH26: =(EW26) -> 11.39 | AI26: =(EX26) -> 0.13 | AJ26: =ROUND((AS26),6) -> 0 | AK26: 92.9 | AL26: 0 | AM26: 4.06 | AN26: 1.76 | AO26: 88.84 | AP26: 0 | AQ26: 11.39 | AR26: 0.13 | AS26: 0 | AT26: 80 | AU26: 68 | AV26: 1 | AW26: 1 | AZ26: 1 | BA26: 1 | BB26: 1 | BC26: 1 | BH26: 0 | BI26: 1 | BJ26: ФЕР-2001, 57-2-1, приказ Минстроя России №1039/пр от 30.12.2016г. | BM26: 57001 | BN26: 0 | BP26: 0 | BQ26: 6 | BR26: 0 | BS26: 1 | BT26: 1 | BU26: 1 | BV26: 1 | BW26: 1 | BX26: 1 | BZ26: 80 | CA26: 68 | CF26: 0 | CG26: 0 | CM26: 0 | CO26: 0 | CP26: =(P26+Q26+S26) -> 33.72 | CQ26: =AC26*BC26 -> 0 | CR26: =AD26*BB26 -> 4.06 | CS26: =AE26*BS26 -> 1.76 | CT26: =AF26*BA26 -> 88.84 | CU26: =AG26 -> 0 | CV26: =AH26 -> 11.39 | CW26: =AI26 -> 0.13 | CX26: =AJ26 -> 0 | CY26: =(((S26+R26)*AT26)/100) -> 26.312 | CZ26: =(((S26+R26)*AU26)/100) -> 22.3652 | DN26: 0 | DO26: 0 | DP26: 1 | DQ26: 1 | DU26: 1005 | DV26: 100 м2 | DW26: 100 м2 | DX26: 100 | EE26: 16510566 | EF26: 6 | EG26: Ремонтно-строительные работы | EH26: 0 | EJ26: 1 | EK26: 57001 | EL26: Полы | EM26: рФЕР-57 | EQ26: 0 | ER26: 92.9 | ES26: 0 | ET26: 4.06 | EU26: 1.76 | EV26: 88.84 | EW26: 11.39 | EX26: 0.13 | EY26: 0 | FQ26: 0 | FR26: =ROUND(IF(AND(BH26=3,BI26=3),P26,0),2) -> 0 | FS26: 0 | FX26: 80 | FY26: 68 | GD26: 0 | GF26: -1228944231 | GG26: 2 | GH26: 1 | GI26: -2 | GJ26: 0 | GK26: =ROUND(R26*(R12)/100,2) -> 0 | GL26: =ROUND(IF(AND(BH26=3,BI26=3,FS26<>0),P26,0),2) -> 0 | GM26: =ROUND(O26+X26+Y26+GK26,2)+GX26 -> 82.4 | GN26: =IF(OR(BI26=0,BI26=1),ROUND(O26+X26+Y26+GK26,2),0) -> 82.4 | GO26: =IF(BI26=2,ROUND(O26+X26+Y26+GK26,2),0) -> 0 | GP26: =IF(BI26=4,ROUND(O26+X26+Y26+GK26,2)+GX26,0) -> 0 | GR26: 0 | GS26: 3 | GT26: 0 | GV26: =ROUND(GT26,6) -> 0 | GW26: 1 | GX26: =ROUND(GV26*GW26*I26,2) -> 0 | HA26: 0 | HB26: 0 | IK26: 0
A27: 17 | B27: 1 | C27: =ROW(SmtRes!A8) -> 8 | D27: =ROW(EtalonRes!A12) -> 12 | E27: 2 | F27: 57-2-1 | G27: Разборка покрытий полов из линолеума и релина | H27: 100 м2 | I27: =ROUND(36.3/100,9) -> 0.363 | J27: 0 | O27: =ROUND(CP27,2) -> 205.03 | P27: =ROUND(CQ27*I27,2) -> 0 | Q27: =ROUND(CR27*I27,2) -> 8.96 | R27: =ROUND(CS27*I27,2) -> 3.88 | S27: =ROUND(CT27*I27,2) -> 196.07 | T27: =ROUND(CU27*I27,2) -> 0 | U27: =CV27*I27 -> 4.13457 | V27: =CW27*I27 -> 0.04719 | W27: =ROUND(CX27*I27,2) -> 0 | X27: =ROUND(CY27,2) -> 159.96 | Y27: =ROUND(CZ27,2) -> 135.97 | AA27: 16501255 | AB27: =ROUND((AC27+AD27+AF27),6) -> 92.9 | AC27: =ROUND((ES27),6) -> 0 | AD27: =ROUND((((ET27)-(EU27))+AE27),6) -> 4.06 | AE27: =ROUND((EU27),6) -> 1.76 | AF27: =ROUND((EV27),6) -> 88.84 | AG27: =ROUND((AP27),6) -> 0 | AH27: =(EW27) -> 11.39 | AI27: =(EX27) -> 0.13 | AJ27: =ROUND((AS27),6) -> 0 | AK27: 92.9 | AL27: 0 | AM27: 4.06 | AN27: 1.76 | AO27: 88.84 | AP27: 0 | AQ27: 11.39 | AR27: 0.13 | AS27: 0 | AT27: 80 | AU27: 68 | AV27: 1 | AW27: 1 | AZ27: 6.08 | BA27: 6.08 | BB27: 6.08 | BC27: 6.08 | BH27: 0 | BI27: 1 | BJ27: ФЕР-2001, 57-2-1, приказ Минстроя России №1039/пр от 30.12.2016г. | BM27: 57001 | BN27: 0 | BP27: 0 | BQ27: 6 | BR27: 0 | BS27: 6.08 | BT27: 1 | BU27: 1 | BV27: 1 | BW27: 1 | BX27: 1 | BZ27: 80 | CA27: 68 | CF27: 0 | CG27: 0 | CM27: 0 | CO27: 0 | CP27: =(P27+Q27+S27) -> 205.03 | CQ27: =AC27*BC27 -> 0 | CR27: =AD27*BB27 -> 24.6848 | CS27: =AE27*BS27 -> 10.7008 | CT27: =AF27*BA27 -> 540.1472 | CU27: =AG27 -> 0 | CV27: =AH27 -> 11.39 | CW27: =AI27 -> 0.13 | CX27: =AJ27 -> 0 | CY27: =(((S27+R27)*AT27)/100) -> 159.96 | CZ27: =(((S27+R27)*AU27)/100) -> 135.966 | DN27: 0 | DO27: 0 | DP27: 1 | DQ27: 1 | DU27: 1005 | DV27: 100 м2 | DW27: 100 м2 | DX27: 100 | EE27: 16510566 | EF27: 6 | EG27: Ремонтно-строительные работы | EH27: 0 | EJ27: 1 | EK27: 57001 | EL27: Полы | EM27: рФЕР-57 | EQ27: 0 | ER27: 92.9 | ES27: 0 | ET27: 4.06 | EU27: 1.76 | EV27: 88.84 | EW27: 11.39 | EX27: 0.13 | EY27: 0 | FQ27: 0 | FR27: =ROUND(IF(AND(BH27=3,BI27=3),P27,0),2) -> 0 | FS27: 0 | FX27: 80 | FY27: 68 | GD27: 0 | GF27: -1228944231 | GG27: 1 | GH27: 1 | GI27: 4 | GJ27: 0 | GK27: =ROUND(R27*(S12)/100,2) -> 0 | GL27: =ROUND(IF(AND(BH27=3,BI27=3,FS27<>0),P27,0),2) -> 0 | GM27: =ROUND(O27+X27+Y27+GK27,2)+GX27 -> 500.96 | GN27: =IF(OR(BI27=0,BI27=1),ROUND(O27+X27+Y27+GK27,2),0) -> 500.96 | GO27: =IF(BI27=2,ROUND(O27+X27+Y27+GK27,2),0) -> 0 | GP27: =IF(BI27=4,ROUND(O27+X27+Y27+GK27,2)+GX27,0) -> 0 | GR27: 0 | GS27: 3 | GT27: 0 | GV27: =ROUND(GT27,6) -> 0 | GW27: 1 | GX27: =ROUND(GV27*GW27*I27,2) -> 0 | HA27: 0 | HB27: 0 | IK27: 0
A28: 17 | B28: 1 | C28: =ROW(SmtRes!A15) -> 15 | D28: =ROW(EtalonRes!A19) -> 19 | E28: 3 | F28: 11-01-011-08 | G28: Устройство стяжек из выравнивающей смеси типа "Ветонит" 5000, толщиной 5 мм | H28: 100 м2 | I28: =ROUND(36.3/100,9) -> 0.363 | J28: 0 | O28: =ROUND(CP28,2) -> 4021.55 | P28: =ROUND(CQ28*I28,2) -> 3884.58 | Q28: =ROUND(CR28*I28,2) -> 2.83 | R28: =ROUND(CS28*I28,2) -> 0.89 | S28: =ROUND(CT28*I28,2) -> 134.14 | T28: =ROUND(CU28*I28,2) -> 0 | U28: =CV28*I28 -> 15.725341 | V28: =CW28*I28 -> 0.0771375 | W28: =ROUND(CX28*I28,2) -> 0 | X28: =ROUND(CY28,2) -> 149.88 | Y28: =ROUND(CZ28,2) -> 86.42 | AA28: 16501254 | AB28: =ROUND((AC28+AD28+AF28),6) -> 11078.647 | AC28: =ROUND((ES28),6) -> 10701.33 | AD28: =ROUND(((((ET28*1.25))-((EU28*1.25)))+AE28),6) -> 7.7875 | AE28: =ROUND(((EU28*1.25)),6) -> 2.4625 | AF28: =ROUND(((EV28*1.15)),6) -> 369.5295 | AG28: =ROUND((AP28),6) -> 0 | AH28: =((EW28*1.15)) -> 43.3205 | AI28: =((EX28*1.25)) -> 0.2125 | AJ28: =ROUND((AS28),6) -> 0 | AK28: 11028.89 | AL28: 10701.33 | AM28: 6.23 | AN28: 1.97 | AO28: 321.33 | AP28: 0 | AQ28: 37.67 | AR28: 0.17 | AS28: 0 | AT28: 111 | AU28: 64 | AV28: 1 | AW28: 1 | AZ28: 1 | BA28: 1 | BB28: 1 | BC28: 1 | BH28: 0 | BI28: 1 | BJ28: ФЕР-2001, 11-01-011-08, приказ Минстроя России №1039/пр от 30.12.2016г. | BM28: 11001 | BN28: 0 | BP28: 0 | BQ28: 2 | BR28: 0 | BS28: 1 | BT28: 1 | BU28: 1 | BV28: 1 | BW28: 1 | BX28: 1 | BZ28: 123 | CA28: 75 | CF28: 0 | CG28: 0 | CM28: 0 | CN28: Поправка: МДС 81-35.2004, п.4.7 Наименование: Работы, выполняемые при реконструкции зданий и сооружений работы, аналогичные технологическим процессам в новом строительстве (в том числе возведение новых конструктивных элементов) стоимость которых определена по соответствующим сборникам ФЕР, кроме сборника № 46 «Работы при реконструкции зданий и сооружений» | CO28: 0 | CP28: =(P28+Q28+S28) -> 4021.55 | CQ28: =AC28*BC28 -> 10701.33 | CR28: =AD28*BB28 -> 7.7875 | CS28: =AE28*BS28 -> 2.4625 | CT28: =AF28*BA28 -> 369.5295 | CU28: =AG28 -> 0 | CV28: =AH28 -> 43.3205 | CW28: =AI28 -> 0.2125 | CX28: =AJ28 -> 0 | CY28: =(((S28+R28)*AT28)/100) -> 149.8833 | CZ28: =(((S28+R28)*AU28)/100) -> 86.4192 | DE28: )*1,25 | DF28: )*1,25 | DG28: )*1,15 | DI28: )*1,15 | DJ28: )*1,25 | DN28: 0 | DO28: 0 | DP28: 1 | DQ28: 1 | DU28: 1005 | DV28: 100 м2 | DW28: 100 м2 | DX28: 100 | EE28: 16510488 | EF28: 2 | EG28: Общестроительные работы | EH28: 0 | EJ28: 1 | EK28: 11001 | EL28: Полы | EM28: ФЕР-11 | EO28: Поправка: МДС 81-35.2004, п.4.7 | EQ28: 0 | ER28: 11028.89 | ES28: 10701.33 | ET28: 6.23 | EU28: 1.97 | EV28: 321.33 | EW28: 37.67 | EX28: 0.17 | EY28: 0 | FQ28: 0 | FR28: =ROUND(IF(AND(BH28=3,BI28=3),P28,0),2) -> 0 | FS28: 0 | FT28: *0,9 | FU28: *0,85 | FX28: 110.7 | FY28: 63.75 | GD28: 0 | GF28: 1715562049 | GG28: 2 | GH28: 1 | GI28: -2 | GJ28: 0 | GK28: =ROUND(R28*(R12)/100,2) -> 0 | GL28: =ROUND(IF(AND(BH28=3,BI28=3,FS28<>0),P28,0),2) -> 0 | GM28: =ROUND(O28+X28+Y28+GK28,2)+GX28 -> 4257.85 | GN28: =IF(OR(BI28=0,BI28=1),ROUND(O28+X28+Y28+GK28,2),0) -> 4257.85 | GO28: =IF(BI28=2,ROUND(O28+X28+Y28+GK28,2),0) -> 0 | GP28: =IF(BI28=4,ROUND(O28+X28+Y28+GK28,2)+GX28,0) -> 0 | GR28: 0 | GS28: 3 | GT28: 0 | GV28: =ROUND(GT28,6) -> 0 | GW28: 1 | GX28: =ROUND(GV28*GW28*I28,2) -> 0 | HA28: 0 | HB28: 0 | IK28: 0
A29: 17 | B29: 1 | C29: =ROW(SmtRes!A22) -> 22 | D29: =ROW(EtalonRes!A26) -> 26 | E29: 3 | F29: 11-01-011-08 | G29: Устройство стяжек из выравнивающей смеси типа "Ветонит" 5000, толщиной 5 мм | H29: 100 м2 | I29: =ROUND(36.3/100,9) -> 0.363 | J29: 0 | O29: =ROUND(CP29,2) -> 24451.02 | P29: =ROUND(CQ29*I29,2) -> 23618.26 | Q29: =ROUND(CR29*I29,2) -> 17.19 | R29: =ROUND(CS29*I29,2) -> 5.43 | S29: =ROUND(CT29*I29,2) -> 815.57 | T29: =ROUND(CU29*I29,2) -> 0 | U29: =CV29*I29 -> 15.725341 | V29: =CW29*I29 -> 0.0771375 | W29: =ROUND(CX29*I29,2) -> 0 | X29: =ROUND(CY29,2) -> 911.31 | Y29: =ROUND(CZ29,2) -> 525.44 | AA29: 16501255 | AB29: =ROUND((AC29+AD29+AF29),6) -> 11078.647 | AC29: =ROUND((ES29),6) -> 10701.33 | AD29: =ROUND(((((ET29*1.25))-((EU29*1.25)))+AE29),6) -> 7.7875 | AE29: =ROUND(((EU29*1.25)),6) -> 2.4625 | AF29: =ROUND(((EV29*1.15)),6) -> 369.5295 | AG29: =ROUND((AP29),6) -> 0 | AH29: =((EW29*1.15)) -> 43.3205 | AI29: =((EX29*1.25)) -> 0.2125 | AJ29: =ROUND((AS29),6) -> 0 | AK29: 11028.89 | AL29: 10701.33 | AM29: 6.23 | AN29: 1.97 | AO29: 321.33 | AP29: 0 | AQ29: 37.67 | AR29: 0.17 | AS29: 0 | AT29: 111 | AU29: 64 | AV29: 1 | AW29: 1 | AZ29: 6.08 | BA29: 6.08 | BB29: 6.08 | BC29: 6.08 | BH29: 0 | BI29: 1 | BJ29: ФЕР-2001, 11-01-011-08, приказ Минстроя России №1039/пр от 30.12.2016г. | BM29: 11001 | BN29: 0 | BP29: 0 | BQ29: 2 | BR29: 0 | BS29: 6.08 | BT29: 1 | BU29: 1 | BV29: 1 | BW29: 1 | BX29: 1 | BZ29: 123 | CA29: 75 | CF29: 0 | CG29: 0 | CM29: 0 | CN29: Поправка: МДС 81-35.2004, п.4.7 Наименование: Работы, выполняемые при реконструкции зданий и сооружений работы, аналогичные технологическим процессам в новом строительстве (в том числе возведение новых конструктивных элементов) стоимость которых определена по соответствующим сборникам ФЕР, кроме сборника № 46 «Работы при реконструкции зданий и сооружений» | CO29: 0 | CP29: =(P29+Q29+S29) -> 24451.02 | CQ29: =AC29*BC29 -> 65064.086 | CR29: =AD29*BB29 -> 47.348 | CS29: =AE29*BS29 -> 14.972 | CT29: =AF29*BA29 -> 2246.7394 | CU29: =AG29 -> 0 | CV29: =AH29 -> 43.3205 | CW29: =AI29 -> 0.2125 | CX29: =AJ29 -> 0 | CY29: =(((S29+R29)*AT29)/100) -> 911.31 | CZ29: =(((S29+R29)*AU29)/100) -> 525.44 | DE29: )*1,25 | DF29: )*1,25 | DG29: )*1,15 | DI29: )*1,15 | DJ29: )*1,25 | DN29: 0 | DO29: 0 | DP29: 1 | DQ29: 1 | DU29: 1005 | DV29: 100 м2 | DW29: 100 м2 | DX29: 100 | EE29: 16510488 | EF29: 2 | EG29: Общестроительные работы | EH29: 0 | EJ29: 1 | EK29: 11001 | EL29: Полы | EM29: ФЕР-11 | EO29: Поправка: МДС 81-35.2004, п.4.7 | EQ29: 0 | ER29: 11028.89 | ES29: 10701.33 | ET29: 6.23 | EU29: 1.97 | EV29: 321.33 | EW29: 37.67 | EX29: 0.17 | EY29: 0 | FQ29: 0 | FR29: =ROUND(IF(AND(BH29=3,BI29=3),P29,0),2) -> 0 | FS29: 0 | FT29: *0,9 | FU29: *0,85 | FX29: 110.7 | FY29: 63.75 | GD29: 0 | GF29: 1715562049 | GG29: 1 | GH29: 1 | GI29: 4 | GJ29: 0 | GK29: =ROUND(R29*(S12)/100,2) -> 0 | GL29: =ROUND(IF(AND(BH29=3,BI29=3,FS29<>0),P29,0),2) -> 0 | GM29: =ROUND(O29+X29+Y29+GK29,2)+GX29 -> 25887.77 | GN29: =IF(OR(BI29=0,BI29=1),ROUND(O29+X29+Y29+GK29,2),0) -> 25887.77 | GO29: =IF(BI29=2,ROUND(O29+X29+Y29+GK29,2),0) -> 0 | GP29: =IF(BI29=4,ROUND(O29+X29+Y29+GK29,2)+GX29,0) -> 0 | GR29: 0 | GS29: 3 | GT29: 0 | GV29: =ROUND(GT29,6) -> 0 | GW29: 1 | GX29: =ROUND(GV29*GW29*I29,2) -> 0 | HA29: 0 | HB29: 0 | IK29: 0
A30: 17 | B30: 1 | C30: =ROW(SmtRes!A28) -> 28 | D30: =ROW(EtalonRes!A32) -> 32 | E30: 4 | F30: 11-01-011-10 | G30: Устройство стяжек на каждый последующий слой толщиной 1 мм добавлять к расценке 11-01-011-08 | H30: 100 м2 | I30: =ROUND(36.3/100,9) -> 0.363 | J30: 0 | O30: =ROUND(CP30,2) -> 3764.31 | P30: =ROUND(CQ30*I30,2) -> 3718.48 | Q30: =ROUND(CR30*I30,2) -> 2.75 | R30: =ROUND(CS30*I30,2) -> 0.79 | S30: =ROUND(CT30*I30,2) -> 43.08 | T30: =ROUND(CU30*I30,2) -> 0 | U30: =CV30*I30 -> 5.051145 | V30: =CW30*I30 -> 0.0680625 | W30: =ROUND(CX30*I30,2) -> 0 | X30: =ROUND(CY30,2) -> 48.7 | Y30: =ROUND(CZ30,2) -> 28.08 | AA30: 16501254 | AB30: =ROUND((AC30+AD30+AF30),6) -> 10369.993 | AC30: =ROUND(((ES30*5)),6) -> 10243.75 | AD30: =ROUND((((((ET30*5)*1.25))-(((EU30*5)*1.25)))+AE30),6) -> 7.5625 | AE30: =ROUND((((EU30*5)*1.25)),6) -> 2.1875 | AF30: =ROUND((((EV30*5)*1.15)),6) -> 118.68 | AG30: =ROUND((AP30),6) -> 0 | AH30: =(((EW30*5)*1.15)) -> 13.915 | AI30: =(((EX30*5)*1.25)) -> 0.1875 | AJ30: =ROUND((AS30),6) -> 0 | AK30: 2070.6 | AL30: 2048.75 | AM30: 1.21 | AN30: 0.35 | AO30: 20.64 | AP30: 0 | AQ30: 2.42 | AR30: 0.03 | AS30: 0 | AT30: 111 | AU30: 64 | AV30: 1 | AW30: 1 | AZ30: 1 | BA30: 1 | BB30: 1 | BC30: 1 | BH30: 0 | BI30: 1 | BJ30: ФЕР-2001, 11-01-011-10, приказ Минстроя России №1039/пр от 30.12.2016г. | BM30: 11001 | BN30: 0 | BP30: 0 | BQ30: 2 | BR30: 0 | BS30: 1 | BT30: 1 | BU30: 1 | BV30: 1 | BW30: 1 | BX30: 1 | BZ30: 123 | CA30: 75 | CF30: 0 | CG30: 0 | CM30: 0 | CN30: Поправка: МДС 81-35.2004, п.4.7 Наименование: Работы, выполняемые при реконструкции зданий и сооружений работы, аналогичные технологическим процессам в новом строительстве (в том числе возведение новых конструктивных элементов) стоимость которых определена по соответствующим сборникам ФЕР, кроме сборника № 46 «Работы при реконструкции зданий и сооружений» | CO30: 0 | CP30: =(P30+Q30+S30) -> 3764.31 | CQ30: =AC30*BC30 -> 10243.75 | CR30: =AD30*BB30 -> 7.5625 | CS30: =AE30*BS30 -> 2.1875 | CT30: =AF30*BA30 -> 118.68 | CU30: =AG30 -> 0 | CV30: =AH30 -> 13.915 | CW30: =AI30 -> 0.1875 | CX30: =AJ30 -> 0 | CY30: =(((S30+R30)*AT30)/100) -> 48.6957 | CZ30: =(((S30+R30)*AU30)/100) -> 28.0768 | DD30: *5 | DE30: *5)*1,25 | DF30: *5)*1,25 | DG30: *5)*1,15 | DI30: *5)*1,15 | DJ30: *5)*1,25 | DN30: 0 | DO30: 0 | DP30: 1 | DQ30: 1 | DU30: 1005 | DV30: 100 м2 | DW30: 100 м2 | DX30: 100 | EE30: 16510488 | EF30: 2 | EG30: Общестроительные работы | EH30: 0 | EJ30: 1 | EK30: 11001 | EL30: Полы | EM30: ФЕР-11 | EO30: Поправка: МДС 81-35.2004, п.4.7 | EQ30: 0 | ER30: 2070.6 | ES30: 2048.75 | ET30: 1.21 | EU30: 0.35 | EV30: 20.64 | EW30: 2.42 | EX30: 0.03 | EY30: 0 | FQ30: 0 | FR30: =ROUND(IF(AND(BH30=3,BI30=3),P30,0),2) -> 0 | FS30: 0 | FT30: *0,9 | FU30: *0,85 | FX30: 110.7 | FY30: 63.75 | GD30: 0 | GF30: 337317905 | GG30: 2 | GH30: 1 | GI30: -2 | GJ30: 0 | GK30: =ROUND(R30*(R12)/100,2) -> 0 | GL30: =ROUND(IF(AND(BH30=3,BI30=3,FS30<>0),P30,0),2) -> 0 | GM30: =ROUND(O30+X30+Y30+GK30,2)+GX30 -> 3841.09 | GN30: =IF(OR(BI30=0,BI30=1),ROUND(O30+X30+Y30+GK30,2),0) -> 3841.09 | GO30: =IF(BI30=2,ROUND(O30+X30+Y30+GK30,2),0) -> 0 | GP30: =IF(BI30=4,ROUND(O30+X30+Y30+GK30,2)+GX30,0) -> 0 | GR30: 0 | GS30: 3 | GT30: 0 | GV30: =ROUND(GT30,6) -> 0 | GW30: 1 | GX30: =ROUND(GV30*GW30*I30,2) -> 0 | HA30: 0 | HB30: 0 | IK30: 0
A31: 17 | B31: 1 | C31: =ROW(SmtRes!A34) -> 34 | D31: =ROW(EtalonRes!A38) -> 38 | E31: 4 | F31: 11-01-011-10 | G31: Устройство стяжек на каждый последующий слой толщиной 1 мм добавлять к расценке 11-01-011-08 | H31: 100 м2 | I31: =ROUND(36.3/100,9) -> 0.363 | J31: 0 | O31: =ROUND(CP31,2) -> 22886.99 | P31: =ROUND(CQ31*I31,2) -> 22608.37 | Q31: =ROUND(CR31*I31,2) -> 16.69 | R31: =ROUND(CS31*I31,2) -> 4.83 | S31: =ROUND(CT31*I31,2) -> 261.93 | T31: =ROUND(CU31*I31,2) -> 0 | U31: =CV31*I31 -> 5.051145 | V31: =CW31*I31 -> 0.0680625 | W31: =ROUND(CX31*I31,2) -> 0 | X31: =ROUND(CY31,2) -> 296.1 | Y31: =ROUND(CZ31,2) -> 170.73 | AA31: 16501255 | AB31: =ROUND((AC31+AD31+AF31),6) -> 10369.993 | AC31: =ROUND(((ES31*5)),6) -> 10243.75 | AD31: =ROUND((((((ET31*5)*1.25))-(((EU31*5)*1.25)))+AE31),6) -> 7.5625 | AE31: =ROUND((((EU31*5)*1.25)),6) -> 2.1875 | AF31: =ROUND((((EV31*5)*1.15)),6) -> 118.68 | AG31: =ROUND((AP31),6) -> 0 | AH31: =(((EW31*5)*1.15)) -> 13.915 | AI31: =(((EX31*5)*1.25)) -> 0.1875 | AJ31: =ROUND((AS31),6) -> 0 | AK31: 2070.6 | AL31: 2048.75 | AM31: 1.21 | AN31: 0.35 | AO31: 20.64 | AP31: 0 | AQ31: 2.42 | AR31: 0.03 | AS31: 0 | AT31: 111 | AU31: 64 | AV31: 1 | AW31: 1 | AZ31: 6.08 | BA31: 6.08 | BB31: 6.08 | BC31: 6.08 | BH31: 0 | BI31: 1 | BJ31: ФЕР-2001, 11-01-011-10, приказ Минстроя России №1039/пр от 30.12.2016г. | BM31: 11001 | BN31: 0 | BP31: 0 | BQ31: 2 | BR31: 0 | BS31: 6.08 | BT31: 1 | BU31: 1 | BV31: 1 | BW31: 1 | BX31: 1 | BZ31: 123 | CA31: 75 | CF31: 0 | CG31: 0 | CM31: 0 | CN31: Поправка: МДС 81-35.2004, п.4.7 Наименование: Работы, выполняемые при реконструкции зданий и сооружений работы, аналогичные технологическим процессам в новом строительстве (в том числе возведение новых конструктивных элементов) стоимость которых определена по соответствующим сборникам ФЕР, кроме сборника № 46 «Работы при реконструкции зданий и сооружений» | CO31: 0 | CP31: =(P31+Q31+S31) -> 22886.99 | CQ31: =AC31*BC31 -> 62282 | CR31: =AD31*BB31 -> 45.98 | CS31: =AE31*BS31 -> 13.3 | CT31: =AF31*BA31 -> 721.5744 | CU31: =AG31 -> 0 | CV31: =AH31 -> 13.915 | CW31: =AI31 -> 0.1875 | CX31: =AJ31 -> 0 | CY31: =(((S31+R31)*AT31)/100) -> 296.1036 | CZ31: =(((S31+R31)*AU31)/100) -> 170.7264 | DD31: *5 | DE31: *5)*1,25 | DF31: *5)*1,25 | DG31: *5)*1,15 | DI31: *5)*1,15 | DJ31: *5)*1,25 | DN31: 0 | DO31: 0 | DP31: 1 | DQ31: 1 | DU31: 1005 | DV31: 100 м2 | DW31: 100 м2 | DX31: 100 | EE31: 16510488 | EF31: 2 | EG31: Общестроительные работы | EH31: 0 | EJ31: 1 | EK31: 11001 | EL31: Полы | EM31: ФЕР-11 | EO31: Поправка: МДС 81-35.2004, п.4.7 | EQ31: 0 | ER31: 2070.6 | ES31: 2048.75 | ET31: 1.21 | EU31: 0.35 | EV31: 20.64 | EW31: 2.42 | EX31: 0.03 | EY31: 0 | FQ31: 0 | FR31: =ROUND(IF(AND(BH31=3,BI31=3),P31,0),2) -> 0 | FS31: 0 | FT31: *0,9 | FU31: *0,85 | FX31: 110.7 | FY31: 63.75 | GD31: 0 | GF31: 337317905 | GG31: 1 | GH31: 1 | GI31: 4 | GJ31: 0 | GK31: =ROUND(R31*(S12)/100,2) -> 0 | GL31: =ROUND(IF(AND(BH31=3,BI31=3,FS31<>0),P31,0),2) -> 0 | GM31: =ROUND(O31+X31+Y31+GK31,2)+GX31 -> 23353.82 | GN31: =IF(OR(BI31=0,BI31=1),ROUND(O31+X31+Y31+GK31,2),0) -> 23353.82 | GO31: =IF(BI31=2,ROUND(O31+X31+Y31+GK31,2),0) -> 0 | GP31: =IF(BI31=4,ROUND(O31+X31+Y31+GK31,2)+GX31,0) -> 0 | GR31: 0 | GS31: 3 | GT31: 0 | GV31: =ROUND(GT31,6) -> 0 | GW31: 1 | GX31: =ROUND(GV31*GW31*I31,2) -> 0 | HA31: 0 | HB31: 0 | IK31: 0
A32: 17 | B32: 1 | C32: =ROW(SmtRes!A42) -> 42 | D32: =ROW(EtalonRes!A45) -> 45 | E32: 5 | F32: 11-01-036-01 | G32: Устройство покрытий из линолеума на клее | H32: 100 м2 | I32: =ROUND(36.3/100,9) -> 0.363 | J32: 0 | O32: =ROUND(CP32,2) -> 167.28 | P32: =ROUND(CQ32*I32,2) -> 0.33 | Q32: =ROUND(CR32*I32,2) -> 19.87 | R32: =ROUND(CS32*I32,2) -> 4.78 | S32: =ROUND(CT32*I32,2) -> 147.08 | T32: =ROUND(CU32*I32,2) -> 0 | U32: =CV32*I32 -> 17.69988 | V32: =CW32*I32 -> 0.3856875 | W32: =ROUND(CX32*I32,2) -> 0 | X32: =ROUND(CY32,2) -> 168.56 | Y32: =ROUND(CZ32,2) -> 97.19 | AA32: 16501254 | AB32: =ROUND((AC32+AD32+AF32),6) -> 460.851 | AC32: =ROUND((ES32),6) -> 0.91 | AD32: =ROUND(((((ET32*1.25))-((EU32*1.25)))+AE32),6) -> 54.75 | AE32: =ROUND(((EU32*1.25)),6) -> 13.1625 | AF32: =ROUND(((EV32*1.15)),6) -> 405.191 | AG32: =ROUND((AP32),6) -> 0 | AH32: =((EW32*1.15)) -> 48.76 | AI32: =((EX32*1.25)) -> 1.0625 | AJ32: =ROUND((AS32),6) -> 0 | AK32: 397.05 | AL32: 0.91 | AM32: 43.8 | AN32: 10.53 | AO32: 352.34 | AP32: 0 | AQ32: 42.4 | AR32: 0.85 | AS32: 0 | AT32: 111 | AU32: 64 | AV32: 1 | AW32: 1 | AZ32: 1 | BA32: 1 | BB32: 1 | BC32: 1 | BH32: 0 | BI32: 1 | BJ32: ФЕР-2001, 11-01-036-01, приказ Минстроя России №1039/пр от 30.12.2016г. | BM32: 11001 | BN32: 0 | BP32: 0 | BQ32: 2 | BR32: 0 | BS32: 1 | BT32: 1 | BU32: 1 | BV32: 1 | BW32: 1 | BX32: 1 | BZ32: 123 | CA32: 75 | CF32: 0 | CG32: 0 | CM32: 0 | CN32: Поправка: МДС 81-35.2004, п.4.7 Наименование: Работы, выполняемые при реконструкции зданий и сооружений работы, аналогичные технологическим процессам в новом строительстве (в том числе возведение новых конструктивных элементов) стоимость которых определена по соответствующим сборникам ФЕР, кроме сборника № 46 «Работы при реконструкции зданий и сооружений» | CO32: 0 | CP32: =(P32+Q32+S32) -> 167.28 | CQ32: =AC32*BC32 -> 0.91 | CR32: =AD32*BB32 -> 54.75 | CS32: =AE32*BS32 -> 13.1625 | CT32: =AF32*BA32 -> 405.191 | CU32: =AG32 -> 0 | CV32: =AH32 -> 48.76 | CW32: =AI32 -> 1.0625 | CX32: =AJ32 -> 0 | CY32: =(((S32+R32)*AT32)/100) -> 168.5646 | CZ32: =(((S32+R32)*AU32)/100) -> 97.1904 | DE32: )*1,25 | DF32: )*1,25 | DG32: )*1,15 | DI32: )*1,15 | DJ32: )*1,25 | DN32: 0 | DO32: 0 | DP32: 1 | DQ32: 1 | DU32: 1005 | DV32: 100 м2 | DW32: 100 м2 | DX32: 100 | EE32: 16510488 | EF32: 2 | EG32: Общестроительные работы | EH32: 0 | EJ32: 1 | EK32: 11001 | EL32: Полы | EM32: ФЕР-11 | EO32: Поправка: МДС 81-35.2004, п.4.7 | EQ32: 0 | ER32: 397.05 | ES32: 0.91 | ET32: 43.8 | EU32: 10.53 | EV32: 352.34 | EW32: 42.4 | EX32: 0.85 | EY32: 0 | FQ32: 0 | FR32: =ROUND(IF(AND(BH32=3,BI32=3),P32,0),2) -> 0 | FS32: 0 | FT32: *0,9 | FU32: *0,85 | FX32: 110.7 | FY32: 63.75 | GD32: 0 | GF32: 35623097 | GG32: 2 | GH32: 1 | GI32: -2 | GJ32: 0 | GK32: =ROUND(R32*(R12)/100,2) -> 0 | GL32: =ROUND(IF(AND(BH32=3,BI32=3,FS32<>0),P32,0),2) -> 0 | GM32: =ROUND(O32+X32+Y32+GK32,2)+GX32 -> 433.03 | GN32: =IF(OR(BI32=0,BI32=1),ROUND(O32+X32+Y32+GK32,2),0) -> 433.03 | GO32: =IF(BI32=2,ROUND(O32+X32+Y32+GK32,2),0) -> 0 | GP32: =IF(BI32=4,ROUND(O32+X32+Y32+GK32,2)+GX32,0) -> 0 | GR32: 0 | GS32: 3 | GT32: 0 | GV32: =ROUND(GT32,6) -> 0 | GW32: 1 | GX32: =ROUND(GV32*GW32*I32,2) -> 0 | HA32: 0 | HB32: 0 | IK32: 0
A33: 17 | B33: 1 | C33: =ROW(SmtRes!A50) -> 50 | D33: =ROW(EtalonRes!A52) -> 52 | E33: 5 | F33: 11-01-036-01 | G33: Устройство покрытий из линолеума на клее | H33: 100 м2 | I33: =ROUND(36.3/100,9) -> 0.363 | J33: 0 | O33: =ROUND(CP33,2) -> 1017.12 | P33: =ROUND(CQ33*I33,2) -> 2.01 | Q33: =ROUND(CR33*I33,2) -> 120.84 | R33: =ROUND(CS33*I33,2) -> 29.05 | S33: =ROUND(CT33*I33,2) -> 894.27 | T33: =ROUND(CU33*I33,2) -> 0 | U33: =CV33*I33 -> 17.69988 | V33: =CW33*I33 -> 0.3856875 | W33: =ROUND(CX33*I33,2) -> 0 | X33: =ROUND(CY33,2) -> 1024.89 | Y33: =ROUND(CZ33,2) -> 590.92 | AA33: 16501255 | AB33: =ROUND((AC33+AD33+AF33),6) -> 460.851 | AC33: =ROUND((ES33),6) -> 0.91 | AD33: =ROUND(((((ET33*1.25))-((EU33*1.25)))+AE33),6) -> 54.75 | AE33: =ROUND(((EU33*1.25)),6) -> 13.1625 | AF33: =ROUND(((EV33*1.15)),6) -> 405.191 | AG33: =ROUND((AP33),6) -> 0 | AH33: =((EW33*1.15)) -> 48.76 | AI33: =((EX33*1.25)) -> 1.0625 | AJ33: =ROUND((AS33),6) -> 0 | AK33: 397.05 | AL33: 0.91 | AM33: 43.8 | AN33: 10.53 | AO33: 352.34 | AP33: 0 | AQ33: 42.4 | AR33: 0.85 | AS33: 0 | AT33: 111 | AU33: 64 | AV33: 1 | AW33: 1 | AZ33: 6.08 | BA33: 6.08 | BB33: 6.08 | BC33: 6.08 | BH33: 0 | BI33: 1 | BJ33: ФЕР-2001, 11-01-036-01, приказ Минстроя России №1039/пр от 30.12.2016г. | BM33: 11001 | BN33: 0 | BP33: 0 | BQ33: 2 | BR33: 0 | BS33: 6.08 | BT33: 1 | BU33: 1 | BV33: 1 | BW33: 1 | BX33: 1 | BZ33: 123 | CA33: 75 | CF33: 0 | CG33: 0 | CM33: 0 | CN33: Поправка: МДС 81-35.2004, п.4.7 Наименование: Работы, выполняемые при реконструкции зданий и сооружений работы, аналогичные технологическим процессам в новом строительстве (в том числе возведение новых конструктивных элементов) стоимость которых определена по соответствующим сборникам ФЕР, кроме сборника № 46 «Работы при реконструкции зданий и сооружений» | CO33: 0 | CP33: =(P33+Q33+S33) -> 1017.12 | CQ33: =AC33*BC33 -> 5.5328 | CR33: =AD33*BB33 -> 332.88 | CS33: =AE33*BS33 -> 80.028 | CT33: =AF33*BA33 -> 2463.5613 | CU33: =AG33 -> 0 | CV33: =AH33 -> 48.76 | CW33: =AI33 -> 1.0625 | CX33: =AJ33 -> 0 | CY33: =(((S33+R33)*AT33)/100) -> 1024.8852 | CZ33: =(((S33+R33)*AU33)/100) -> 590.9248 | DE33: )*1,25 | DF33: )*1,25 | DG33: )*1,15 | DI33: )*1,15 | DJ33: )*1,25 | DN33: 0 | DO33: 0 | DP33: 1 | DQ33: 1 | DU33: 1005 | DV33: 100 м2 | DW33: 100 м2 | DX33: 100 | EE33: 16510488 | EF33: 2 | EG33: Общестроительные работы | EH33: 0 | EJ33: 1 | EK33: 11001 | EL33: Полы | EM33: ФЕР-11 | EO33: Поправка: МДС 81-35.2004, п.4.7 | EQ33: 0 | ER33: 397.05 | ES33: 0.91 | ET33: 43.8 | EU33: 10.53 | EV33: 352.34 | EW33: 42.4 | EX33: 0.85 | EY33: 0 | FQ33: 0 | FR33: =ROUND(IF(AND(BH33=3,BI33=3),P33,0),2) -> 0 | FS33: 0 | FT33: *0,9 | FU33: *0,85 | FX33: 110.7 | FY33: 63.75 | GD33: 0 | GF33: 35623097 | GG33: 1 | GH33: 1 | GI33: 4 | GJ33: 0 | GK33: =ROUND(R33*(S12)/100,2) -> 0 | GL33: =ROUND(IF(AND(BH33=3,BI33=3,FS33<>0),P33,0),2) -> 0 | GM33: =ROUND(O33+X33+Y33+GK33,2)+GX33 -> 2632.93 | GN33: =IF(OR(BI33=0,BI33=1),ROUND(O33+X33+Y33+GK33,2),0) -> 2632.93 | GO33: =IF(BI33=2,ROUND(O33+X33+Y33+GK33,2),0) -> 0 | GP33: =IF(BI33=4,ROUND(O33+X33+Y33+GK33,2)+GX33,0) -> 0 | GR33: 0 | GS33: 3 | GT33: 0 | GV33: =ROUND(GT33,6) -> 0 | GW33: 1 | GX33: =ROUND(GV33*GW33*I33,2) -> 0 | HA33: 0 | HB33: 0 | IK33: 0
A34: 18 | B34: 1 | C34: 39 | E34: 5,1 | F34: 01.6.03.04 | G34: Линолеум на теплозвукоизолирующей подоснове | H34: м2 | I34: =I32*J34 -> 37.026 | J34: 102 | O34: =ROUND(CP34,2) -> 0 | P34: =ROUND(CQ34*I34,2) -> 0 | Q34: =ROUND(CR34*I34,2) -> 0 | R34: =ROUND(CS34*I34,2) -> 0 | S34: =ROUND(CT34*I34,2) -> 0 | T34: =ROUND(CU34*I34,2) -> 0 | U34: =CV34*I34 -> 0 | V34: =CW34*I34 -> 0 | W34: =ROUND(CX34*I34,2) -> 0 | X34: =ROUND(CY34,2) -> 0 | Y34: =ROUND(CZ34,2) -> 0 | AA34: 16501254 | AB34: =ROUND((AC34+AD34+AF34),6) -> 0 | AC34: =ROUND((ES34),6) -> 0 | AD34: =ROUND((((ET34)-(EU34))+AE34),6) -> 0 | AE34: =ROUND((EU34),6) -> 0 | AF34: =ROUND((EV34),6) -> 0 | AG34: =ROUND((AP34),6) -> 0 | AH34: =(EW34) -> 0 | AI34: =(EX34) -> 0 | AJ34: =ROUND((AS34),6) -> 0 | AK34: 0 | AL34: 0 | AM34: 0 | AN34: 0 | AO34: 0 | AP34: 0 | AQ34: 0 | AR34: 0 | AS34: 0 | AT34: 111 | AU34: 64 | AV34: 1 | AW34: 1 | AZ34: 1 | BA34: 1 | BB34: 1 | BC34: 1 | BH34: 3 | BI34: 1 | BM34: 11001 | BN34: 0 | BP34: 0 | BQ34: 2 | BR34: 0 | BS34: 1 | BT34: 1 | BU34: 1 | BV34: 1 | BW34: 1 | BX34: 1 | BZ34: 123 | CA34: 75 | CF34: 0 | CG34: 0 | CM34: 0 | CO34: 0 | CP34: =(P34+Q34+S34) -> 0 | CQ34: =AC34*BC34 -> 0 | CR34: =AD34*BB34 -> 0 | CS34: =AE34*BS34 -> 0 | CT34: =AF34*BA34 -> 0 | CU34: =AG34 -> 0 | CV34: =AH34 -> 0 | CW34: =AI34 -> 0 | CX34: =AJ34 -> 0 | CY34: =(((S34+R34)*AT34)/100) -> 0 | CZ34: =(((S34+R34)*AU34)/100) -> 0 | DN34: 0 | DO34: 0 | DP34: 1 | DQ34: 1 | DU34: 1005 | DV34: м2 | DW34: м2 | DX34: 1 | EE34: 16510488 | EF34: 2 | EG34: Общестроительные работы | EH34: 0 | EJ34: 1 | EK34: 11001 | EL34: Полы | EM34: ФЕР-11 | EQ34: 0 | ER34: 0 | ES34: 0 | ET34: 0 | EU34: 0 | EV34: 0 | EW34: 0 | EX34: 0 | FQ34: 0 | FR34: =ROUND(IF(AND(BH34=3,BI34=3),P34,0),2) -> 0 | FS34: 0 | FT34: *0,9 | FU34: *0,85 | FX34: 110.7 | FY34: 63.75 | GD34: 0 | GF34: -919469713 | GG34: 2 | GH34: 1 | GI34: -2 | GJ34: 0 | GK34: =ROUND(R34*(R12)/100,2) -> 0 | GL34: =ROUND(IF(AND(BH34=3,BI34=3,FS34<>0),P34,0),2) -> 0 | GM34: =ROUND(O34+X34+Y34+GK34,2)+GX34 -> 0 | GN34: =IF(OR(BI34=0,BI34=1),ROUND(O34+X34+Y34+GK34,2),0) -> 0 | GO34: =IF(BI34=2,ROUND(O34+X34+Y34+GK34,2),0) -> 0 | GP34: =IF(BI34=4,ROUND(O34+X34+Y34+GK34,2)+GX34,0) -> 0 | GR34: 0 | GS34: 3 | GT34: 0 | GV34: =ROUND(GT34,6) -> 0 | GW34: 1 | GX34: =ROUND(GV34*GW34*I34,2) -> 0 | HA34: 0 | HB34: 0 | IK34: 0
A35: 18 | B35: 1 | C35: 47 | E35: 5,1 | F35: 01.6.03.04 | G35: Линолеум на теплозвукоизолирующей подоснове | H35: м2 | I35: =I33*J35 -> 37.026 | J35: 102 | O35: =ROUND(CP35,2) -> 0 | P35: =ROUND(CQ35*I35,2) -> 0 | Q35: =ROUND(CR35*I35,2) -> 0 | R35: =ROUND(CS35*I35,2) -> 0 | S35: =ROUND(CT35*I35,2) -> 0 | T35: =ROUND(CU35*I35,2) -> 0 | U35: =CV35*I35 -> 0 | V35: =CW35*I35 -> 0 | W35: =ROUND(CX35*I35,2) -> 0 | X35: =ROUND(CY35,2) -> 0 | Y35: =ROUND(CZ35,2) -> 0 | AA35: 16501255 | AB35: =ROUND((AC35+AD35+AF35),6) -> 0 | AC35: =ROUND((ES35),6) -> 0 | AD35: =ROUND((((ET35)-(EU35))+AE35),6) -> 0 | AE35: =ROUND((EU35),6) -> 0 | AF35: =ROUND((EV35),6) -> 0 | AG35: =ROUND((AP35),6) -> 0 | AH35: =(EW35) -> 0 | AI35: =(EX35) -> 0 | AJ35: =ROUND((AS35),6) -> 0 | AK35: 0 | AL35: 0 | AM35: 0 | AN35: 0 | AO35: 0 | AP35: 0 | AQ35: 0 | AR35: 0 | AS35: 0 | AT35: 111 | AU35: 64 | AV35: 1 | AW35: 1 | AZ35: 6.08 | BA35: 1 | BB35: 1 | BC35: 6.08 | BH35: 3 | BI35: 1 | BM35: 11001 | BN35: 0 | BP35: 0 | BQ35: 2 | BR35: 0 | BS35: 1 | BT35: 1 | BU35: 1 | BV35: 1 | BW35: 1 | BX35: 1 | BZ35: 123 | CA35: 75 | CF35: 0 | CG35: 0 | CM35: 0 | CO35: 0 | CP35: =(P35+Q35+S35) -> 0 | CQ35: =AC35*BC35 -> 0 | CR35: =AD35*BB35 -> 0 | CS35: =AE35*BS35 -> 0 | CT35: =AF35*BA35 -> 0 | CU35: =AG35 -> 0 | CV35: =AH35 -> 0 | CW35: =AI35 -> 0 | CX35: =AJ35 -> 0 | CY35: =(((S35+R35)*AT35)/100) -> 0 | CZ35: =(((S35+R35)*AU35)/100) -> 0 | DN35: 0 | DO35: 0 | DP35: 1 | DQ35: 1 | DU35: 1005 | DV35: м2 | DW35: м2 | DX35: 1 | EE35: 16510488 | EF35: 2 | EG35: Общестроительные работы | EH35: 0 | EJ35: 1 | EK35: 11001 | EL35: Полы | EM35: ФЕР-11 | EQ35: 0 | ER35: 0 | ES35: 0 | ET35: 0 | EU35: 0 | EV35: 0 | EW35: 0 | EX35: 0 | FQ35: 0 | FR35: =ROUND(IF(AND(BH35=3,BI35=3),P35,0),2) -> 0 | FS35: 0 | FT35: *0,9 | FU35: *0,85 | FX35: 110.7 | FY35: 63.75 | GD35: 0 | GF35: -919469713 | GG35: 1 | GH35: 1 | GI35: 4 | GJ35: 0 | GK35: =ROUND(R35*(S12)/100,2) -> 0 | GL35: =ROUND(IF(AND(BH35=3,BI35=3,FS35<>0),P35,0),2) -> 0 | GM35: =ROUND(O35+X35+Y35+GK35,2)+GX35 -> 0 | GN35: =IF(OR(BI35=0,BI35=1),ROUND(O35+X35+Y35+GK35,2),0) -> 0 | GO35: =IF(BI35=2,ROUND(O35+X35+Y35+GK35,2),0) -> 0 | GP35: =IF(BI35=4,ROUND(O35+X35+Y35+GK35,2)+GX35,0) -> 0 | GR35: 0 | GS35: 3 | GT35: 0 | GV35: =ROUND(GT35,6) -> 0 | GW35: 1 | GX35: =ROUND(GV35*GW35*I35,2) -> 0 | HA35: 0 | HB35: 0 | IK35: 0
A36: 18 | B36: 1 | C36: 40 | E36: 5,2 | F36: 01.6.03.04-0112 | G36: Линолеум коммерческий гомогенный "ТАРКЕТТ iQ MONOLIT" (толщина 2 мм, класс 34/43, пож. безопасность Г1, В2, РП1, Д2, Т2) | H36: м2 | I36: =I32*J36 -> 37.026 | J36: 102 | O36: =ROUND(CP36,2) -> 2646.25 | P36: =ROUND(CQ36*I36,2) -> 2646.25 | Q36: =ROUND(CR36*I36,2) -> 0 | R36: =ROUND(CS36*I36,2) -> 0 | S36: =ROUND(CT36*I36,2) -> 0 | T36: =ROUND(CU36*I36,2) -> 0 | U36: =CV36*I36 -> 0 | V36: =CW36*I36 -> 0 | W36: =ROUND(CX36*I36,2) -> 0 | X36: =ROUND(CY36,2) -> 0 | Y36: =ROUND(CZ36,2) -> 0 | AA36: 16501254 | AB36: =ROUND((AC36+AD36+AF36),6) -> 71.47 | AC36: =ROUND((ES36),6) -> 71.47 | AD36: =ROUND((((ET36)-(EU36))+AE36),6) -> 0 | AE36: =ROUND((EU36),6) -> 0 | AF36: =ROUND((EV36),6) -> 0 | AG36: =ROUND((AP36),6) -> 0 | AH36: =(EW36) -> 0 | AI36: =(EX36) -> 0 | AJ36: =ROUND((AS36),6) -> 0 | AK36: 71.47 | AL36: 71.47 | AM36: 0 | AN36: 0 | AO36: 0 | AP36: 0 | AQ36: 0 | AR36: 0 | AS36: 0 | AT36: 111 | AU36: 64 | AV36: 1 | AW36: 1 | AZ36: 1 | BA36: 1 | BB36: 1 | BC36: 1 | BH36: 3 | BI36: 1 | BJ36: ФССЦ-2001, 01.6.03.04-0112, приказ Минстроя России №1039/пр от 30.12.2016г. | BM36: 11001 | BN36: 0 | BP36: 0 | BQ36: 2 | BR36: 0 | BS36: 1 | BT36: 1 | BU36: 1 | BV36: 1 | BW36: 1 | BX36: 1 | BZ36: 123 | CA36: 75 | CF36: 0 | CG36: 0 | CM36: 0 | CO36: 0 | CP36: =(P36+Q36+S36) -> 2646.25 | CQ36: =AC36*BC36 -> 71.47 | CR36: =AD36*BB36 -> 0 | CS36: =AE36*BS36 -> 0 | CT36: =AF36*BA36 -> 0 | CU36: =AG36 -> 0 | CV36: =AH36 -> 0 | CW36: =AI36 -> 0 | CX36: =AJ36 -> 0 | CY36: =(((S36+R36)*AT36)/100) -> 0 | CZ36: =(((S36+R36)*AU36)/100) -> 0 | DN36: 0 | DO36: 0 | DP36: 1 | DQ36: 1 | DU36: 1005 | DV36: м2 | DW36: м2 | DX36: 1 | EE36: 16510488 | EF36: 2 | EG36: Общестроительные работы | EH36: 0 | EJ36: 1 | EK36: 11001 | EL36: Полы | EM36: ФЕР-11 | EQ36: 0 | ER36: 71.47 | ES36: 71.47 | ET36: 0 | EU36: 0 | EV36: 0 | EW36: 0 | EX36: 0 | FQ36: 0 | FR36: =ROUND(IF(AND(BH36=3,BI36=3),P36,0),2) -> 0 | FS36: 0 | FT36: *0,9 | FU36: *0,85 | FX36: 110.7 | FY36: 63.75 | GD36: 0 | GF36: 630556909 | GG36: 2 | GH36: 1 | GI36: -2 | GJ36: 0 | GK36: =ROUND(R36*(R12)/100,2) -> 0 | GL36: =ROUND(IF(AND(BH36=3,BI36=3,FS36<>0),P36,0),2) -> 0 | GM36: =ROUND(O36+X36+Y36+GK36,2)+GX36 -> 2646.25 | GN36: =IF(OR(BI36=0,BI36=1),ROUND(O36+X36+Y36+GK36,2),0) -> 2646.25 | GO36: =IF(BI36=2,ROUND(O36+X36+Y36+GK36,2),0) -> 0 | GP36: =IF(BI36=4,ROUND(O36+X36+Y36+GK36,2)+GX36,0) -> 0 | GR36: 0 | GS36: 3 | GT36: 0 | GV36: =ROUND(GT36,6) -> 0 | GW36: 1 | GX36: =ROUND(GV36*GW36*I36,2) -> 0 | HA36: 0 | HB36: 0 | IK36: 0
A37: 18 | B37: 1 | C37: 48 | E37: 5,2 | F37: 01.6.03.04-0112 | G37: Линолеум коммерческий гомогенный "ТАРКЕТТ iQ MONOLIT" (толщина 2 мм, класс 34/43, пож. безопасность Г1, В2, РП1, Д2, Т2) | H37: м2 | I37: =I33*J37 -> 37.026 | J37: 102 | O37: =ROUND(CP37,2) -> 16089.19 | P37: =ROUND(CQ37*I37,2) -> 16089.19 | Q37: =ROUND(CR37*I37,2) -> 0 | R37: =ROUND(CS37*I37,2) -> 0 | S37: =ROUND(CT37*I37,2) -> 0 | T37: =ROUND(CU37*I37,2) -> 0 | U37: =CV37*I37 -> 0 | V37: =CW37*I37 -> 0 | W37: =ROUND(CX37*I37,2) -> 0 | X37: =ROUND(CY37,2) -> 0 | Y37: =ROUND(CZ37,2) -> 0 | AA37: 16501255 | AB37: =ROUND((AC37+AD37+AF37),6) -> 71.47 | AC37: =ROUND((ES37),6) -> 71.47 | AD37: =ROUND((((ET37)-(EU37))+AE37),6) -> 0 | AE37: =ROUND((EU37),6) -> 0 | AF37: =ROUND((EV37),6) -> 0 | AG37: =ROUND((AP37),6) -> 0 | AH37: =(EW37) -> 0 | AI37: =(EX37) -> 0 | AJ37: =ROUND((AS37),6) -> 0 | AK37: 71.47 | AL37: 71.47 | AM37: 0 | AN37: 0 | AO37: 0 | AP37: 0 | AQ37: 0 | AR37: 0 | AS37: 0 | AT37: 111 | AU37: 64 | AV37: 1 | AW37: 1 | AZ37: 6.08 | BA37: 1 | BB37: 1 | BC37: 6.08 | BH37: 3 | BI37: 1 | BJ37: ФССЦ-2001, 01.6.03.04-0112, приказ Минстроя России №1039/пр от 30.12.2016г. | BM37: 11001 | BN37: 0 | BP37: 0 | BQ37: 2 | BR37: 0 | BS37: 1 | BT37: 1 | BU37: 1 | BV37: 1 | BW37: 1 | BX37: 1 | BZ37: 123 | CA37: 75 | CF37: 0 | CG37: 0 | CM37: 0 | CO37: 0 | CP37: =(P37+Q37+S37) -> 16089.19 | CQ37: =AC37*BC37 -> 434.5376 | CR37: =AD37*BB37 -> 0 | CS37: =AE37*BS37 -> 0 | CT37: =AF37*BA37 -> 0 | CU37: =AG37 -> 0 | CV37: =AH37 -> 0 | CW37: =AI37 -> 0 | CX37: =AJ37 -> 0 | CY37: =(((S37+R37)*AT37)/100) -> 0 | CZ37: =(((S37+R37)*AU37)/100) -> 0 | DN37: 0 | DO37: 0 | DP37: 1 | DQ37: 1 | DU37: 1005 | DV37: м2 | DW37: м2 | DX37: 1 | EE37: 16510488 | EF37: 2 | EG37: Общестроительные работы | EH37: 0 | EJ37: 1 | EK37: 11001 | EL37: Полы | EM37: ФЕР-11 | EQ37: 0 | ER37: 71.47 | ES37: 71.47 | ET37: 0 | EU37: 0 | EV37: 0 | EW37: 0 | EX37: 0 | FQ37: 0 | FR37: =ROUND(IF(AND(BH37=3,BI37=3),P37,0),2) -> 0 | FS37: 0 | FT37: *0,9 | FU37: *0,85 | FX37: 110.7 | FY37: 63.75 | GD37: 0 | GF37: 630556909 | GG37: 1 | GH37: 1 | GI37: 4 | GJ37: 0 | GK37: =ROUND(R37*(S12)/100,2) -> 0 | GL37: =ROUND(IF(AND(BH37=3,BI37=3,FS37<>0),P37,0),2) -> 0 | GM37: =ROUND(O37+X37+Y37+GK37,2)+GX37 -> 16089.19 | GN37: =IF(OR(BI37=0,BI37=1),ROUND(O37+X37+Y37+GK37,2),0) -> 16089.19 | GO37: =IF(BI37=2,ROUND(O37+X37+Y37+GK37,2),0) -> 0 | GP37: =IF(BI37=4,ROUND(O37+X37+Y37+GK37,2)+GX37,0) -> 0 | GR37: 0 | GS37: 3 | GT37: 0 | GV37: =ROUND(GT37,6) -> 0 | GW37: 1 | GX37: =ROUND(GV37*GW37*I37,2) -> 0 | HA37: 0 | HB37: 0 | IK37: 0
A38: 18 | B38: 1 | C38: 42 | E38: 5,3 | F38: 14.1.02.04-0101 | G38: Клей «Бустилат» | H38: т | I38: =I32*J38 -> 0.01815 | J38: 0.05 | O38: =ROUND(CP38,2) -> 205.1 | P38: =ROUND(CQ38*I38,2) -> 205.1 | Q38: =ROUND(CR38*I38,2) -> 0 | R38: =ROUND(CS38*I38,2) -> 0 | S38: =ROUND(CT38*I38,2) -> 0 | T38: =ROUND(CU38*I38,2) -> 0 | U38: =CV38*I38 -> 0 | V38: =CW38*I38 -> 0 | W38: =ROUND(CX38*I38,2) -> 0 | X38: =ROUND(CY38,2) -> 0 | Y38: =ROUND(CZ38,2) -> 0 | AA38: 16501254 | AB38: =ROUND((AC38+AD38+AF38),6) -> 11300 | AC38: =ROUND((ES38),6) -> 11300 | AD38: =ROUND((((ET38)-(EU38))+AE38),6) -> 0 | AE38: =ROUND((EU38),6) -> 0 | AF38: =ROUND((EV38),6) -> 0 | AG38: =ROUND((AP38),6) -> 0 | AH38: =(EW38) -> 0 | AI38: =(EX38) -> 0 | AJ38: =ROUND((AS38),6) -> 0 | AK38: 11300 | AL38: 11300 | AM38: 0 | AN38: 0 | AO38: 0 | AP38: 0 | AQ38: 0 | AR38: 0 | AS38: 0 | AT38: 111 | AU38: 64 | AV38: 1 | AW38: 1 | AZ38: 1 | BA38: 1 | BB38: 1 | BC38: 1 | BH38: 3 | BI38: 1 | BJ38: ФССЦ-2001, 14.1.02.04-0101, приказ Минстроя России №1039/пр от 30.12.2016г. | BM38: 11001 | BN38: 0 | BP38: 0 | BQ38: 2 | BR38: 0 | BS38: 1 | BT38: 1 | BU38: 1 | BV38: 1 | BW38: 1 | BX38: 1 | BZ38: 123 | CA38: 75 | CF38: 0 | CG38: 0 | CM38: 0 | CO38: 0 | CP38: =(P38+Q38+S38) -> 205.1 | CQ38: =AC38*BC38 -> 11300 | CR38: =AD38*BB38 -> 0 | CS38: =AE38*BS38 -> 0 | CT38: =AF38*BA38 -> 0 | CU38: =AG38 -> 0 | CV38: =AH38 -> 0 | CW38: =AI38 -> 0 | CX38: =AJ38 -> 0 | CY38: =(((S38+R38)*AT38)/100) -> 0 | CZ38: =(((S38+R38)*AU38)/100) -> 0 | DN38: 0 | DO38: 0 | DP38: 1 | DQ38: 1 | DU38: 1009 | DV38: т | DW38: т | DX38: 1000 | EE38: 16510488 | EF38: 2 | EG38: Общестроительные работы | EH38: 0 | EJ38: 1 | EK38: 11001 | EL38: Полы | EM38: ФЕР-11 | EQ38: 0 | ER38: 11300 | ES38: 11300 | ET38: 0 | EU38: 0 | EV38: 0 | EW38: 0 | EX38: 0 | FQ38: 0 | FR38: =ROUND(IF(AND(BH38=3,BI38=3),P38,0),2) -> 0 | FS38: 0 | FT38: *0,9 | FU38: *0,85 | FX38: 110.7 | FY38: 63.75 | GD38: 0 | GF38: 486476101 | GG38: 2 | GH38: 1 | GI38: -2 | GJ38: 0 | GK38: =ROUND(R38*(R12)/100,2) -> 0 | GL38: =ROUND(IF(AND(BH38=3,BI38=3,FS38<>0),P38,0),2) -> 0 | GM38: =ROUND(O38+X38+Y38+GK38,2)+GX38 -> 205.1 | GN38: =IF(OR(BI38=0,BI38=1),ROUND(O38+X38+Y38+GK38,2),0) -> 205.1 | GO38: =IF(BI38=2,ROUND(O38+X38+Y38+GK38,2),0) -> 0 | GP38: =IF(BI38=4,ROUND(O38+X38+Y38+GK38,2)+GX38,0) -> 0 | GR38: 0 | GS38: 3 | GT38: 0 | GV38: =ROUND(GT38,6) -> 0 | GW38: 1 | GX38: =ROUND(GV38*GW38*I38,2) -> 0 | HA38: 0 | HB38: 0 | IK38: 0
A39: 18 | B39: 1 | C39: 50 | E39: 5,3 | F39: 14.1.02.04-0101 | G39: Клей «Бустилат» | H39: т | I39: =I33*J39 -> 0.01815 | J39: 0.05 | O39: =ROUND(CP39,2) -> 1246.98 | P39: =ROUND(CQ39*I39,2) -> 1246.98 | Q39: =ROUND(CR39*I39,2) -> 0 | R39: =ROUND(CS39*I39,2) -> 0 | S39: =ROUND(CT39*I39,2) -> 0 | T39: =ROUND(CU39*I39,2) -> 0 | U39: =CV39*I39 -> 0 | V39: =CW39*I39 -> 0 | W39: =ROUND(CX39*I39,2) -> 0 | X39: =ROUND(CY39,2) -> 0 | Y39: =ROUND(CZ39,2) -> 0 | AA39: 16501255 | AB39: =ROUND((AC39+AD39+AF39),6) -> 11300 | AC39: =ROUND((ES39),6) -> 11300 | AD39: =ROUND((((ET39)-(EU39))+AE39),6) -> 0 | AE39: =ROUND((EU39),6) -> 0 | AF39: =ROUND((EV39),6) -> 0 | AG39: =ROUND((AP39),6) -> 0 | AH39: =(EW39) -> 0 | AI39: =(EX39) -> 0 | AJ39: =ROUND((AS39),6) -> 0 | AK39: 11300 | AL39: 11300 | AM39: 0 | AN39: 0 | AO39: 0 | AP39: 0 | AQ39: 0 | AR39: 0 | AS39: 0 | AT39: 111 | AU39: 64 | AV39: 1 | AW39: 1 | AZ39: 6.08 | BA39: 1 | BB39: 1 | BC39: 6.08 | BH39: 3 | BI39: 1 | BJ39: ФССЦ-2001, 14.1.02.04-0101, приказ Минстроя России №1039/пр от 30.12.2016г. | BM39: 11001 | BN39: 0 | BP39: 0 | BQ39: 2 | BR39: 0 | BS39: 1 | BT39: 1 | BU39: 1 | BV39: 1 | BW39: 1 | BX39: 1 | BZ39: 123 | CA39: 75 | CF39: 0 | CG39: 0 | CM39: 0 | CO39: 0 | CP39: =(P39+Q39+S39) -> 1246.98 | CQ39: =AC39*BC39 -> 68704 | CR39: =AD39*BB39 -> 0 | CS39: =AE39*BS39 -> 0 | CT39: =AF39*BA39 -> 0 | CU39: =AG39 -> 0 | CV39: =AH39 -> 0 | CW39: =AI39 -> 0 | CX39: =AJ39 -> 0 | CY39: =(((S39+R39)*AT39)/100) -> 0 | CZ39: =(((S39+R39)*AU39)/100) -> 0 | DN39: 0 | DO39: 0 | DP39: 1 | DQ39: 1 | DU39: 1009 | DV39: т | DW39: т | DX39: 1000 | EE39: 16510488 | EF39: 2 | EG39: Общестроительные работы | EH39: 0 | EJ39: 1 | EK39: 11001 | EL39: Полы | EM39: ФЕР-11 | EQ39: 0 | ER39: 11300 | ES39: 11300 | ET39: 0 | EU39: 0 | EV39: 0 | EW39: 0 | EX39: 0 | FQ39: 0 | FR39: =ROUND(IF(AND(BH39=3,BI39=3),P39,0),2) -> 0 | FS39: 0 | FT39: *0,9 | FU39: *0,85 | FX39: 110.7 | FY39: 63.75 | GD39: 0 | GF39: 486476101 | GG39: 1 | GH39: 1 | GI39: 4 | GJ39: 0 | GK39: =ROUND(R39*(S12)/100,2) -> 0 | GL39: =ROUND(IF(AND(BH39=3,BI39=3,FS39<>0),P39,0),2) -> 0 | GM39: =ROUND(O39+X39+Y39+GK39,2)+GX39 -> 1246.98 | GN39: =IF(OR(BI39=0,BI39=1),ROUND(O39+X39+Y39+GK39,2),0) -> 1246.98 | GO39: =IF(BI39=2,ROUND(O39+X39+Y39+GK39,2),0) -> 0 | GP39: =IF(BI39=4,ROUND(O39+X39+Y39+GK39,2)+GX39,0) -> 0 | GR39: 0 | GS39: 3 | GT39: 0 | GV39: =ROUND(GT39,6) -> 0 | GW39: 1 | GX39: =ROUND(GV39*GW39*I39,2) -> 0 | HA39: 0 | HB39: 0 | IK39: 0
A40: 17 | B40: 1 | C40: =ROW(SmtRes!A62) -> 62 | D40: =ROW(EtalonRes!A64) -> 64 | E40: 6 | F40: 11-01-040-03 | G40: Устройство плинтусов поливинилхлоридных на винтах самонарезающих | H40: 100 м | I40: =ROUND(23.2/100,9) -> 0.232 | J40: 0 | O40: =ROUND(CP40,2) -> 34.06 | P40: =ROUND(CQ40*I40,2) -> 17.08 | Q40: =ROUND(CR40*I40,2) -> 0.62 | R40: =ROUND(CS40*I40,2) -> 0.12 | S40: =ROUND(CT40*I40,2) -> 16.36 | T40: =ROUND(CU40*I40,2) -> 0 | U40: =CV40*I40 -> 1.782224 | V40: =CW40*I40 -> 0.0116 | W40: =ROUND(CX40*I40,2) -> 0 | X40: =ROUND(CY40,2) -> 18.29 | Y40: =ROUND(CZ40,2) -> 10.55 | AA40: 16501254 | AB40: =ROUND((AC40+AD40+AF40),6) -> 146.8205 | AC40: =ROUND((ES40),6) -> 73.64 | AD40: =ROUND(((((ET40*1.25))-((EU40*1.25)))+AE40),6) -> 2.6625 | AE40: =ROUND(((EU40*1.25)),6) -> 0.525 | AF40: =ROUND(((EV40*1.15)),6) -> 70.518 | AG40: =ROUND((AP40),6) -> 0 | AH40: =((EW40*1.15)) -> 7.682 | AI40: =((EX40*1.25)) -> 0.05 | AJ40: =ROUND((AS40),6) -> 0 | AK40: 137.09 | AL40: 73.64 | AM40: 2.13 | AN40: 0.42 | AO40: 61.32 | AP40: 0 | AQ40: 6.68 | AR40: 0.04 | AS40: 0 | AT40: 111 | AU40: 64 | AV40: 1 | AW40: 1 | AZ40: 1 | BA40: 1 | BB40: 1 | BC40: 1 | BH40: 0 | BI40: 1 | BJ40: ФЕР-2001, 11-01-040-03, приказ Минстроя России №1039/пр от 30.12.2016г. | BM40: 11001 | BN40: 0 | BP40: 0 | BQ40: 2 | BR40: 0 | BS40: 1 | BT40: 1 | BU40: 1 | BV40: 1 | BW40: 1 | BX40: 1 | BZ40: 123 | CA40: 75 | CF40: 0 | CG40: 0 | CM40: 0 | CN40: Поправка: МДС 81-35.2004, п.4.7 Наименование: Работы, выполняемые при реконструкции зданий и сооружений работы, аналогичные технологическим процессам в новом строительстве (в том числе возведение новых конструктивных элементов) стоимость которых определена по соответствующим сборникам ФЕР, кроме сборника № 46 «Работы при реконструкции зданий и сооружений» | CO40: 0 | CP40: =(P40+Q40+S40) -> 34.06 | CQ40: =AC40*BC40 -> 73.64 | CR40: =AD40*BB40 -> 2.6625 | CS40: =AE40*BS40 -> 0.525 | CT40: =AF40*BA40 -> 70.518 | CU40: =AG40 -> 0 | CV40: =AH40 -> 7.682 | CW40: =AI40 -> 0.05 | CX40: =AJ40 -> 0 | CY40: =(((S40+R40)*AT40)/100) -> 18.2928 | CZ40: =(((S40+R40)*AU40)/100) -> 10.5472 | DE40: )*1,25 | DF40: )*1,25 | DG40: )*1,15 | DI40: )*1,15 | DJ40: )*1,25 | DN40: 0 | DO40: 0 | DP40: 1 | DQ40: 1 | DU40: 1003 | DV40: 100 м | DW40: 100 м | DX40: 100 | EE40: 16510488 | EF40: 2 | EG40: Общестроительные работы | EH40: 0 | EJ40: 1 | EK40: 11001 | EL40: Полы | EM40: ФЕР-11 | EO40: Поправка: МДС 81-35.2004, п.4.7 | EQ40: 0 | ER40: 137.09 | ES40: 73.64 | ET40: 2.13 | EU40: 0.42 | EV40: 61.32 | EW40: 6.68 | EX40: 0.04 | EY40: 0 | FQ40: 0 | FR40: =ROUND(IF(AND(BH40=3,BI40=3),P40,0),2) -> 0 | FS40: 0 | FT40: *0,9 | FU40: *0,85 | FX40: 110.7 | FY40: 63.75 | GD40: 0 | GF40: -1404287246 | GG40: 2 | GH40: 1 | GI40: -2 | GJ40: 0 | GK40: =ROUND(R40*(R12)/100,2) -> 0 | GL40: =ROUND(IF(AND(BH40=3,BI40=3,FS40<>0),P40,0),2) -> 0 | GM40: =ROUND(O40+X40+Y40+GK40,2)+GX40 -> 62.9 | GN40: =IF(OR(BI40=0,BI40=1),ROUND(O40+X40+Y40+GK40,2),0) -> 62.9 | GO40: =IF(BI40=2,ROUND(O40+X40+Y40+GK40,2),0) -> 0 | GP40: =IF(BI40=4,ROUND(O40+X40+Y40+GK40,2)+GX40,0) -> 0 | GR40: 0 | GS40: 3 | GT40: 0 | GV40: =ROUND(GT40,6) -> 0 | GW40: 1 | GX40: =ROUND(GV40*GW40*I40,2) -> 0 | HA40: 0 | HB40: 0 | IK40: 0
A41: 17 | B41: 1 | C41: =ROW(SmtRes!A74) -> 74 | D41: =ROW(EtalonRes!A76) -> 76 | E41: 6 | F41: 11-01-040-03 | G41: Устройство плинтусов поливинилхлоридных на винтах самонарезающих | H41: 100 м | I41: =ROUND(23.2/100,9) -> 0.232 | J41: 0 | O41: =ROUND(CP41,2) -> 207.1 | P41: =ROUND(CQ41*I41,2) -> 103.87 | Q41: =ROUND(CR41*I41,2) -> 3.76 | R41: =ROUND(CS41*I41,2) -> 0.74 | S41: =ROUND(CT41*I41,2) -> 99.47 | T41: =ROUND(CU41*I41,2) -> 0 | U41: =CV41*I41 -> 1.782224 | V41: =CW41*I41 -> 0.0116 | W41: =ROUND(CX41*I41,2) -> 0 | X41: =ROUND(CY41,2) -> 111.23 | Y41: =ROUND(CZ41,2) -> 64.13 | AA41: 16501255 | AB41: =ROUND((AC41+AD41+AF41),6) -> 146.8205 | AC41: =ROUND((ES41),6) -> 73.64 | AD41: =ROUND(((((ET41*1.25))-((EU41*1.25)))+AE41),6) -> 2.6625 | AE41: =ROUND(((EU41*1.25)),6) -> 0.525 | AF41: =ROUND(((EV41*1.15)),6) -> 70.518 | AG41: =ROUND((AP41),6) -> 0 | AH41: =((EW41*1.15)) -> 7.682 | AI41: =((EX41*1.25)) -> 0.05 | AJ41: =ROUND((AS41),6) -> 0 | AK41: 137.09 | AL41: 73.64 | AM41: 2.13 | AN41: 0.42 | AO41: 61.32 | AP41: 0 | AQ41: 6.68 | AR41: 0.04 | AS41: 0 | AT41: 111 | AU41: 64 | AV41: 1 | AW41: 1 | AZ41: 6.08 | BA41: 6.08 | BB41: 6.08 | BC41: 6.08 | BH41: 0 | BI41: 1 | BJ41: ФЕР-2001, 11-01-040-03, приказ Минстроя России №1039/пр от 30.12.2016г. | BM41: 11001 | BN41: 0 | BP41: 0 | BQ41: 2 | BR41: 0 | BS41: 6.08 | BT41: 1 | BU41: 1 | BV41: 1 | BW41: 1 | BX41: 1 | BZ41: 123 | CA41: 75 | CF41: 0 | CG41: 0 | CM41: 0 | CN41: Поправка: МДС 81-35.2004, п.4.7 Наименование: Работы, выполняемые при реконструкции зданий и сооружений работы, аналогичные технологическим процессам в новом строительстве (в том числе возведение новых конструктивных элементов) стоимость которых определена по соответствующим сборникам ФЕР, кроме сборника № 46 «Работы при реконструкции зданий и сооружений» | CO41: 0 | CP41: =(P41+Q41+S41) -> 207.1 | CQ41: =AC41*BC41 -> 447.7312 | CR41: =AD41*BB41 -> 16.188 | CS41: =AE41*BS41 -> 3.192 | CT41: =AF41*BA41 -> 428.74944 | CU41: =AG41 -> 0 | CV41: =AH41 -> 7.682 | CW41: =AI41 -> 0.05 | CX41: =AJ41 -> 0 | CY41: =(((S41+R41)*AT41)/100) -> 111.2331 | CZ41: =(((S41+R41)*AU41)/100) -> 64.1344 | DE41: )*1,25 | DF41: )*1,25 | DG41: )*1,15 | DI41: )*1,15 | DJ41: )*1,25 | DN41: 0 | DO41: 0 | DP41: 1 | DQ41: 1 | DU41: 1003 | DV41: 100 м | DW41: 100 м | DX41: 100 | EE41: 16510488 | EF41: 2 | EG41: Общестроительные работы | EH41: 0 | EJ41: 1 | EK41: 11001 | EL41: Полы | EM41: ФЕР-11 | EO41: Поправка: МДС 81-35.2004, п.4.7 | EQ41: 0 | ER41: 137.09 | ES41: 73.64 | ET41: 2.13 | EU41: 0.42 | EV41: 61.32 | EW41: 6.68 | EX41: 0.04 | EY41: 0 | FQ41: 0 | FR41: =ROUND(IF(AND(BH41=3,BI41=3),P41,0),2) -> 0 | FS41: 0 | FT41: *0,9 | FU41: *0,85 | FX41: 110.7 | FY41: 63.75 | GD41: 0 | GF41: -1404287246 | GG41: 1 | GH41: 1 | GI41: 4 | GJ41: 0 | GK41: =ROUND(R41*(S12)/100,2) -> 0 | GL41: =ROUND(IF(AND(BH41=3,BI41=3,FS41<>0),P41,0),2) -> 0 | GM41: =ROUND(O41+X41+Y41+GK41,2)+GX41 -> 382.46 | GN41: =IF(OR(BI41=0,BI41=1),ROUND(O41+X41+Y41+GK41,2),0) -> 382.46 | GO41: =IF(BI41=2,ROUND(O41+X41+Y41+GK41,2),0) -> 0 | GP41: =IF(BI41=4,ROUND(O41+X41+Y41+GK41,2)+GX41,0) -> 0 | GR41: 0 | GS41: 3 | GT41: 0 | GV41: =ROUND(GT41,6) -> 0 | GW41: 1 | GX41: =ROUND(GV41*GW41*I41,2) -> 0 | HA41: 0 | HB41: 0 | IK41: 0
A42: 18 | B42: 1 | C42: 58 | E42: 6,1 | F42: 11.3.03.14-0002 | G42: Заглушка торцевая для пластикового плинтуса левая, высота 49 мм | H42: 100 шт. | I42: =I40*J42 -> 0.02 | J42: 0.086206897 | O42: =ROUND(CP42,2) -> 2.02 | P42: =ROUND(CQ42*I42,2) -> 2.02 | Q42: =ROUND(CR42*I42,2) -> 0 | R42: =ROUND(CS42*I42,2) -> 0 | S42: =ROUND(CT42*I42,2) -> 0 | T42: =ROUND(CU42*I42,2) -> 0 | U42: =CV42*I42 -> 0 | V42: =CW42*I42 -> 0 | W42: =ROUND(CX42*I42,2) -> 0 | X42: =ROUND(CY42,2) -> 0 | Y42: =ROUND(CZ42,2) -> 0 | AA42: 16501254 | AB42: =ROUND((AC42+AD42+AF42),6) -> 101 | AC42: =ROUND((ES42),6) -> 101 | AD42: =ROUND((((ET42)-(EU42))+AE42),6) -> 0 | AE42: =ROUND((EU42),6) -> 0 | AF42: =ROUND((EV42),6) -> 0 | AG42: =ROUND((AP42),6) -> 0 | AH42: =(EW42) -> 0 | AI42: =(EX42) -> 0 | AJ42: =ROUND((AS42),6) -> 0 | AK42: 101 | AL42: 101 | AM42: 0 | AN42: 0 | AO42: 0 | AP42: 0 | AQ42: 0 | AR42: 0 | AS42: 0 | AT42: 111 | AU42: 64 | AV42: 1 | AW42: 1 | AZ42: 1 | BA42: 1 | BB42: 1 | BC42: 1 | BH42: 3 | BI42: 1 | BJ42: ФССЦ-2001, 11.3.03.14-0002, приказ Минстроя России №1039/пр от 30.12.2016г. | BM42: 11001 | BN42: 0 | BP42: 0 | BQ42: 2 | BR42: 0 | BS42: 1 | BT42: 1 | BU42: 1 | BV42: 1 | BW42: 1 | BX42: 1 | BZ42: 123 | CA42: 75 | CF42: 0 | CG42: 0 | CM42: 0 | CO42: 0 | CP42: =(P42+Q42+S42) -> 2.02 | CQ42: =AC42*BC42 -> 101 | CR42: =AD42*BB42 -> 0 | CS42: =AE42*BS42 -> 0 | CT42: =AF42*BA42 -> 0 | CU42: =AG42 -> 0 | CV42: =AH42 -> 0 | CW42: =AI42 -> 0 | CX42: =AJ42 -> 0 | CY42: =(((S42+R42)*AT42)/100) -> 0 | CZ42: =(((S42+R42)*AU42)/100) -> 0 | DN42: 0 | DO42: 0 | DP42: 1 | DQ42: 1 | DU42: 1010 | DV42: 100 шт. | DW42: 100 шт. | DX42: 100 | EE42: 16510488 | EF42: 2 | EG42: Общестроительные работы | EH42: 0 | EJ42: 1 | EK42: 11001 | EL42: Полы | EM42: ФЕР-11 | EQ42: 0 | ER42: 101 | ES42: 101 | ET42: 0 | EU42: 0 | EV42: 0 | EW42: 0 | EX42: 0 | FQ42: 0 | FR42: =ROUND(IF(AND(BH42=3,BI42=3),P42,0),2) -> 0 | FS42: 0 | FT42: *0,9 | FU42: *0,85 | FX42: 110.7 | FY42: 63.75 | GD42: 0 | GF42: 766681708 | GG42: 2 | GH42: 1 | GI42: -2 | GJ42: 0 | GK42: =ROUND(R42*(R12)/100,2) -> 0 | GL42: =ROUND(IF(AND(BH42=3,BI42=3,FS42<>0),P42,0),2) -> 0 | GM42: =ROUND(O42+X42+Y42+GK42,2)+GX42 -> 2.02 | GN42: =IF(OR(BI42=0,BI42=1),ROUND(O42+X42+Y42+GK42,2),0) -> 2.02 | GO42: =IF(BI42=2,ROUND(O42+X42+Y42+GK42,2),0) -> 0 | GP42: =IF(BI42=4,ROUND(O42+X42+Y42+GK42,2)+GX42,0) -> 0 | GR42: 0 | GS42: 3 | GT42: 0 | GV42: =ROUND(GT42,6) -> 0 | GW42: 1 | GX42: =ROUND(GV42*GW42*I42,2) -> 0 | HA42: 0 | HB42: 0 | IK42: 0
A43: 18 | B43: 1 | C43: 70 | E43: 6,1 | F43: 11.3.03.14-0002 | G43: Заглушка торцевая для пластикового плинтуса левая, высота 49 мм | H43: 100 шт. | I43: =I41*J43 -> 0.02 | J43: 0.086206897 | O43: =ROUND(CP43,2) -> 12.28 | P43: =ROUND(CQ43*I43,2) -> 12.28 | Q43: =ROUND(CR43*I43,2) -> 0 | R43: =ROUND(CS43*I43,2) -> 0 | S43: =ROUND(CT43*I43,2) -> 0 | T43: =ROUND(CU43*I43,2) -> 0 | U43: =CV43*I43 -> 0 | V43: =CW43*I43 -> 0 | W43: =ROUND(CX43*I43,2) -> 0 | X43: =ROUND(CY43,2) -> 0 | Y43: =ROUND(CZ43,2) -> 0 | AA43: 16501255 | AB43: =ROUND((AC43+AD43+AF43),6) -> 101 | AC43: =ROUND((ES43),6) -> 101 | AD43: =ROUND((((ET43)-(EU43))+AE43),6) -> 0 | AE43: =ROUND((EU43),6) -> 0 | AF43: =ROUND((EV43),6) -> 0 | AG43: =ROUND((AP43),6) -> 0 | AH43: =(EW43) -> 0 | AI43: =(EX43) -> 0 | AJ43: =ROUND((AS43),6) -> 0 | AK43: 101 | AL43: 101 | AM43: 0 | AN43: 0 | AO43: 0 | AP43: 0 | AQ43: 0 | AR43: 0 | AS43: 0 | AT43: 111 | AU43: 64 | AV43: 1 | AW43: 1 | AZ43: 6.08 | BA43: 1 | BB43: 1 | BC43: 6.08 | BH43: 3 | BI43: 1 | BJ43: ФССЦ-2001, 11.3.03.14-0002, приказ Минстроя России №1039/пр от 30.12.2016г. | BM43: 11001 | BN43: 0 | BP43: 0 | BQ43: 2 | BR43: 0 | BS43: 1 | BT43: 1 | BU43: 1 | BV43: 1 | BW43: 1 | BX43: 1 | BZ43: 123 | CA43: 75 | CF43: 0 | CG43: 0 | CM43: 0 | CO43: 0 | CP43: =(P43+Q43+S43) -> 12.28 | CQ43: =AC43*BC43 -> 614.08 | CR43: =AD43*BB43 -> 0 | CS43: =AE43*BS43 -> 0 | CT43: =AF43*BA43 -> 0 | CU43: =AG43 -> 0 | CV43: =AH43 -> 0 | CW43: =AI43 -> 0 | CX43: =AJ43 -> 0 | CY43: =(((S43+R43)*AT43)/100) -> 0 | CZ43: =(((S43+R43)*AU43)/100) -> 0 | DN43: 0 | DO43: 0 | DP43: 1 | DQ43: 1 | DU43: 1010 | DV43: 100 шт. | DW43: 100 шт. | DX43: 100 | EE43: 16510488 | EF43: 2 | EG43: Общестроительные работы | EH43: 0 | EJ43: 1 | EK43: 11001 | EL43: Полы | EM43: ФЕР-11 | EQ43: 0 | ER43: 101 | ES43: 101 | ET43: 0 | EU43: 0 | EV43: 0 | EW43: 0 | EX43: 0 | FQ43: 0 | FR43: =ROUND(IF(AND(BH43=3,BI43=3),P43,0),2) -> 0 | FS43: 0 | FT43: *0,9 | FU43: *0,85 | FX43: 110.7 | FY43: 63.75 | GD43: 0 | GF43: 766681708 | GG43: 1 | GH43: 1 | GI43: 4 | GJ43: 0 | GK43: =ROUND(R43*(S12)/100,2) -> 0 | GL43: =ROUND(IF(AND(BH43=3,BI43=3,FS43<>0),P43,0),2) -> 0 | GM43: =ROUND(O43+X43+Y43+GK43,2)+GX43 -> 12.28 | GN43: =IF(OR(BI43=0,BI43=1),ROUND(O43+X43+Y43+GK43,2),0) -> 12.28 | GO43: =IF(BI43=2,ROUND(O43+X43+Y43+GK43,2),0) -> 0 | GP43: =IF(BI43=4,ROUND(O43+X43+Y43+GK43,2)+GX43,0) -> 0 | GR43: 0 | GS43: 3 | GT43: 0 | GV43: =ROUND(GT43,6) -> 0 | GW43: 1 | GX43: =ROUND(GV43*GW43*I43,2) -> 0 | HA43: 0 | HB43: 0 | IK43: 0
A44: 18 | B44: 1 | C44: 57 | E44: 6,2 | F44: 11.3.03.06-0001 | G44: Плинтуса для полов пластиковые, 19х48 мм | H44: м | I44: =I40*J44 -> 23.432 | J44: 101 | O44: =ROUND(CP44,2) -> 288.21 | P44: =ROUND(CQ44*I44,2) -> 288.21 | Q44: =ROUND(CR44*I44,2) -> 0 | R44: =ROUND(CS44*I44,2) -> 0 | S44: =ROUND(CT44*I44,2) -> 0 | T44: =ROUND(CU44*I44,2) -> 0 | U44: =CV44*I44 -> 0 | V44: =CW44*I44 -> 0 | W44: =ROUND(CX44*I44,2) -> 0 | X44: =ROUND(CY44,2) -> 0 | Y44: =ROUND(CZ44,2) -> 0 | AA44: 16501254 | AB44: =ROUND((AC44+AD44+AF44),6) -> 12.3 | AC44: =ROUND((ES44),6) -> 12.3 | AD44: =ROUND((((ET44)-(EU44))+AE44),6) -> 0 | AE44: =ROUND((EU44),6) -> 0 | AF44: =ROUND((EV44),6) -> 0 | AG44: =ROUND((AP44),6) -> 0 | AH44: =(EW44) -> 0 | AI44: =(EX44) -> 0 | AJ44: =ROUND((AS44),6) -> 0 | AK44: 12.3 | AL44: 12.3 | AM44: 0 | AN44: 0 | AO44: 0 | AP44: 0 | AQ44: 0 | AR44: 0 | AS44: 0 | AT44: 111 | AU44: 64 | AV44: 1 | AW44: 1 | AZ44: 1 | BA44: 1 | BB44: 1 | BC44: 1 | BH44: 3 | BI44: 1 | BJ44: ФССЦ-2001, 11.3.03.06-0001, приказ Минстроя России №1039/пр от 30.12.2016г. | BM44: 11001 | BN44: 0 | BP44: 0 | BQ44: 2 | BR44: 0 | BS44: 1 | BT44: 1 | BU44: 1 | BV44: 1 | BW44: 1 | BX44: 1 | BZ44: 123 | CA44: 75 | CF44: 0 | CG44: 0 | CM44: 0 | CO44: 0 | CP44: =(P44+Q44+S44) -> 288.21 | CQ44: =AC44*BC44 -> 12.3 | CR44: =AD44*BB44 -> 0 | CS44: =AE44*BS44 -> 0 | CT44: =AF44*BA44 -> 0 | CU44: =AG44 -> 0 | CV44: =AH44 -> 0 | CW44: =AI44 -> 0 | CX44: =AJ44 -> 0 | CY44: =(((S44+R44)*AT44)/100) -> 0 | CZ44: =(((S44+R44)*AU44)/100) -> 0 | DN44: 0 | DO44: 0 | DP44: 1 | DQ44: 1 | DU44: 1003 | DV44: м | DW44: м | DX44: 1 | EE44: 16510488 | EF44: 2 | EG44: Общестроительные работы | EH44: 0 | EJ44: 1 | EK44: 11001 | EL44: Полы | EM44: ФЕР-11 | EQ44: 0 | ER44: 12.3 | ES44: 12.3 | ET44: 0 | EU44: 0 | EV44: 0 | EW44: 0 | EX44: 0 | FQ44: 0 | FR44: =ROUND(IF(AND(BH44=3,BI44=3),P44,0),2) -> 0 | FS44: 0 | FT44: *0,9 | FU44: *0,85 | FX44: 110.7 | FY44: 63.75 | GD44: 0 | GF44: 26470480 | GG44: 2 | GH44: 1 | GI44: -2 | GJ44: 0 | GK44: =ROUND(R44*(R12)/100,2) -> 0 | GL44: =ROUND(IF(AND(BH44=3,BI44=3,FS44<>0),P44,0),2) -> 0 | GM44: =ROUND(O44+X44+Y44+GK44,2)+GX44 -> 288.21 | GN44: =IF(OR(BI44=0,BI44=1),ROUND(O44+X44+Y44+GK44,2),0) -> 288.21 | GO44: =IF(BI44=2,ROUND(O44+X44+Y44+GK44,2),0) -> 0 | GP44: =IF(BI44=4,ROUND(O44+X44+Y44+GK44,2)+GX44,0) -> 0 | GR44: 0 | GS44: 3 | GT44: 0 | GV44: =ROUND(GT44,6) -> 0 | GW44: 1 | GX44: =ROUND(GV44*GW44*I44,2) -> 0 | HA44: 0 | HB44: 0 | IK44: 0
A45: 18 | B45: 1 | C45: 69 | E45: 6,2 | F45: 11.3.03.06-0001 | G45: Плинтуса для полов пластиковые, 19х48 мм | H45: м | I45: =I41*J45 -> 23.432 | J45: 101 | O45: =ROUND(CP45,2) -> 1752.34 | P45: =ROUND(CQ45*I45,2) -> 1752.34 | Q45: =ROUND(CR45*I45,2) -> 0 | R45: =ROUND(CS45*I45,2) -> 0 | S45: =ROUND(CT45*I45,2) -> 0 | T45: =ROUND(CU45*I45,2) -> 0 | U45: =CV45*I45 -> 0 | V45: =CW45*I45 -> 0 | W45: =ROUND(CX45*I45,2) -> 0 | X45: =ROUND(CY45,2) -> 0 | Y45: =ROUND(CZ45,2) -> 0 | AA45: 16501255 | AB45: =ROUND((AC45+AD45+AF45),6) -> 12.3 | AC45: =ROUND((ES45),6) -> 12.3 | AD45: =ROUND((((ET45)-(EU45))+AE45),6) -> 0 | AE45: =ROUND((EU45),6) -> 0 | AF45: =ROUND((EV45),6) -> 0 | AG45: =ROUND((AP45),6) -> 0 | AH45: =(EW45) -> 0 | AI45: =(EX45) -> 0 | AJ45: =ROUND((AS45),6) -> 0 | AK45: 12.3 | AL45: 12.3 | AM45: 0 | AN45: 0 | AO45: 0 | AP45: 0 | AQ45: 0 | AR45: 0 | AS45: 0 | AT45: 111 | AU45: 64 | AV45: 1 | AW45: 1 | AZ45: 6.08 | BA45: 1 | BB45: 1 | BC45: 6.08 | BH45: 3 | BI45: 1 | BJ45: ФССЦ-2001, 11.3.03.06-0001, приказ Минстроя России №1039/пр от 30.12.2016г. | BM45: 11001 | BN45: 0 | BP45: 0 | BQ45: 2 | BR45: 0 | BS45: 1 | BT45: 1 | BU45: 1 | BV45: 1 | BW45: 1 | BX45: 1 | BZ45: 123 | CA45: 75 | CF45: 0 | CG45: 0 | CM45: 0 | CO45: 0 | CP45: =(P45+Q45+S45) -> 1752.34 | CQ45: =AC45*BC45 -> 74.784 | CR45: =AD45*BB45 -> 0 | CS45: =AE45*BS45 -> 0 | CT45: =AF45*BA45 -> 0 | CU45: =AG45 -> 0 | CV45: =AH45 -> 0 | CW45: =AI45 -> 0 | CX45: =AJ45 -> 0 | CY45: =(((S45+R45)*AT45)/100) -> 0 | CZ45: =(((S45+R45)*AU45)/100) -> 0 | DN45: 0 | DO45: 0 | DP45: 1 | DQ45: 1 | DU45: 1003 | DV45: м | DW45: м | DX45: 1 | EE45: 16510488 | EF45: 2 | EG45: Общестроительные работы | EH45: 0 | EJ45: 1 | EK45: 11001 | EL45: Полы | EM45: ФЕР-11 | EQ45: 0 | ER45: 12.3 | ES45: 12.3 | ET45: 0 | EU45: 0 | EV45: 0 | EW45: 0 | EX45: 0 | FQ45: 0 | FR45: =ROUND(IF(AND(BH45=3,BI45=3),P45,0),2) -> 0 | FS45: 0 | FT45: *0,9 | FU45: *0,85 | FX45: 110.7 | FY45: 63.75 | GD45: 0 | GF45: 26470480 | GG45: 1 | GH45: 1 | GI45: 4 | GJ45: 0 | GK45: =ROUND(R45*(S12)/100,2) -> 0 | GL45: =ROUND(IF(AND(BH45=3,BI45=3,FS45<>0),P45,0),2) -> 0 | GM45: =ROUND(O45+X45+Y45+GK45,2)+GX45 -> 1752.34 | GN45: =IF(OR(BI45=0,BI45=1),ROUND(O45+X45+Y45+GK45,2),0) -> 1752.34 | GO45: =IF(BI45=2,ROUND(O45+X45+Y45+GK45,2),0) -> 0 | GP45: =IF(BI45=4,ROUND(O45+X45+Y45+GK45,2)+GX45,0) -> 0 | GR45: 0 | GS45: 3 | GT45: 0 | GV45: =ROUND(GT45,6) -> 0 | GW45: 1 | GX45: =ROUND(GV45*GW45*I45,2) -> 0 | HA45: 0 | HB45: 0 | IK45: 0
A46: 18 | B46: 1 | C46: 59 | E46: 6,3 | F46: 11.3.03.14-0012 | G46: Заглушки торцевая для пластикового плинтуса правая, высота 49 мм | H46: 100 шт. | I46: =I40*J46 -> 0.02 | J46: 0.086206897 | O46: =ROUND(CP46,2) -> 2.02 | P46: =ROUND(CQ46*I46,2) -> 2.02 | Q46: =ROUND(CR46*I46,2) -> 0 | R46: =ROUND(CS46*I46,2) -> 0 | S46: =ROUND(CT46*I46,2) -> 0 | T46: =ROUND(CU46*I46,2) -> 0 | U46: =CV46*I46 -> 0 | V46: =CW46*I46 -> 0 | W46: =ROUND(CX46*I46,2) -> 0 | X46: =ROUND(CY46,2) -> 0 | Y46: =ROUND(CZ46,2) -> 0 | AA46: 16501254 | AB46: =ROUND((AC46+AD46+AF46),6) -> 101 | AC46: =ROUND((ES46),6) -> 101 | AD46: =ROUND((((ET46)-(EU46))+AE46),6) -> 0 | AE46: =ROUND((EU46),6) -> 0 | AF46: =ROUND((EV46),6) -> 0 | AG46: =ROUND((AP46),6) -> 0 | AH46: =(EW46) -> 0 | AI46: =(EX46) -> 0 | AJ46: =ROUND((AS46),6) -> 0 | AK46: 101 | AL46: 101 | AM46: 0 | AN46: 0 | AO46: 0 | AP46: 0 | AQ46: 0 | AR46: 0 | AS46: 0 | AT46: 111 | AU46: 64 | AV46: 1 | AW46: 1 | AZ46: 1 | BA46: 1 | BB46: 1 | BC46: 1 | BH46: 3 | BI46: 1 | BJ46: ФССЦ-2001, 11.3.03.14-0012, приказ Минстроя России №1039/пр от 30.12.2016г. | BM46: 11001 | BN46: 0 | BP46: 0 | BQ46: 2 | BR46: 0 | BS46: 1 | BT46: 1 | BU46: 1 | BV46: 1 | BW46: 1 | BX46: 1 | BZ46: 123 | CA46: 75 | CF46: 0 | CG46: 0 | CM46: 0 | CO46: 0 | CP46: =(P46+Q46+S46) -> 2.02 | CQ46: =AC46*BC46 -> 101 | CR46: =AD46*BB46 -> 0 | CS46: =AE46*BS46 -> 0 | CT46: =AF46*BA46 -> 0 | CU46: =AG46 -> 0 | CV46: =AH46 -> 0 | CW46: =AI46 -> 0 | CX46: =AJ46 -> 0 | CY46: =(((S46+R46)*AT46)/100) -> 0 | CZ46: =(((S46+R46)*AU46)/100) -> 0 | DN46: 0 | DO46: 0 | DP46: 1 | DQ46: 1 | DU46: 1010 | DV46: 100 шт. | DW46: 100 шт. | DX46: 100 | EE46: 16510488 | EF46: 2 | EG46: Общестроительные работы | EH46: 0 | EJ46: 1 | EK46: 11001 | EL46: Полы | EM46: ФЕР-11 | EQ46: 0 | ER46: 101 | ES46: 101 | ET46: 0 | EU46: 0 | EV46: 0 | EW46: 0 | EX46: 0 | FQ46: 0 | FR46: =ROUND(IF(AND(BH46=3,BI46=3),P46,0),2) -> 0 | FS46: 0 | FT46: *0,9 | FU46: *0,85 | FX46: 110.7 | FY46: 63.75 | GD46: 0 | GF46: 191136453 | GG46: 2 | GH46: 1 | GI46: -2 | GJ46: 0 | GK46: =ROUND(R46*(R12)/100,2) -> 0 | GL46: =ROUND(IF(AND(BH46=3,BI46=3,FS46<>0),P46,0),2) -> 0 | GM46: =ROUND(O46+X46+Y46+GK46,2)+GX46 -> 2.02 | GN46: =IF(OR(BI46=0,BI46=1),ROUND(O46+X46+Y46+GK46,2),0) -> 2.02 | GO46: =IF(BI46=2,ROUND(O46+X46+Y46+GK46,2),0) -> 0 | GP46: =IF(BI46=4,ROUND(O46+X46+Y46+GK46,2)+GX46,0) -> 0 | GR46: 0 | GS46: 3 | GT46: 0 | GV46: =ROUND(GT46,6) -> 0 | GW46: 1 | GX46: =ROUND(GV46*GW46*I46,2) -> 0 | HA46: 0 | HB46: 0 | IK46: 0
A47: 18 | B47: 1 | C47: 71 | E47: 6,3 | F47: 11.3.03.14-0012 | G47: Заглушки торцевая для пластикового плинтуса правая, высота 49 мм | H47: 100 шт. | I47: =I41*J47 -> 0.02 | J47: 0.086206897 | O47: =ROUND(CP47,2) -> 12.28 | P47: =ROUND(CQ47*I47,2) -> 12.28 | Q47: =ROUND(CR47*I47,2) -> 0 | R47: =ROUND(CS47*I47,2) -> 0 | S47: =ROUND(CT47*I47,2) -> 0 | T47: =ROUND(CU47*I47,2) -> 0 | U47: =CV47*I47 -> 0 | V47: =CW47*I47 -> 0 | W47: =ROUND(CX47*I47,2) -> 0 | X47: =ROUND(CY47,2) -> 0 | Y47: =ROUND(CZ47,2) -> 0 | AA47: 16501255 | AB47: =ROUND((AC47+AD47+AF47),6) -> 101 | AC47: =ROUND((ES47),6) -> 101 | AD47: =ROUND((((ET47)-(EU47))+AE47),6) -> 0 | AE47: =ROUND((EU47),6) -> 0 | AF47: =ROUND((EV47),6) -> 0 | AG47: =ROUND((AP47),6) -> 0 | AH47: =(EW47) -> 0 | AI47: =(EX47) -> 0 | AJ47: =ROUND((AS47),6) -> 0 | AK47: 101 | AL47: 101 | AM47: 0 | AN47: 0 | AO47: 0 | AP47: 0 | AQ47: 0 | AR47: 0 | AS47: 0 | AT47: 111 | AU47: 64 | AV47: 1 | AW47: 1 | AZ47: 6.08 | BA47: 1 | BB47: 1 | BC47: 6.08 | BH47: 3 | BI47: 1 | BJ47: ФССЦ-2001, 11.3.03.14-0012, приказ Минстроя России №1039/пр от 30.12.2016г. | BM47: 11001 | BN47: 0 | BP47: 0 | BQ47: 2 | BR47: 0 | BS47: 1 | BT47: 1 | BU47: 1 | BV47: 1 | BW47: 1 | BX47: 1 | BZ47: 123 | CA47: 75 | CF47: 0 | CG47: 0 | CM47: 0 | CO47: 0 | CP47: =(P47+Q47+S47) -> 12.28 | CQ47: =AC47*BC47 -> 614.08 | CR47: =AD47*BB47 -> 0 | CS47: =AE47*BS47 -> 0 | CT47: =AF47*BA47 -> 0 | CU47: =AG47 -> 0 | CV47: =AH47 -> 0 | CW47: =AI47 -> 0 | CX47: =AJ47 -> 0 | CY47: =(((S47+R47)*AT47)/100) -> 0 | CZ47: =(((S47+R47)*AU47)/100) -> 0 | DN47: 0 | DO47: 0 | DP47: 1 | DQ47: 1 | DU47: 1010 | DV47: 100 шт. | DW47: 100 шт. | DX47: 100 | EE47: 16510488 | EF47: 2 | EG47: Общестроительные работы | EH47: 0 | EJ47: 1 | EK47: 11001 | EL47: Полы | EM47: ФЕР-11 | EQ47: 0 | ER47: 101 | ES47: 101 | ET47: 0 | EU47: 0 | EV47: 0 | EW47: 0 | EX47: 0 | FQ47: 0 | FR47: =ROUND(IF(AND(BH47=3,BI47=3),P47,0),2) -> 0 | FS47: 0 | FT47: *0,9 | FU47: *0,85 | FX47: 110.7 | FY47: 63.75 | GD47: 0 | GF47: 191136453 | GG47: 1 | GH47: 1 | GI47: 4 | GJ47: 0 | GK47: =ROUND(R47*(S12)/100,2) -> 0 | GL47: =ROUND(IF(AND(BH47=3,BI47=3,FS47<>0),P47,0),2) -> 0 | GM47: =ROUND(O47+X47+Y47+GK47,2)+GX47 -> 12.28 | GN47: =IF(OR(BI47=0,BI47=1),ROUND(O47+X47+Y47+GK47,2),0) -> 12.28 | GO47: =IF(BI47=2,ROUND(O47+X47+Y47+GK47,2),0) -> 0 | GP47: =IF(BI47=4,ROUND(O47+X47+Y47+GK47,2)+GX47,0) -> 0 | GR47: 0 | GS47: 3 | GT47: 0 | GV47: =ROUND(GT47,6) -> 0 | GW47: 1 | GX47: =ROUND(GV47*GW47*I47,2) -> 0 | HA47: 0 | HB47: 0 | IK47: 0
A48: 18 | B48: 1 | C48: 60 | E48: 6,4 | F48: 11.3.03.14-0022 | G48: Соединитель для пластикового плинтуса, высота 49 мм | H48: 100 шт. | I48: =I40*J48 -> 0.01 | J48: 0.043103448 | O48: =ROUND(CP48,2) -> 1.28 | P48: =ROUND(CQ48*I48,2) -> 1.28 | Q48: =ROUND(CR48*I48,2) -> 0 | R48: =ROUND(CS48*I48,2) -> 0 | S48: =ROUND(CT48*I48,2) -> 0 | T48: =ROUND(CU48*I48,2) -> 0 | U48: =CV48*I48 -> 0 | V48: =CW48*I48 -> 0 | W48: =ROUND(CX48*I48,2) -> 0 | X48: =ROUND(CY48,2) -> 0 | Y48: =ROUND(CZ48,2) -> 0 | AA48: 16501254 | AB48: =ROUND((AC48+AD48+AF48),6) -> 128 | AC48: =ROUND((ES48),6) -> 128 | AD48: =ROUND((((ET48)-(EU48))+AE48),6) -> 0 | AE48: =ROUND((EU48),6) -> 0 | AF48: =ROUND((EV48),6) -> 0 | AG48: =ROUND((AP48),6) -> 0 | AH48: =(EW48) -> 0 | AI48: =(EX48) -> 0 | AJ48: =ROUND((AS48),6) -> 0 | AK48: 128 | AL48: 128 | AM48: 0 | AN48: 0 | AO48: 0 | AP48: 0 | AQ48: 0 | AR48: 0 | AS48: 0 | AT48: 111 | AU48: 64 | AV48: 1 | AW48: 1 | AZ48: 1 | BA48: 1 | BB48: 1 | BC48: 1 | BH48: 3 | BI48: 1 | BJ48: ФССЦ-2001, 11.3.03.14-0022, приказ Минстроя России №1039/пр от 30.12.2016г. | BM48: 11001 | BN48: 0 | BP48: 0 | BQ48: 2 | BR48: 0 | BS48: 1 | BT48: 1 | BU48: 1 | BV48: 1 | BW48: 1 | BX48: 1 | BZ48: 123 | CA48: 75 | CF48: 0 | CG48: 0 | CM48: 0 | CO48: 0 | CP48: =(P48+Q48+S48) -> 1.28 | CQ48: =AC48*BC48 -> 128 | CR48: =AD48*BB48 -> 0 | CS48: =AE48*BS48 -> 0 | CT48: =AF48*BA48 -> 0 | CU48: =AG48 -> 0 | CV48: =AH48 -> 0 | CW48: =AI48 -> 0 | CX48: =AJ48 -> 0 | CY48: =(((S48+R48)*AT48)/100) -> 0 | CZ48: =(((S48+R48)*AU48)/100) -> 0 | DN48: 0 | DO48: 0 | DP48: 1 | DQ48: 1 | DU48: 1010 | DV48: 100 шт. | DW48: 100 шт. | DX48: 100 | EE48: 16510488 | EF48: 2 | EG48: Общестроительные работы | EH48: 0 | EJ48: 1 | EK48: 11001 | EL48: Полы | EM48: ФЕР-11 | EQ48: 0 | ER48: 128 | ES48: 128 | ET48: 0 | EU48: 0 | EV48: 0 | EW48: 0 | EX48: 0 | FQ48: 0 | FR48: =ROUND(IF(AND(BH48=3,BI48=3),P48,0),2) -> 0 | FS48: 0 | FT48: *0,9 | FU48: *0,85 | FX48: 110.7 | FY48: 63.75 | GD48: 0 | GF48: 1073883569 | GG48: 2 | GH48: 1 | GI48: -2 | GJ48: 0 | GK48: =ROUND(R48*(R12)/100,2) -> 0 | GL48: =ROUND(IF(AND(BH48=3,BI48=3,FS48<>0),P48,0),2) -> 0 | GM48: =ROUND(O48+X48+Y48+GK48,2)+GX48 -> 1.28 | GN48: =IF(OR(BI48=0,BI48=1),ROUND(O48+X48+Y48+GK48,2),0) -> 1.28 | GO48: =IF(BI48=2,ROUND(O48+X48+Y48+GK48,2),0) -> 0 | GP48: =IF(BI48=4,ROUND(O48+X48+Y48+GK48,2)+GX48,0) -> 0 | GR48: 0 | GS48: 3 | GT48: 0 | GV48: =ROUND(GT48,6) -> 0 | GW48: 1 | GX48: =ROUND(GV48*GW48*I48,2) -> 0 | HA48: 0 | HB48: 0 | IK48: 0
A49: 18 | B49: 1 | C49: 72 | E49: 6,4 | F49: 11.3.03.14-0022 | G49: Соединитель для пластикового плинтуса, высота 49 мм | H49: 100 шт. | I49: =I41*J49 -> 0.01 | J49: 0.043103448 | O49: =ROUND(CP49,2) -> 7.78 | P49: =ROUND(CQ49*I49,2) -> 7.78 | Q49: =ROUND(CR49*I49,2) -> 0 | R49: =ROUND(CS49*I49,2) -> 0 | S49: =ROUND(CT49*I49,2) -> 0 | T49: =ROUND(CU49*I49,2) -> 0 | U49: =CV49*I49 -> 0 | V49: =CW49*I49 -> 0 | W49: =ROUND(CX49*I49,2) -> 0 | X49: =ROUND(CY49,2) -> 0 | Y49: =ROUND(CZ49,2) -> 0 | AA49: 16501255 | AB49: =ROUND((AC49+AD49+AF49),6) -> 128 | AC49: =ROUND((ES49),6) -> 128 | AD49: =ROUND((((ET49)-(EU49))+AE49),6) -> 0 | AE49: =ROUND((EU49),6) -> 0 | AF49: =ROUND((EV49),6) -> 0 | AG49: =ROUND((AP49),6) -> 0 | AH49: =(EW49) -> 0 | AI49: =(EX49) -> 0 | AJ49: =ROUND((AS49),6) -> 0 | AK49: 128 | AL49: 128 | AM49: 0 | AN49: 0 | AO49: 0 | AP49: 0 | AQ49: 0 | AR49: 0 | AS49: 0 | AT49: 111 | AU49: 64 | AV49: 1 | AW49: 1 | AZ49: 6.08 | BA49: 1 | BB49: 1 | BC49: 6.08 | BH49: 3 | BI49: 1 | BJ49: ФССЦ-2001, 11.3.03.14-0022, приказ Минстроя России №1039/пр от 30.12.2016г. | BM49: 11001 | BN49: 0 | BP49: 0 | BQ49: 2 | BR49: 0 | BS49: 1 | BT49: 1 | BU49: 1 | BV49: 1 | BW49: 1 | BX49: 1 | BZ49: 123 | CA49: 75 | CF49: 0 | CG49: 0 | CM49: 0 | CO49: 0 | CP49: =(P49+Q49+S49) -> 7.78 | CQ49: =AC49*BC49 -> 778.24 | CR49: =AD49*BB49 -> 0 | CS49: =AE49*BS49 -> 0 | CT49: =AF49*BA49 -> 0 | CU49: =AG49 -> 0 | CV49: =AH49 -> 0 | CW49: =AI49 -> 0 | CX49: =AJ49 -> 0 | CY49: =(((S49+R49)*AT49)/100) -> 0 | CZ49: =(((S49+R49)*AU49)/100) -> 0 | DN49: 0 | DO49: 0 | DP49: 1 | DQ49: 1 | DU49: 1010 | DV49: 100 шт. | DW49: 100 шт. | DX49: 100 | EE49: 16510488 | EF49: 2 | EG49: Общестроительные работы | EH49: 0 | EJ49: 1 | EK49: 11001 | EL49: Полы | EM49: ФЕР-11 | EQ49: 0 | ER49: 128 | ES49: 128 | ET49: 0 | EU49: 0 | EV49: 0 | EW49: 0 | EX49: 0 | FQ49: 0 | FR49: =ROUND(IF(AND(BH49=3,BI49=3),P49,0),2) -> 0 | FS49: 0 | FT49: *0,9 | FU49: *0,85 | FX49: 110.7 | FY49: 63.75 | GD49: 0 | GF49: 1073883569 | GG49: 1 | GH49: 1 | GI49: 4 | GJ49: 0 | GK49: =ROUND(R49*(S12)/100,2) -> 0 | GL49: =ROUND(IF(AND(BH49=3,BI49=3,FS49<>0),P49,0),2) -> 0 | GM49: =ROUND(O49+X49+Y49+GK49,2)+GX49 -> 7.78 | GN49: =IF(OR(BI49=0,BI49=1),ROUND(O49+X49+Y49+GK49,2),0) -> 7.78 | GO49: =IF(BI49=2,ROUND(O49+X49+Y49+GK49,2),0) -> 0 | GP49: =IF(BI49=4,ROUND(O49+X49+Y49+GK49,2)+GX49,0) -> 0 | GR49: 0 | GS49: 3 | GT49: 0 | GV49: =ROUND(GT49,6) -> 0 | GW49: 1 | GX49: =ROUND(GV49*GW49*I49,2) -> 0 | HA49: 0 | HB49: 0 | IK49: 0
A50: 18 | B50: 1 | C50: 61 | E50: 6,5 | F50: 11.3.03.14-0032 | G50: Уголок внутренний для пластикового плинтуса, высота 49 мм | H50: 100 шт. | I50: =I40*J50 -> 0.02 | J50: 0.086206897 | O50: =ROUND(CP50,2) -> 2.56 | P50: =ROUND(CQ50*I50,2) -> 2.56 | Q50: =ROUND(CR50*I50,2) -> 0 | R50: =ROUND(CS50*I50,2) -> 0 | S50: =ROUND(CT50*I50,2) -> 0 | T50: =ROUND(CU50*I50,2) -> 0 | U50: =CV50*I50 -> 0 | V50: =CW50*I50 -> 0 | W50: =ROUND(CX50*I50,2) -> 0 | X50: =ROUND(CY50,2) -> 0 | Y50: =ROUND(CZ50,2) -> 0 | AA50: 16501254 | AB50: =ROUND((AC50+AD50+AF50),6) -> 128 | AC50: =ROUND((ES50),6) -> 128 | AD50: =ROUND((((ET50)-(EU50))+AE50),6) -> 0 | AE50: =ROUND((EU50),6) -> 0 | AF50: =ROUND((EV50),6) -> 0 | AG50: =ROUND((AP50),6) -> 0 | AH50: =(EW50) -> 0 | AI50: =(EX50) -> 0 | AJ50: =ROUND((AS50),6) -> 0 | AK50: 128 | AL50: 128 | AM50: 0 | AN50: 0 | AO50: 0 | AP50: 0 | AQ50: 0 | AR50: 0 | AS50: 0 | AT50: 111 | AU50: 64 | AV50: 1 | AW50: 1 | AZ50: 1 | BA50: 1 | BB50: 1 | BC50: 1 | BH50: 3 | BI50: 1 | BJ50: ФССЦ-2001, 11.3.03.14-0032, приказ Минстроя России №1039/пр от 30.12.2016г. | BM50: 11001 | BN50: 0 | BP50: 0 | BQ50: 2 | BR50: 0 | BS50: 1 | BT50: 1 | BU50: 1 | BV50: 1 | BW50: 1 | BX50: 1 | BZ50: 123 | CA50: 75 | CF50: 0 | CG50: 0 | CM50: 0 | CO50: 0 | CP50: =(P50+Q50+S50) -> 2.56 | CQ50: =AC50*BC50 -> 128 | CR50: =AD50*BB50 -> 0 | CS50: =AE50*BS50 -> 0 | CT50: =AF50*BA50 -> 0 | CU50: =AG50 -> 0 | CV50: =AH50 -> 0 | CW50: =AI50 -> 0 | CX50: =AJ50 -> 0 | CY50: =(((S50+R50)*AT50)/100) -> 0 | CZ50: =(((S50+R50)*AU50)/100) -> 0 | DN50: 0 | DO50: 0 | DP50: 1 | DQ50: 1 | DU50: 1010 | DV50: 100 шт. | DW50: 100 шт. | DX50: 100 | EE50: 16510488 | EF50: 2 | EG50: Общестроительные работы | EH50: 0 | EJ50: 1 | EK50: 11001 | EL50: Полы | EM50: ФЕР-11 | EQ50: 0 | ER50: 128 | ES50: 128 | ET50: 0 | EU50: 0 | EV50: 0 | EW50: 0 | EX50: 0 | FQ50: 0 | FR50: =ROUND(IF(AND(BH50=3,BI50=3),P50,0),2) -> 0 | FS50: 0 | FT50: *0,9 | FU50: *0,85 | FX50: 110.7 | FY50: 63.75 | GD50: 0 | GF50: 1800897042 | GG50: 2 | GH50: 1 | GI50: -2 | GJ50: 0 | GK50: =ROUND(R50*(R12)/100,2) -> 0 | GL50: =ROUND(IF(AND(BH50=3,BI50=3,FS50<>0),P50,0),2) -> 0 | GM50: =ROUND(O50+X50+Y50+GK50,2)+GX50 -> 2.56 | GN50: =IF(OR(BI50=0,BI50=1),ROUND(O50+X50+Y50+GK50,2),0) -> 2.56 | GO50: =IF(BI50=2,ROUND(O50+X50+Y50+GK50,2),0) -> 0 | GP50: =IF(BI50=4,ROUND(O50+X50+Y50+GK50,2)+GX50,0) -> 0 | GR50: 0 | GS50: 3 | GT50: 0 | GV50: =ROUND(GT50,6) -> 0 | GW50: 1 | GX50: =ROUND(GV50*GW50*I50,2) -> 0 | HA50: 0 | HB50: 0 | IK50: 0
A51: 18 | B51: 1 | C51: 73 | E51: 6,5 | F51: 11.3.03.14-0032 | G51: Уголок внутренний для пластикового плинтуса, высота 49 мм | H51: 100 шт. | I51: =I41*J51 -> 0.02 | J51: 0.086206897 | O51: =ROUND(CP51,2) -> 15.56 | P51: =ROUND(CQ51*I51,2) -> 15.56 | Q51: =ROUND(CR51*I51,2) -> 0 | R51: =ROUND(CS51*I51,2) -> 0 | S51: =ROUND(CT51*I51,2) -> 0 | T51: =ROUND(CU51*I51,2) -> 0 | U51: =CV51*I51 -> 0 | V51: =CW51*I51 -> 0 | W51: =ROUND(CX51*I51,2) -> 0 | X51: =ROUND(CY51,2) -> 0 | Y51: =ROUND(CZ51,2) -> 0 | AA51: 16501255 | AB51: =ROUND((AC51+AD51+AF51),6) -> 128 | AC51: =ROUND((ES51),6) -> 128 | AD51: =ROUND((((ET51)-(EU51))+AE51),6) -> 0 | AE51: =ROUND((EU51),6) -> 0 | AF51: =ROUND((EV51),6) -> 0 | AG51: =ROUND((AP51),6) -> 0 | AH51: =(EW51) -> 0 | AI51: =(EX51) -> 0 | AJ51: =ROUND((AS51),6) -> 0 | AK51: 128 | AL51: 128 | AM51: 0 | AN51: 0 | AO51: 0 | AP51: 0 | AQ51: 0 | AR51: 0 | AS51: 0 | AT51: 111 | AU51: 64 | AV51: 1 | AW51: 1 | AZ51: 6.08 | BA51: 1 | BB51: 1 | BC51: 6.08 | BH51: 3 | BI51: 1 | BJ51: ФССЦ-2001, 11.3.03.14-0032, приказ Минстроя России №1039/пр от 30.12.2016г. | BM51: 11001 | BN51: 0 | BP51: 0 | BQ51: 2 | BR51: 0 | BS51: 1 | BT51: 1 | BU51: 1 | BV51: 1 | BW51: 1 | BX51: 1 | BZ51: 123 | CA51: 75 | CF51: 0 | CG51: 0 | CM51: 0 | CO51: 0 | CP51: =(P51+Q51+S51) -> 15.56 | CQ51: =AC51*BC51 -> 778.24 | CR51: =AD51*BB51 -> 0 | CS51: =AE51*BS51 -> 0 | CT51: =AF51*BA51 -> 0 | CU51: =AG51 -> 0 | CV51: =AH51 -> 0 | CW51: =AI51 -> 0 | CX51: =AJ51 -> 0 | CY51: =(((S51+R51)*AT51)/100) -> 0 | CZ51: =(((S51+R51)*AU51)/100) -> 0 | DN51: 0 | DO51: 0 | DP51: 1 | DQ51: 1 | DU51: 1010 | DV51: 100 шт. | DW51: 100 шт. | DX51: 100 | EE51: 16510488 | EF51: 2 | EG51: Общестроительные работы | EH51: 0 | EJ51: 1 | EK51: 11001 | EL51: Полы | EM51: ФЕР-11 | EQ51: 0 | ER51: 128 | ES51: 128 | ET51: 0 | EU51: 0 | EV51: 0 | EW51: 0 | EX51: 0 | FQ51: 0 | FR51: =ROUND(IF(AND(BH51=3,BI51=3),P51,0),2) -> 0 | FS51: 0 | FT51: *0,9 | FU51: *0,85 | FX51: 110.7 | FY51: 63.75 | GD51: 0 | GF51: 1800897042 | GG51: 1 | GH51: 1 | GI51: 4 | GJ51: 0 | GK51: =ROUND(R51*(S12)/100,2) -> 0 | GL51: =ROUND(IF(AND(BH51=3,BI51=3,FS51<>0),P51,0),2) -> 0 | GM51: =ROUND(O51+X51+Y51+GK51,2)+GX51 -> 15.56 | GN51: =IF(OR(BI51=0,BI51=1),ROUND(O51+X51+Y51+GK51,2),0) -> 15.56 | GO51: =IF(BI51=2,ROUND(O51+X51+Y51+GK51,2),0) -> 0 | GP51: =IF(BI51=4,ROUND(O51+X51+Y51+GK51,2)+GX51,0) -> 0 | GR51: 0 | GS51: 3 | GT51: 0 | GV51: =ROUND(GT51,6) -> 0 | GW51: 1 | GX51: =ROUND(GV51*GW51*I51,2) -> 0 | HA51: 0 | HB51: 0 | IK51: 0
A52: 18 | B52: 1 | C52: 62 | E52: 6,6 | F52: 11.3.03.14-0034 | G52: Уголок наружный для пластикового плинтуса, высота 49 мм | H52: 100 шт. | I52: =I40*J52 -> 0.02 | J52: 0.086206897 | O52: =ROUND(CP52,2) -> 2.56 | P52: =ROUND(CQ52*I52,2) -> 2.56 | Q52: =ROUND(CR52*I52,2) -> 0 | R52: =ROUND(CS52*I52,2) -> 0 | S52: =ROUND(CT52*I52,2) -> 0 | T52: =ROUND(CU52*I52,2) -> 0 | U52: =CV52*I52 -> 0 | V52: =CW52*I52 -> 0 | W52: =ROUND(CX52*I52,2) -> 0 | X52: =ROUND(CY52,2) -> 0 | Y52: =ROUND(CZ52,2) -> 0 | AA52: 16501254 | AB52: =ROUND((AC52+AD52+AF52),6) -> 128 | AC52: =ROUND((ES52),6) -> 128 | AD52: =ROUND((((ET52)-(EU52))+AE52),6) -> 0 | AE52: =ROUND((EU52),6) -> 0 | AF52: =ROUND((EV52),6) -> 0 | AG52: =ROUND((AP52),6) -> 0 | AH52: =(EW52) -> 0 | AI52: =(EX52) -> 0 | AJ52: =ROUND((AS52),6) -> 0 | AK52: 128 | AL52: 128 | AM52: 0 | AN52: 0 | AO52: 0 | AP52: 0 | AQ52: 0 | AR52: 0 | AS52: 0 | AT52: 111 | AU52: 64 | AV52: 1 | AW52: 1 | AZ52: 1 | BA52: 1 | BB52: 1 | BC52: 1 | BH52: 3 | BI52: 1 | BJ52: ФССЦ-2001, 11.3.03.14-0034, приказ Минстроя России №1039/пр от 30.12.2016г. | BM52: 11001 | BN52: 0 | BP52: 0 | BQ52: 2 | BR52: 0 | BS52: 1 | BT52: 1 | BU52: 1 | BV52: 1 | BW52: 1 | BX52: 1 | BZ52: 123 | CA52: 75 | CF52: 0 | CG52: 0 | CM52: 0 | CO52: 0 | CP52: =(P52+Q52+S52) -> 2.56 | CQ52: =AC52*BC52 -> 128 | CR52: =AD52*BB52 -> 0 | CS52: =AE52*BS52 -> 0 | CT52: =AF52*BA52 -> 0 | CU52: =AG52 -> 0 | CV52: =AH52 -> 0 | CW52: =AI52 -> 0 | CX52: =AJ52 -> 0 | CY52: =(((S52+R52)*AT52)/100) -> 0 | CZ52: =(((S52+R52)*AU52)/100) -> 0 | DN52: 0 | DO52: 0 | DP52: 1 | DQ52: 1 | DU52: 1010 | DV52: 100 шт. | DW52: 100 шт. | DX52: 100 | EE52: 16510488 | EF52: 2 | EG52: Общестроительные работы | EH52: 0 | EJ52: 1 | EK52: 11001 | EL52: Полы | EM52: ФЕР-11 | EQ52: 0 | ER52: 128 | ES52: 128 | ET52: 0 | EU52: 0 | EV52: 0 | EW52: 0 | EX52: 0 | FQ52: 0 | FR52: =ROUND(IF(AND(BH52=3,BI52=3),P52,0),2) -> 0 | FS52: 0 | FT52: *0,9 | FU52: *0,85 | FX52: 110.7 | FY52: 63.75 | GD52: 0 | GF52: 952646044 | GG52: 2 | GH52: 1 | GI52: -2 | GJ52: 0 | GK52: =ROUND(R52*(R12)/100,2) -> 0 | GL52: =ROUND(IF(AND(BH52=3,BI52=3,FS52<>0),P52,0),2) -> 0 | GM52: =ROUND(O52+X52+Y52+GK52,2)+GX52 -> 2.56 | GN52: =IF(OR(BI52=0,BI52=1),ROUND(O52+X52+Y52+GK52,2),0) -> 2.56 | GO52: =IF(BI52=2,ROUND(O52+X52+Y52+GK52,2),0) -> 0 | GP52: =IF(BI52=4,ROUND(O52+X52+Y52+GK52,2)+GX52,0) -> 0 | GR52: 0 | GS52: 3 | GT52: 0 | GV52: =ROUND(GT52,6) -> 0 | GW52: 1 | GX52: =ROUND(GV52*GW52*I52,2) -> 0 | HA52: 0 | HB52: 0 | IK52: 0
A53: 18 | B53: 1 | C53: 74 | E53: 6,6 | F53: 11.3.03.14-0034 | G53: Уголок наружный для пластикового плинтуса, высота 49 мм | H53: 100 шт. | I53: =I41*J53 -> 0.02 | J53: 0.086206897 | O53: =ROUND(CP53,2) -> 15.56 | P53: =ROUND(CQ53*I53,2) -> 15.56 | Q53: =ROUND(CR53*I53,2) -> 0 | R53: =ROUND(CS53*I53,2) -> 0 | S53: =ROUND(CT53*I53,2) -> 0 | T53: =ROUND(CU53*I53,2) -> 0 | U53: =CV53*I53 -> 0 | V53: =CW53*I53 -> 0 | W53: =ROUND(CX53*I53,2) -> 0 | X53: =ROUND(CY53,2) -> 0 | Y53: =ROUND(CZ53,2) -> 0 | AA53: 16501255 | AB53: =ROUND((AC53+AD53+AF53),6) -> 128 | AC53: =ROUND((ES53),6) -> 128 | AD53: =ROUND((((ET53)-(EU53))+AE53),6) -> 0 | AE53: =ROUND((EU53),6) -> 0 | AF53: =ROUND((EV53),6) -> 0 | AG53: =ROUND((AP53),6) -> 0 | AH53: =(EW53) -> 0 | AI53: =(EX53) -> 0 | AJ53: =ROUND((AS53),6) -> 0 | AK53: 128 | AL53: 128 | AM53: 0 | AN53: 0 | AO53: 0 | AP53: 0 | AQ53: 0 | AR53: 0 | AS53: 0 | AT53: 111 | AU53: 64 | AV53: 1 | AW53: 1 | AZ53: 6.08 | BA53: 1 | BB53: 1 | BC53: 6.08 | BH53: 3 | BI53: 1 | BJ53: ФССЦ-2001, 11.3.03.14-0034, приказ Минстроя России №1039/пр от 30.12.2016г. | BM53: 11001 | BN53: 0 | BP53: 0 | BQ53: 2 | BR53: 0 | BS53: 1 | BT53: 1 | BU53: 1 | BV53: 1 | BW53: 1 | BX53: 1 | BZ53: 123 | CA53: 75 | CF53: 0 | CG53: 0 | CM53: 0 | CO53: 0 | CP53: =(P53+Q53+S53) -> 15.56 | CQ53: =AC53*BC53 -> 778.24 | CR53: =AD53*BB53 -> 0 | CS53: =AE53*BS53 -> 0 | CT53: =AF53*BA53 -> 0 | CU53: =AG53 -> 0 | CV53: =AH53 -> 0 | CW53: =AI53 -> 0 | CX53: =AJ53 -> 0 | CY53: =(((S53+R53)*AT53)/100) -> 0 | CZ53: =(((S53+R53)*AU53)/100) -> 0 | DN53: 0 | DO53: 0 | DP53: 1 | DQ53: 1 | DU53: 1010 | DV53: 100 шт. | DW53: 100 шт. | DX53: 100 | EE53: 16510488 | EF53: 2 | EG53: Общестроительные работы | EH53: 0 | EJ53: 1 | EK53: 11001 | EL53: Полы | EM53: ФЕР-11 | EQ53: 0 | ER53: 128 | ES53: 128 | ET53: 0 | EU53: 0 | EV53: 0 | EW53: 0 | EX53: 0 | FQ53: 0 | FR53: =ROUND(IF(AND(BH53=3,BI53=3),P53,0),2) -> 0 | FS53: 0 | FT53: *0,9 | FU53: *0,85 | FX53: 110.7 | FY53: 63.75 | GD53: 0 | GF53: 952646044 | GG53: 1 | GH53: 1 | GI53: 4 | GJ53: 0 | GK53: =ROUND(R53*(S12)/100,2) -> 0 | GL53: =ROUND(IF(AND(BH53=3,BI53=3,FS53<>0),P53,0),2) -> 0 | GM53: =ROUND(O53+X53+Y53+GK53,2)+GX53 -> 15.56 | GN53: =IF(OR(BI53=0,BI53=1),ROUND(O53+X53+Y53+GK53,2),0) -> 15.56 | GO53: =IF(BI53=2,ROUND(O53+X53+Y53+GK53,2),0) -> 0 | GP53: =IF(BI53=4,ROUND(O53+X53+Y53+GK53,2)+GX53,0) -> 0 | GR53: 0 | GS53: 3 | GT53: 0 | GV53: =ROUND(GT53,6) -> 0 | GW53: 1 | GX53: =ROUND(GV53*GW53*I53,2) -> 0 | HA53: 0 | HB53: 0 | IK53: 0
A54: 17 | B54: 1 | C54: =ROW(SmtRes!A75) -> 75 | D54: =ROW(EtalonRes!A77) -> 77 | E54: 7 | F54: 13-06-003-01 | G54: Очистка поверхности щетками стен и потолка от красок | H54: м2 | I54: 114.5 | J54: 0 | O54: =ROUND(CP54,2) -> 1011.26 | P54: =ROUND(CQ54*I54,2) -> 0 | Q54: =ROUND(CR54*I54,2) -> 0 | R54: =ROUND(CS54*I54,2) -> 0 | S54: =ROUND(CT54*I54,2) -> 1011.26 | T54: =ROUND(CU54*I54,2) -> 0 | U54: =CV54*I54 -> 118.5075 | V54: =CW54*I54 -> 0 | W54: =ROUND(CX54*I54,2) -> 0 | X54: =ROUND(CY54,2) -> 819.12 | Y54: =ROUND(CZ54,2) -> 606.76 | AA54: 16501254 | AB54: =ROUND((AC54+AD54+AF54),6) -> 8.832 | AC54: =ROUND((ES54),6) -> 0 | AD54: =ROUND(((((ET54*1.25))-((EU54*1.25)))+AE54),6) -> 0 | AE54: =ROUND(((EU54*1.25)),6) -> 0 | AF54: =ROUND(((EV54*1.15)),6) -> 8.832 | AG54: =ROUND((AP54),6) -> 0 | AH54: =((EW54*1.15)) -> 1.035 | AI54: =((EX54*1.25)) -> 0 | AJ54: =ROUND((AS54),6) -> 0 | AK54: 7.68 | AL54: 0 | AM54: 0 | AN54: 0 | AO54: 7.68 | AP54: 0 | AQ54: 0.9 | AR54: 0 | AS54: 0 | AT54: 81 | AU54: 60 | AV54: 1 | AW54: 1 | AZ54: 1 | BA54: 1 | BB54: 1 | BC54: 1 | BH54: 0 | BI54: 1 | BJ54: ФЕР-2001, 13-06-003-01, приказ Минстроя России №1039/пр от 30.12.2016г. | BM54: 13001 | BN54: 0 | BP54: 0 | BQ54: 2 | BR54: 0 | BS54: 1 | BT54: 1 | BU54: 1 | BV54: 1 | BW54: 1 | BX54: 1 | BZ54: 90 | CA54: 70 | CF54: 0 | CG54: 0 | CM54: 0 | CN54: Поправка: МДС 81-35.2004, п.4.7 Наименование: Работы, выполняемые при реконструкции зданий и сооружений работы, аналогичные технологическим процессам в новом строительстве (в том числе возведение новых конструктивных элементов) стоимость которых определена по соответствующим сборникам ФЕР, кроме сборника № 46 «Работы при реконструкции зданий и сооружений» | CO54: 0 | CP54: =(P54+Q54+S54) -> 1011.26 | CQ54: =AC54*BC54 -> 0 | CR54: =AD54*BB54 -> 0 | CS54: =AE54*BS54 -> 0 | CT54: =AF54*BA54 -> 8.832 | CU54: =AG54 -> 0 | CV54: =AH54 -> 1.035 | CW54: =AI54 -> 0 | CX54: =AJ54 -> 0 | CY54: =(((S54+R54)*AT54)/100) -> 819.1206 | CZ54: =(((S54+R54)*AU54)/100) -> 606.756 | DE54: )*1,25 | DF54: )*1,25 | DG54: )*1,15 | DI54: )*1,15 | DJ54: )*1,25 | DN54: 0 | DO54: 0 | DP54: 1 | DQ54: 1 | DU54: 1005 | DV54: м2 | DW54: м2 | DX54: 1 | EE54: 16510490 | EF54: 2 | EG54: Общестроительные работы | EH54: 0 | EJ54: 1 | EK54: 13001 | EL54: Защита строительных конструкций | EM54: ФЕР-13 | EO54: Поправка: МДС 81-35.2004, п.4.7 | EQ54: 0 | ER54: 7.68 | ES54: 0 | ET54: 0 | EU54: 0 | EV54: 7.68 | EW54: 0.9 | EX54: 0 | EY54: 0 | FQ54: 0 | FR54: =ROUND(IF(AND(BH54=3,BI54=3),P54,0),2) -> 0 | FS54: 0 | FT54: *0,9 | FU54: *0,85 | FX54: 81 | FY54: 59.5 | GD54: 0 | GF54: -1482825381 | GG54: 2 | GH54: 1 | GI54: -2 | GJ54: 0 | GK54: =ROUND(R54*(R12)/100,2) -> 0 | GL54: =ROUND(IF(AND(BH54=3,BI54=3,FS54<>0),P54,0),2) -> 0 | GM54: =ROUND(O54+X54+Y54+GK54,2)+GX54 -> 2437.14 | GN54: =IF(OR(BI54=0,BI54=1),ROUND(O54+X54+Y54+GK54,2),0) -> 2437.14 | GO54: =IF(BI54=2,ROUND(O54+X54+Y54+GK54,2),0) -> 0 | GP54: =IF(BI54=4,ROUND(O54+X54+Y54+GK54,2)+GX54,0) -> 0 | GR54: 0 | GS54: 3 | GT54: 0 | GV54: =ROUND(GT54,6) -> 0 | GW54: 1 | GX54: =ROUND(GV54*GW54*I54,2) -> 0 | HA54: 0 | HB54: 0 | IK54: 0
A55: 17 | B55: 1 | C55: =ROW(SmtRes!A76) -> 76 | D55: =ROW(EtalonRes!A78) -> 78 | E55: 7 | F55: 13-06-003-01 | G55: Очистка поверхности щетками стен и потолка от красок | H55: м2 | I55: 114.5 | J55: 0 | O55: =ROUND(CP55,2) -> 6148.49 | P55: =ROUND(CQ55*I55,2) -> 0 | Q55: =ROUND(CR55*I55,2) -> 0 | R55: =ROUND(CS55*I55,2) -> 0 | S55: =ROUND(CT55*I55,2) -> 6148.49 | T55: =ROUND(CU55*I55,2) -> 0 | U55: =CV55*I55 -> 118.5075 | V55: =CW55*I55 -> 0 | W55: =ROUND(CX55*I55,2) -> 0 | X55: =ROUND(CY55,2) -> 4980.28 | Y55: =ROUND(CZ55,2) -> 3689.09 | AA55: 16501255 | AB55: =ROUND((AC55+AD55+AF55),6) -> 8.832 | AC55: =ROUND((ES55),6) -> 0 | AD55: =ROUND(((((ET55*1.25))-((EU55*1.25)))+AE55),6) -> 0 | AE55: =ROUND(((EU55*1.25)),6) -> 0 | AF55: =ROUND(((EV55*1.15)),6) -> 8.832 | AG55: =ROUND((AP55),6) -> 0 | AH55: =((EW55*1.15)) -> 1.035 | AI55: =((EX55*1.25)) -> 0 | AJ55: =ROUND((AS55),6) -> 0 | AK55: 7.68 | AL55: 0 | AM55: 0 | AN55: 0 | AO55: 7.68 | AP55: 0 | AQ55: 0.9 | AR55: 0 | AS55: 0 | AT55: 81 | AU55: 60 | AV55: 1 | AW55: 1 | AZ55: 6.08 | BA55: 6.08 | BB55: 6.08 | BC55: 6.08 | BH55: 0 | BI55: 1 | BJ55: ФЕР-2001, 13-06-003-01, приказ Минстроя России №1039/пр от 30.12.2016г. | BM55: 13001 | BN55: 0 | BP55: 0 | BQ55: 2 | BR55: 0 | BS55: 6.08 | BT55: 1 | BU55: 1 | BV55: 1 | BW55: 1 | BX55: 1 | BZ55: 90 | CA55: 70 | CF55: 0 | CG55: 0 | CM55: 0 | CN55: Поправка: МДС 81-35.2004, п.4.7 Наименование: Работы, выполняемые при реконструкции зданий и сооружений работы, аналогичные технологическим процессам в новом строительстве (в том числе возведение новых конструктивных элементов) стоимость которых определена по соответствующим сборникам ФЕР, кроме сборника № 46 «Работы при реконструкции зданий и сооружений» | CO55: 0 | CP55: =(P55+Q55+S55) -> 6148.49 | CQ55: =AC55*BC55 -> 0 | CR55: =AD55*BB55 -> 0 | CS55: =AE55*BS55 -> 0 | CT55: =AF55*BA55 -> 53.69856 | CU55: =AG55 -> 0 | CV55: =AH55 -> 1.035 | CW55: =AI55 -> 0 | CX55: =AJ55 -> 0 | CY55: =(((S55+R55)*AT55)/100) -> 4980.2769 | CZ55: =(((S55+R55)*AU55)/100) -> 3689.094 | DE55: )*1,25 | DF55: )*1,25 | DG55: )*1,15 | DI55: )*1,15 | DJ55: )*1,25 | DN55: 0 | DO55: 0 | DP55: 1 | DQ55: 1 | DU55: 1005 | DV55: м2 | DW55: м2 | DX55: 1 | EE55: 16510490 | EF55: 2 | EG55: Общестроительные работы | EH55: 0 | EJ55: 1 | EK55: 13001 | EL55: Защита строительных конструкций | EM55: ФЕР-13 | EO55: Поправка: МДС 81-35.2004, п.4.7 | EQ55: 0 | ER55: 7.68 | ES55: 0 | ET55: 0 | EU55: 0 | EV55: 7.68 | EW55: 0.9 | EX55: 0 | EY55: 0 | FQ55: 0 | FR55: =ROUND(IF(AND(BH55=3,BI55=3),P55,0),2) -> 0 | FS55: 0 | FT55: *0,9 | FU55: *0,85 | FX55: 81 | FY55: 59.5 | GD55: 0 | GF55: -1482825381 | GG55: 1 | GH55: 1 | GI55: 4 | GJ55: 0 | GK55: =ROUND(R55*(S12)/100,2) -> 0 | GL55: =ROUND(IF(AND(BH55=3,BI55=3,FS55<>0),P55,0),2) -> 0 | GM55: =ROUND(O55+X55+Y55+GK55,2)+GX55 -> 14817.86 | GN55: =IF(OR(BI55=0,BI55=1),ROUND(O55+X55+Y55+GK55,2),0) -> 14817.86 | GO55: =IF(BI55=2,ROUND(O55+X55+Y55+GK55,2),0) -> 0 | GP55: =IF(BI55=4,ROUND(O55+X55+Y55+GK55,2)+GX55,0) -> 0 | GR55: 0 | GS55: 3 | GT55: 0 | GV55: =ROUND(GT55,6) -> 0 | GW55: 1 | GX55: =ROUND(GV55*GW55*I55,2) -> 0 | HA55: 0 | HB55: 0 | IK55: 0
A56: 17 | B56: 1 | C56: =ROW(SmtRes!A85) -> 85 | D56: =ROW(EtalonRes!A86) -> 86 | E56: 8 | F56: 15-02-019-03 | G56: Сплошное выравнивание внутренних поверхностей (однослойное оштукатуривание) из сухих растворных смесей толщиной до 10 мм стен | H56: 100 м2 | I56: =ROUND(78.2/100,9) -> 0.782 | J56: 0 | O56: =ROUND(CP56,2) -> 266.85 | P56: =ROUND(CQ56*I56,2) -> 0.97 | Q56: =ROUND(CR56*I56,2) -> 16.65 | R56: =ROUND(CS56*I56,2) -> 9.85 | S56: =ROUND(CT56*I56,2) -> 249.23 | T56: =ROUND(CU56*I56,2) -> 0 | U56: =CV56*I56 -> 29.218257 | V56: =CW56*I56 -> 0.909075 | W56: =ROUND(CX56*I56,2) -> 0 | X56: =ROUND(CY56,2) -> 246.13 | Y56: =ROUND(CZ56,2) -> 121.77 | AA56: 16501254 | AB56: =ROUND((AC56+AD56+AF56),6) -> 341.2385 | AC56: =ROUND((ES56),6) -> 1.24 | AD56: =ROUND(((((ET56*1.25))-((EU56*1.25)))+AE56),6) -> 21.2875 | AE56: =ROUND(((EU56*1.25)),6) -> 12.6 | AF56: =ROUND(((EV56*1.15)),6) -> 318.711 | AG56: =ROUND((AP56),6) -> 0 | AH56: =((EW56*1.15)) -> 37.3635 | AI56: =((EX56*1.25)) -> 1.1625 | AJ56: =ROUND((AS56),6) -> 0 | AK56: 295.41 | AL56: 1.24 | AM56: 17.03 | AN56: 10.08 | AO56: 277.14 | AP56: 0 | AQ56: 32.49 | AR56: 0.93 | AS56: 0 | AT56: 95 | AU56: 47 | AV56: 1 | AW56: 1 | AZ56: 1 | BA56: 1 | BB56: 1 | BC56: 1 | BH56: 0 | BI56: 1 | BJ56: ФЕР-2001, 15-02-019-03, приказ Минстроя России №1039/пр от 30.12.2016г. | BM56: 15001 | BN56: 0 | BP56: 0 | BQ56: 2 | BR56: 0 | BS56: 1 | BT56: 1 | BU56: 1 | BV56: 1 | BW56: 1 | BX56: 1 | BZ56: 105 | CA56: 55 | CF56: 0 | CG56: 0 | CM56: 0 | CN56: Поправка: МДС 81-35.2004, п.4.7 Наименование: Работы, выполняемые при реконструкции зданий и сооружений работы, аналогичные технологическим процессам в новом строительстве (в том числе возведение новых конструктивных элементов) стоимость которых определена по соответствующим сборникам ФЕР, кроме сборника № 46 «Работы при реконструкции зданий и сооружений» | CO56: 0 | CP56: =(P56+Q56+S56) -> 266.85 | CQ56: =AC56*BC56 -> 1.24 | CR56: =AD56*BB56 -> 21.2875 | CS56: =AE56*BS56 -> 12.6 | CT56: =AF56*BA56 -> 318.711 | CU56: =AG56 -> 0 | CV56: =AH56 -> 37.3635 | CW56: =AI56 -> 1.1625 | CX56: =AJ56 -> 0 | CY56: =(((S56+R56)*AT56)/100) -> 246.126 | CZ56: =(((S56+R56)*AU56)/100) -> 121.7676 | DE56: )*1,25 | DF56: )*1,25 | DG56: )*1,15 | DI56: )*1,15 | DJ56: )*1,25 | DN56: 0 | DO56: 0 | DP56: 1 | DQ56: 1 | DU56: 1005 | DV56: 100 м2 | DW56: 100 м2 | DX56: 100 | EE56: 16510513 | EF56: 2 | EG56: Общестроительные работы | EH56: 0 | EJ56: 1 | EK56: 15001 | EL56: Отделочные работы | EM56: ФЕР-15 | EO56: Поправка: МДС 81-35.2004, п.4.7 | EQ56: 0 | ER56: 295.41 | ES56: 1.24 | ET56: 17.03 | EU56: 10.08 | EV56: 277.14 | EW56: 32.49 | EX56: 0.93 | EY56: 0 | FQ56: 0 | FR56: =ROUND(IF(AND(BH56=3,BI56=3),P56,0),2) -> 0 | FS56: 0 | FT56: *0,9 | FU56: *0,85 | FX56: 94.5 | FY56: 46.75 | GD56: 0 | GF56: -357803777 | GG56: 2 | GH56: 1 | GI56: -2 | GJ56: 0 | GK56: =ROUND(R56*(R12)/100,2) -> 0 | GL56: =ROUND(IF(AND(BH56=3,BI56=3,FS56<>0),P56,0),2) -> 0 | GM56: =ROUND(O56+X56+Y56+GK56,2)+GX56 -> 634.75 | GN56: =IF(OR(BI56=0,BI56=1),ROUND(O56+X56+Y56+GK56,2),0) -> 634.75 | GO56: =IF(BI56=2,ROUND(O56+X56+Y56+GK56,2),0) -> 0 | GP56: =IF(BI56=4,ROUND(O56+X56+Y56+GK56,2)+GX56,0) -> 0 | GR56: 0 | GS56: 3 | GT56: 0 | GV56: =ROUND(GT56,6) -> 0 | GW56: 1 | GX56: =ROUND(GV56*GW56*I56,2) -> 0 | HA56: 0 | HB56: 0 | IK56: 0
A57: 17 | B57: 1 | C57: =ROW(SmtRes!A94) -> 94 | D57: =ROW(EtalonRes!A94) -> 94 | E57: 8 | F57: 15-02-019-03 | G57: Сплошное выравнивание внутренних поверхностей (однослойное оштукатуривание) из сухих растворных смесей толщиной до 10 мм стен | H57: 100 м2 | I57: =ROUND(78.2/100,9) -> 0.782 | J57: 0 | O57: =ROUND(CP57,2) -> 1622.44 | P57: =ROUND(CQ57*I57,2) -> 5.9 | Q57: =ROUND(CR57*I57,2) -> 101.21 | R57: =ROUND(CS57*I57,2) -> 59.91 | S57: =ROUND(CT57*I57,2) -> 1515.33 | T57: =ROUND(CU57*I57,2) -> 0 | U57: =CV57*I57 -> 29.218257 | V57: =CW57*I57 -> 0.909075 | W57: =ROUND(CX57*I57,2) -> 0 | X57: =ROUND(CY57,2) -> 1496.48 | Y57: =ROUND(CZ57,2) -> 740.36 | AA57: 16501255 | AB57: =ROUND((AC57+AD57+AF57),6) -> 341.2385 | AC57: =ROUND((ES57),6) -> 1.24 | AD57: =ROUND(((((ET57*1.25))-((EU57*1.25)))+AE57),6) -> 21.2875 | AE57: =ROUND(((EU57*1.25)),6) -> 12.6 | AF57: =ROUND(((EV57*1.15)),6) -> 318.711 | AG57: =ROUND((AP57),6) -> 0 | AH57: =((EW57*1.15)) -> 37.3635 | AI57: =((EX57*1.25)) -> 1.1625 | AJ57: =ROUND((AS57),6) -> 0 | AK57: 295.41 | AL57: 1.24 | AM57: 17.03 | AN57: 10.08 | AO57: 277.14 | AP57: 0 | AQ57: 32.49 | AR57: 0.93 | AS57: 0 | AT57: 95 | AU57: 47 | AV57: 1 | AW57: 1 | AZ57: 6.08 | BA57: 6.08 | BB57: 6.08 | BC57: 6.08 | BH57: 0 | BI57: 1 | BJ57: ФЕР-2001, 15-02-019-03, приказ Минстроя России №1039/пр от 30.12.2016г. | BM57: 15001 | BN57: 0 | BP57: 0 | BQ57: 2 | BR57: 0 | BS57: 6.08 | BT57: 1 | BU57: 1 | BV57: 1 | BW57: 1 | BX57: 1 | BZ57: 105 | CA57: 55 | CF57: 0 | CG57: 0 | CM57: 0 | CN57: Поправка: МДС 81-35.2004, п.4.7 Наименование: Работы, выполняемые при реконструкции зданий и сооружений работы, аналогичные технологическим процессам в новом строительстве (в том числе возведение новых конструктивных элементов) стоимость которых определена по соответствующим сборникам ФЕР, кроме сборника № 46 «Работы при реконструкции зданий и сооружений» | CO57: 0 | CP57: =(P57+Q57+S57) -> 1622.44 | CQ57: =AC57*BC57 -> 7.5392 | CR57: =AD57*BB57 -> 129.428 | CS57: =AE57*BS57 -> 76.608 | CT57: =AF57*BA57 -> 1937.7629 | CU57: =AG57 -> 0 | CV57: =AH57 -> 37.3635 | CW57: =AI57 -> 1.1625 | CX57: =AJ57 -> 0 | CY57: =(((S57+R57)*AT57)/100) -> 1496.478 | CZ57: =(((S57+R57)*AU57)/100) -> 740.3628 | DE57: )*1,25 | DF57: )*1,25 | DG57: )*1,15 | DI57: )*1,15 | DJ57: )*1,25 | DN57: 0 | DO57: 0 | DP57: 1 | DQ57: 1 | DU57: 1005 | DV57: 100 м2 | DW57: 100 м2 | DX57: 100 | EE57: 16510513 | EF57: 2 | EG57: Общестроительные работы | EH57: 0 | EJ57: 1 | EK57: 15001 | EL57: Отделочные работы | EM57: ФЕР-15 | EO57: Поправка: МДС 81-35.2004, п.4.7 | EQ57: 0 | ER57: 295.41 | ES57: 1.24 | ET57: 17.03 | EU57: 10.08 | EV57: 277.14 | EW57: 32.49 | EX57: 0.93 | EY57: 0 | FQ57: 0 | FR57: =ROUND(IF(AND(BH57=3,BI57=3),P57,0),2) -> 0 | FS57: 0 | FT57: *0,9 | FU57: *0,85 | FX57: 94.5 | FY57: 46.75 | GD57: 0 | GF57: -357803777 | GG57: 1 | GH57: 1 | GI57: 4 | GJ57: 0 | GK57: =ROUND(R57*(S12)/100,2) -> 0 | GL57: =ROUND(IF(AND(BH57=3,BI57=3,FS57<>0),P57,0),2) -> 0 | GM57: =ROUND(O57+X57+Y57+GK57,2)+GX57 -> 3859.28 | GN57: =IF(OR(BI57=0,BI57=1),ROUND(O57+X57+Y57+GK57,2),0) -> 3859.28 | GO57: =IF(BI57=2,ROUND(O57+X57+Y57+GK57,2),0) -> 0 | GP57: =IF(BI57=4,ROUND(O57+X57+Y57+GK57,2)+GX57,0) -> 0 | GR57: 0 | GS57: 3 | GT57: 0 | GV57: =ROUND(GT57,6) -> 0 | GW57: 1 | GX57: =ROUND(GV57*GW57*I57,2) -> 0 | HA57: 0 | HB57: 0 | IK57: 0
A58: 18 | B58: 1 | C58: 83 | E58: 8,1 | F58: 04.3.02.09 | G58: Смеси на цементной основе | H58: т | I58: =I56*J58 -> 0.6647 | J58: 0.85 | O58: =ROUND(CP58,2) -> 0 | P58: =ROUND(CQ58*I58,2) -> 0 | Q58: =ROUND(CR58*I58,2) -> 0 | R58: =ROUND(CS58*I58,2) -> 0 | S58: =ROUND(CT58*I58,2) -> 0 | T58: =ROUND(CU58*I58,2) -> 0 | U58: =CV58*I58 -> 0 | V58: =CW58*I58 -> 0 | W58: =ROUND(CX58*I58,2) -> 0 | X58: =ROUND(CY58,2) -> 0 | Y58: =ROUND(CZ58,2) -> 0 | AA58: 16501254 | AB58: =ROUND((AC58+AD58+AF58),6) -> 0 | AC58: =ROUND((ES58),6) -> 0 | AD58: =ROUND((((ET58)-(EU58))+AE58),6) -> 0 | AE58: =ROUND((EU58),6) -> 0 | AF58: =ROUND((EV58),6) -> 0 | AG58: =ROUND((AP58),6) -> 0 | AH58: =(EW58) -> 0 | AI58: =(EX58) -> 0 | AJ58: =ROUND((AS58),6) -> 0 | AK58: 0 | AL58: 0 | AM58: 0 | AN58: 0 | AO58: 0 | AP58: 0 | AQ58: 0 | AR58: 0 | AS58: 0 | AT58: 95 | AU58: 47 | AV58: 1 | AW58: 1 | AZ58: 1 | BA58: 1 | BB58: 1 | BC58: 1 | BH58: 3 | BI58: 1 | BM58: 15001 | BN58: 0 | BP58: 0 | BQ58: 2 | BR58: 0 | BS58: 1 | BT58: 1 | BU58: 1 | BV58: 1 | BW58: 1 | BX58: 1 | BZ58: 105 | CA58: 55 | CF58: 0 | CG58: 0 | CM58: 0 | CO58: 0 | CP58: =(P58+Q58+S58) -> 0 | CQ58: =AC58*BC58 -> 0 | CR58: =AD58*BB58 -> 0 | CS58: =AE58*BS58 -> 0 | CT58: =AF58*BA58 -> 0 | CU58: =AG58 -> 0 | CV58: =AH58 -> 0 | CW58: =AI58 -> 0 | CX58: =AJ58 -> 0 | CY58: =(((S58+R58)*AT58)/100) -> 0 | CZ58: =(((S58+R58)*AU58)/100) -> 0 | DN58: 0 | DO58: 0 | DP58: 1 | DQ58: 1 | DU58: 1009 | DV58: т | DW58: т | DX58: 1000 | EE58: 16510513 | EF58: 2 | EG58: Общестроительные работы | EH58: 0 | EJ58: 1 | EK58: 15001 | EL58: Отделочные работы | EM58: ФЕР-15 | EQ58: 0 | ER58: 0 | ES58: 0 | ET58: 0 | EU58: 0 | EV58: 0 | EW58: 0 | EX58: 0 | FQ58: 0 | FR58: =ROUND(IF(AND(BH58=3,BI58=3),P58,0),2) -> 0 | FS58: 0 | FT58: *0,9 | FU58: *0,85 | FX58: 94.5 | FY58: 46.75 | GD58: 0 | GF58: 1880203204 | GG58: 2 | GH58: 1 | GI58: -2 | GJ58: 0 | GK58: =ROUND(R58*(R12)/100,2) -> 0 | GL58: =ROUND(IF(AND(BH58=3,BI58=3,FS58<>0),P58,0),2) -> 0 | GM58: =ROUND(O58+X58+Y58+GK58,2)+GX58 -> 0 | GN58: =IF(OR(BI58=0,BI58=1),ROUND(O58+X58+Y58+GK58,2),0) -> 0 | GO58: =IF(BI58=2,ROUND(O58+X58+Y58+GK58,2),0) -> 0 | GP58: =IF(BI58=4,ROUND(O58+X58+Y58+GK58,2)+GX58,0) -> 0 | GR58: 0 | GS58: 3 | GT58: 0 | GV58: =ROUND(GT58,6) -> 0 | GW58: 1 | GX58: =ROUND(GV58*GW58*I58,2) -> 0 | HA58: 0 | HB58: 0 | IK58: 0
A59: 18 | B59: 1 | C59: 92 | E59: 8,1 | F59: 04.3.02.09 | G59: Смеси на цементной основе | H59: т | I59: =I57*J59 -> 0.6647 | J59: 0.85 | O59: =ROUND(CP59,2) -> 0 | P59: =ROUND(CQ59*I59,2) -> 0 | Q59: =ROUND(CR59*I59,2) -> 0 | R59: =ROUND(CS59*I59,2) -> 0 | S59: =ROUND(CT59*I59,2) -> 0 | T59: =ROUND(CU59*I59,2) -> 0 | U59: =CV59*I59 -> 0 | V59: =CW59*I59 -> 0 | W59: =ROUND(CX59*I59,2) -> 0 | X59: =ROUND(CY59,2) -> 0 | Y59: =ROUND(CZ59,2) -> 0 | AA59: 16501255 | AB59: =ROUND((AC59+AD59+AF59),6) -> 0 | AC59: =ROUND((ES59),6) -> 0 | AD59: =ROUND((((ET59)-(EU59))+AE59),6) -> 0 | AE59: =ROUND((EU59),6) -> 0 | AF59: =ROUND((EV59),6) -> 0 | AG59: =ROUND((AP59),6) -> 0 | AH59: =(EW59) -> 0 | AI59: =(EX59) -> 0 | AJ59: =ROUND((AS59),6) -> 0 | AK59: 0 | AL59: 0 | AM59: 0 | AN59: 0 | AO59: 0 | AP59: 0 | AQ59: 0 | AR59: 0 | AS59: 0 | AT59: 95 | AU59: 47 | AV59: 1 | AW59: 1 | AZ59: 6.08 | BA59: 1 | BB59: 1 | BC59: 6.08 | BH59: 3 | BI59: 1 | BM59: 15001 | BN59: 0 | BP59: 0 | BQ59: 2 | BR59: 0 | BS59: 1 | BT59: 1 | BU59: 1 | BV59: 1 | BW59: 1 | BX59: 1 | BZ59: 105 | CA59: 55 | CF59: 0 | CG59: 0 | CM59: 0 | CO59: 0 | CP59: =(P59+Q59+S59) -> 0 | CQ59: =AC59*BC59 -> 0 | CR59: =AD59*BB59 -> 0 | CS59: =AE59*BS59 -> 0 | CT59: =AF59*BA59 -> 0 | CU59: =AG59 -> 0 | CV59: =AH59 -> 0 | CW59: =AI59 -> 0 | CX59: =AJ59 -> 0 | CY59: =(((S59+R59)*AT59)/100) -> 0 | CZ59: =(((S59+R59)*AU59)/100) -> 0 | DN59: 0 | DO59: 0 | DP59: 1 | DQ59: 1 | DU59: 1009 | DV59: т | DW59: т | DX59: 1000 | EE59: 16510513 | EF59: 2 | EG59: Общестроительные работы | EH59: 0 | EJ59: 1 | EK59: 15001 | EL59: Отделочные работы | EM59: ФЕР-15 | EQ59: 0 | ER59: 0 | ES59: 0 | ET59: 0 | EU59: 0 | EV59: 0 | EW59: 0 | EX59: 0 | FQ59: 0 | FR59: =ROUND(IF(AND(BH59=3,BI59=3),P59,0),2) -> 0 | FS59: 0 | FT59: *0,9 | FU59: *0,85 | FX59: 94.5 | FY59: 46.75 | GD59: 0 | GF59: 1880203204 | GG59: 1 | GH59: 1 | GI59: 4 | GJ59: 0 | GK59: =ROUND(R59*(S12)/100,2) -> 0 | GL59: =ROUND(IF(AND(BH59=3,BI59=3,FS59<>0),P59,0),2) -> 0 | GM59: =ROUND(O59+X59+Y59+GK59,2)+GX59 -> 0 | GN59: =IF(OR(BI59=0,BI59=1),ROUND(O59+X59+Y59+GK59,2),0) -> 0 | GO59: =IF(BI59=2,ROUND(O59+X59+Y59+GK59,2),0) -> 0 | GP59: =IF(BI59=4,ROUND(O59+X59+Y59+GK59,2)+GX59,0) -> 0 | GR59: 0 | GS59: 3 | GT59: 0 | GV59: =ROUND(GT59,6) -> 0 | GW59: 1 | GX59: =ROUND(GV59*GW59*I59,2) -> 0 | HA59: 0 | HB59: 0 | IK59: 0
A60: 18 | B60: 1 | C60: 84 | E60: 8,2 | F60: 04.3.02.12-0002 | G60: Смесь сухая штукатурная цементно-известково-песчаная "БИРСС 15" (марка М100) | H60: т | I60: =I56*J60 -> 0.6647 | J60: 0.85 | O60: =ROUND(CP60,2) -> 619.08 | P60: =ROUND(CQ60*I60,2) -> 619.08 | Q60: =ROUND(CR60*I60,2) -> 0 | R60: =ROUND(CS60*I60,2) -> 0 | S60: =ROUND(CT60*I60,2) -> 0 | T60: =ROUND(CU60*I60,2) -> 0 | U60: =CV60*I60 -> 0 | V60: =CW60*I60 -> 0 | W60: =ROUND(CX60*I60,2) -> 0 | X60: =ROUND(CY60,2) -> 0 | Y60: =ROUND(CZ60,2) -> 0 | AA60: 16501254 | AB60: =ROUND((AC60+AD60+AF60),6) -> 931.37 | AC60: =ROUND((ES60),6) -> 931.37 | AD60: =ROUND((((ET60)-(EU60))+AE60),6) -> 0 | AE60: =ROUND((EU60),6) -> 0 | AF60: =ROUND((EV60),6) -> 0 | AG60: =ROUND((AP60),6) -> 0 | AH60: =(EW60) -> 0 | AI60: =(EX60) -> 0 | AJ60: =ROUND((AS60),6) -> 0 | AK60: 931.37 | AL60: 931.37 | AM60: 0 | AN60: 0 | AO60: 0 | AP60: 0 | AQ60: 0 | AR60: 0 | AS60: 0 | AT60: 95 | AU60: 47 | AV60: 1 | AW60: 1 | AZ60: 1 | BA60: 1 | BB60: 1 | BC60: 1 | BH60: 3 | BI60: 1 | BJ60: ФССЦ-2001, 04.3.02.12-0002, приказ Минстроя России №1039/пр от 30.12.2016г. | BM60: 15001 | BN60: 0 | BP60: 0 | BQ60: 2 | BR60: 0 | BS60: 1 | BT60: 1 | BU60: 1 | BV60: 1 | BW60: 1 | BX60: 1 | BZ60: 105 | CA60: 55 | CF60: 0 | CG60: 0 | CM60: 0 | CO60: 0 | CP60: =(P60+Q60+S60) -> 619.08 | CQ60: =AC60*BC60 -> 931.37 | CR60: =AD60*BB60 -> 0 | CS60: =AE60*BS60 -> 0 | CT60: =AF60*BA60 -> 0 | CU60: =AG60 -> 0 | CV60: =AH60 -> 0 | CW60: =AI60 -> 0 | CX60: =AJ60 -> 0 | CY60: =(((S60+R60)*AT60)/100) -> 0 | CZ60: =(((S60+R60)*AU60)/100) -> 0 | DN60: 0 | DO60: 0 | DP60: 1 | DQ60: 1 | DU60: 1009 | DV60: т | DW60: т | DX60: 1000 | EE60: 16510513 | EF60: 2 | EG60: Общестроительные работы | EH60: 0 | EJ60: 1 | EK60: 15001 | EL60: Отделочные работы | EM60: ФЕР-15 | EQ60: 0 | ER60: 931.37 | ES60: 931.37 | ET60: 0 | EU60: 0 | EV60: 0 | EW60: 0 | EX60: 0 | FQ60: 0 | FR60: =ROUND(IF(AND(BH60=3,BI60=3),P60,0),2) -> 0 | FS60: 0 | FT60: *0,9 | FU60: *0,85 | FX60: 94.5 | FY60: 46.75 | GD60: 0 | GF60: -791558573 | GG60: 2 | GH60: 1 | GI60: -2 | GJ60: 0 | GK60: =ROUND(R60*(R12)/100,2) -> 0 | GL60: =ROUND(IF(AND(BH60=3,BI60=3,FS60<>0),P60,0),2) -> 0 | GM60: =ROUND(O60+X60+Y60+GK60,2)+GX60 -> 619.08 | GN60: =IF(OR(BI60=0,BI60=1),ROUND(O60+X60+Y60+GK60,2),0) -> 619.08 | GO60: =IF(BI60=2,ROUND(O60+X60+Y60+GK60,2),0) -> 0 | GP60: =IF(BI60=4,ROUND(O60+X60+Y60+GK60,2)+GX60,0) -> 0 | GR60: 0 | GS60: 3 | GT60: 0 | GV60: =ROUND(GT60,6) -> 0 | GW60: 1 | GX60: =ROUND(GV60*GW60*I60,2) -> 0 | HA60: 0 | HB60: 0 | IK60: 0
A61: 18 | B61: 1 | C61: 93 | E61: 8,2 | F61: 04.3.02.12-0002 | G61: Смесь сухая штукатурная цементно-известково-песчаная "БИРСС 15" (марка М100) | H61: т | I61: =I57*J61 -> 0.6647 | J61: 0.85 | O61: =ROUND(CP61,2) -> 3764.02 | P61: =ROUND(CQ61*I61,2) -> 3764.02 | Q61: =ROUND(CR61*I61,2) -> 0 | R61: =ROUND(CS61*I61,2) -> 0 | S61: =ROUND(CT61*I61,2) -> 0 | T61: =ROUND(CU61*I61,2) -> 0 | U61: =CV61*I61 -> 0 | V61: =CW61*I61 -> 0 | W61: =ROUND(CX61*I61,2) -> 0 | X61: =ROUND(CY61,2) -> 0 | Y61: =ROUND(CZ61,2) -> 0 | AA61: 16501255 | AB61: =ROUND((AC61+AD61+AF61),6) -> 931.37 | AC61: =ROUND((ES61),6) -> 931.37 | AD61: =ROUND((((ET61)-(EU61))+AE61),6) -> 0 | AE61: =ROUND((EU61),6) -> 0 | AF61: =ROUND((EV61),6) -> 0 | AG61: =ROUND((AP61),6) -> 0 | AH61: =(EW61) -> 0 | AI61: =(EX61) -> 0 | AJ61: =ROUND((AS61),6) -> 0 | AK61: 931.37 | AL61: 931.37 | AM61: 0 | AN61: 0 | AO61: 0 | AP61: 0 | AQ61: 0 | AR61: 0 | AS61: 0 | AT61: 95 | AU61: 47 | AV61: 1 | AW61: 1 | AZ61: 6.08 | BA61: 1 | BB61: 1 | BC61: 6.08 | BH61: 3 | BI61: 1 | BJ61: ФССЦ-2001, 04.3.02.12-0002, приказ Минстроя России №1039/пр от 30.12.2016г. | BM61: 15001 | BN61: 0 | BP61: 0 | BQ61: 2 | BR61: 0 | BS61: 1 | BT61: 1 | BU61: 1 | BV61: 1 | BW61: 1 | BX61: 1 | BZ61: 105 | CA61: 55 | CF61: 0 | CG61: 0 | CM61: 0 | CO61: 0 | CP61: =(P61+Q61+S61) -> 3764.02 | CQ61: =AC61*BC61 -> 5662.7296 | CR61: =AD61*BB61 -> 0 | CS61: =AE61*BS61 -> 0 | CT61: =AF61*BA61 -> 0 | CU61: =AG61 -> 0 | CV61: =AH61 -> 0 | CW61: =AI61 -> 0 | CX61: =AJ61 -> 0 | CY61: =(((S61+R61)*AT61)/100) -> 0 | CZ61: =(((S61+R61)*AU61)/100) -> 0 | DN61: 0 | DO61: 0 | DP61: 1 | DQ61: 1 | DU61: 1009 | DV61: т | DW61: т | DX61: 1000 | EE61: 16510513 | EF61: 2 | EG61: Общестроительные работы | EH61: 0 | EJ61: 1 | EK61: 15001 | EL61: Отделочные работы | EM61: ФЕР-15 | EQ61: 0 | ER61: 931.37 | ES61: 931.37 | ET61: 0 | EU61: 0 | EV61: 0 | EW61: 0 | EX61: 0 | FQ61: 0 | FR61: =ROUND(IF(AND(BH61=3,BI61=3),P61,0),2) -> 0 | FS61: 0 | FT61: *0,9 | FU61: *0,85 | FX61: 94.5 | FY61: 46.75 | GD61: 0 | GF61: -791558573 | GG61: 1 | GH61: 1 | GI61: 4 | GJ61: 0 | GK61: =ROUND(R61*(S12)/100,2) -> 0 | GL61: =ROUND(IF(AND(BH61=3,BI61=3,FS61<>0),P61,0),2) -> 0 | GM61: =ROUND(O61+X61+Y61+GK61,2)+GX61 -> 3764.02 | GN61: =IF(OR(BI61=0,BI61=1),ROUND(O61+X61+Y61+GK61,2),0) -> 3764.02 | GO61: =IF(BI61=2,ROUND(O61+X61+Y61+GK61,2),0) -> 0 | GP61: =IF(BI61=4,ROUND(O61+X61+Y61+GK61,2)+GX61,0) -> 0 | GR61: 0 | GS61: 3 | GT61: 0 | GV61: =ROUND(GT61,6) -> 0 | GW61: 1 | GX61: =ROUND(GV61*GW61*I61,2) -> 0 | HA61: 0 | HB61: 0 | IK61: 0
A62: 18 | B62: 1 | C62: 85 | E62: 8,3 | F62: 14.3.01.02-0102 | G62: Грунтовка: водно-дисперсионная "БИРСС Бетон-контакт" | H62: т | I62: =I56*J62 -> 0.0156 | J62: 0.019948849 | O62: =ROUND(CP62,2) -> 286.89 | P62: =ROUND(CQ62*I62,2) -> 286.89 | Q62: =ROUND(CR62*I62,2) -> 0 | R62: =ROUND(CS62*I62,2) -> 0 | S62: =ROUND(CT62*I62,2) -> 0 | T62: =ROUND(CU62*I62,2) -> 0 | U62: =CV62*I62 -> 0 | V62: =CW62*I62 -> 0 | W62: =ROUND(CX62*I62,2) -> 0 | X62: =ROUND(CY62,2) -> 0 | Y62: =ROUND(CZ62,2) -> 0 | AA62: 16501254 | AB62: =ROUND((AC62+AD62+AF62),6) -> 18390.16 | AC62: =ROUND((ES62),6) -> 18390.16 | AD62: =ROUND((((ET62)-(EU62))+AE62),6) -> 0 | AE62: =ROUND((EU62),6) -> 0 | AF62: =ROUND((EV62),6) -> 0 | AG62: =ROUND((AP62),6) -> 0 | AH62: =(EW62) -> 0 | AI62: =(EX62) -> 0 | AJ62: =ROUND((AS62),6) -> 0 | AK62: 18390.16 | AL62: 18390.16 | AM62: 0 | AN62: 0 | AO62: 0 | AP62: 0 | AQ62: 0 | AR62: 0 | AS62: 0 | AT62: 95 | AU62: 47 | AV62: 1 | AW62: 1 | AZ62: 1 | BA62: 1 | BB62: 1 | BC62: 1 | BH62: 3 | BI62: 1 | BJ62: ФССЦ-2001, 14.3.01.02-0102, приказ Минстроя России №1039/пр от 30.12.2016г. | BM62: 15001 | BN62: 0 | BP62: 0 | BQ62: 2 | BR62: 0 | BS62: 1 | BT62: 1 | BU62: 1 | BV62: 1 | BW62: 1 | BX62: 1 | BZ62: 105 | CA62: 55 | CF62: 0 | CG62: 0 | CM62: 0 | CO62: 0 | CP62: =(P62+Q62+S62) -> 286.89 | CQ62: =AC62*BC62 -> 18390.16 | CR62: =AD62*BB62 -> 0 | CS62: =AE62*BS62 -> 0 | CT62: =AF62*BA62 -> 0 | CU62: =AG62 -> 0 | CV62: =AH62 -> 0 | CW62: =AI62 -> 0 | CX62: =AJ62 -> 0 | CY62: =(((S62+R62)*AT62)/100) -> 0 | CZ62: =(((S62+R62)*AU62)/100) -> 0 | DN62: 0 | DO62: 0 | DP62: 1 | DQ62: 1 | DU62: 1009 | DV62: т | DW62: т | DX62: 1000 | EE62: 16510513 | EF62: 2 | EG62: Общестроительные работы | EH62: 0 | EJ62: 1 | EK62: 15001 | EL62: Отделочные работы | EM62: ФЕР-15 | EQ62: 0 | ER62: 18390.16 | ES62: 18390.16 | ET62: 0 | EU62: 0 | EV62: 0 | EW62: 0 | EX62: 0 | FQ62: 0 | FR62: =ROUND(IF(AND(BH62=3,BI62=3),P62,0),2) -> 0 | FS62: 0 | FT62: *0,9 | FU62: *0,85 | FX62: 94.5 | FY62: 46.75 | GD62: 0 | GF62: -1919714308 | GG62: 2 | GH62: 1 | GI62: -2 | GJ62: 0 | GK62: =ROUND(R62*(R12)/100,2) -> 0 | GL62: =ROUND(IF(AND(BH62=3,BI62=3,FS62<>0),P62,0),2) -> 0 | GM62: =ROUND(O62+X62+Y62+GK62,2)+GX62 -> 286.89 | GN62: =IF(OR(BI62=0,BI62=1),ROUND(O62+X62+Y62+GK62,2),0) -> 286.89 | GO62: =IF(BI62=2,ROUND(O62+X62+Y62+GK62,2),0) -> 0 | GP62: =IF(BI62=4,ROUND(O62+X62+Y62+GK62,2)+GX62,0) -> 0 | GR62: 0 | GS62: 3 | GT62: 0 | GV62: =ROUND(GT62,6) -> 0 | GW62: 1 | GX62: =ROUND(GV62*GW62*I62,2) -> 0 | HA62: 0 | HB62: 0 | IK62: 0
A63: 18 | B63: 1 | C63: 94 | E63: 8,3 | F63: 14.3.01.02-0102 | G63: Грунтовка: водно-дисперсионная "БИРСС Бетон-контакт" | H63: т | I63: =I57*J63 -> 0.0156 | J63: 0.019948849 | O63: =ROUND(CP63,2) -> 1744.27 | P63: =ROUND(CQ63*I63,2) -> 1744.27 | Q63: =ROUND(CR63*I63,2) -> 0 | R63: =ROUND(CS63*I63,2) -> 0 | S63: =ROUND(CT63*I63,2) -> 0 | T63: =ROUND(CU63*I63,2) -> 0 | U63: =CV63*I63 -> 0 | V63: =CW63*I63 -> 0 | W63: =ROUND(CX63*I63,2) -> 0 | X63: =ROUND(CY63,2) -> 0 | Y63: =ROUND(CZ63,2) -> 0 | AA63: 16501255 | AB63: =ROUND((AC63+AD63+AF63),6) -> 18390.16 | AC63: =ROUND((ES63),6) -> 18390.16 | AD63: =ROUND((((ET63)-(EU63))+AE63),6) -> 0 | AE63: =ROUND((EU63),6) -> 0 | AF63: =ROUND((EV63),6) -> 0 | AG63: =ROUND((AP63),6) -> 0 | AH63: =(EW63) -> 0 | AI63: =(EX63) -> 0 | AJ63: =ROUND((AS63),6) -> 0 | AK63: 18390.16 | AL63: 18390.16 | AM63: 0 | AN63: 0 | AO63: 0 | AP63: 0 | AQ63: 0 | AR63: 0 | AS63: 0 | AT63: 95 | AU63: 47 | AV63: 1 | AW63: 1 | AZ63: 6.08 | BA63: 1 | BB63: 1 | BC63: 6.08 | BH63: 3 | BI63: 1 | BJ63: ФССЦ-2001, 14.3.01.02-0102, приказ Минстроя России №1039/пр от 30.12.2016г. | BM63: 15001 | BN63: 0 | BP63: 0 | BQ63: 2 | BR63: 0 | BS63: 1 | BT63: 1 | BU63: 1 | BV63: 1 | BW63: 1 | BX63: 1 | BZ63: 105 | CA63: 55 | CF63: 0 | CG63: 0 | CM63: 0 | CO63: 0 | CP63: =(P63+Q63+S63) -> 1744.27 | CQ63: =AC63*BC63 -> 111812.17 | CR63: =AD63*BB63 -> 0 | CS63: =AE63*BS63 -> 0 | CT63: =AF63*BA63 -> 0 | CU63: =AG63 -> 0 | CV63: =AH63 -> 0 | CW63: =AI63 -> 0 | CX63: =AJ63 -> 0 | CY63: =(((S63+R63)*AT63)/100) -> 0 | CZ63: =(((S63+R63)*AU63)/100) -> 0 | DN63: 0 | DO63: 0 | DP63: 1 | DQ63: 1 | DU63: 1009 | DV63: т | DW63: т | DX63: 1000 | EE63: 16510513 | EF63: 2 | EG63: Общестроительные работы | EH63: 0 | EJ63: 1 | EK63: 15001 | EL63: Отделочные работы | EM63: ФЕР-15 | EQ63: 0 | ER63: 18390.16 | ES63: 18390.16 | ET63: 0 | EU63: 0 | EV63: 0 | EW63: 0 | EX63: 0 | FQ63: 0 | FR63: =ROUND(IF(AND(BH63=3,BI63=3),P63,0),2) -> 0 | FS63: 0 | FT63: *0,9 | FU63: *0,85 | FX63: 94.5 | FY63: 46.75 | GD63: 0 | GF63: -1919714308 | GG63: 1 | GH63: 1 | GI63: 4 | GJ63: 0 | GK63: =ROUND(R63*(S12)/100,2) -> 0 | GL63: =ROUND(IF(AND(BH63=3,BI63=3,FS63<>0),P63,0),2) -> 0 | GM63: =ROUND(O63+X63+Y63+GK63,2)+GX63 -> 1744.27 | GN63: =IF(OR(BI63=0,BI63=1),ROUND(O63+X63+Y63+GK63,2),0) -> 1744.27 | GO63: =IF(BI63=2,ROUND(O63+X63+Y63+GK63,2),0) -> 0 | GP63: =IF(BI63=4,ROUND(O63+X63+Y63+GK63,2)+GX63,0) -> 0 | GR63: 0 | GS63: 3 | GT63: 0 | GV63: =ROUND(GT63,6) -> 0 | GW63: 1 | GX63: =ROUND(GV63*GW63*I63,2) -> 0 | HA63: 0 | HB63: 0 | IK63: 0
A64: 17 | B64: 1 | C64: =ROW(SmtRes!A103) -> 103 | D64: =ROW(EtalonRes!A103) -> 103 | E64: 9 | F64: 15-04-007-01 | G64: Окраска водно-дисперсионными акриловыми составами улучшенная по штукатурке стен | H64: 100 м2 | I64: =ROUND(78.2/100,9) -> 0.782 | J64: 0 | O64: =ROUND(CP64,2) -> 855.03 | P64: =ROUND(CQ64*I64,2) -> 502.48 | Q64: =ROUND(CR64*I64,2) -> 10.18 | R64: =ROUND(CS64*I64,2) -> 1.93 | S64: =ROUND(CT64*I64,2) -> 342.37 | T64: =ROUND(CU64*I64,2) -> 0 | U64: =CV64*I64 -> 39.173508 | V64: =CW64*I64 -> 0.166175 | W64: =ROUND(CX64*I64,2) -> 0 | X64: =ROUND(CY64,2) -> 327.09 | Y64: =ROUND(CZ64,2) -> 161.82 | AA64: 16501254 | AB64: =ROUND((AC64+AD64+AF64),6) -> 1093.389 | AC64: =ROUND((ES64),6) -> 642.56 | AD64: =ROUND(((((ET64*1.25))-((EU64*1.25)))+AE64),6) -> 13.0125 | AE64: =ROUND(((EU64*1.25)),6) -> 2.4625 | AF64: =ROUND(((EV64*1.15)),6) -> 437.8165 | AG64: =ROUND((AP64),6) -> 0 | AH64: =((EW64*1.15)) -> 50.094 | AI64: =((EX64*1.25)) -> 0.2125 | AJ64: =ROUND((AS64),6) -> 0 | AK64: 1033.68 | AL64: 642.56 | AM64: 10.41 | AN64: 1.97 | AO64: 380.71 | AP64: 0 | AQ64: 43.56 | AR64: 0.17 | AS64: 0 | AT64: 95 | AU64: 47 | AV64: 1 | AW64: 1 | AZ64: 1 | BA64: 1 | BB64: 1 | BC64: 1 | BH64: 0 | BI64: 1 | BJ64: ФЕР-2001, 15-04-007-01, приказ Минстроя России №1039/пр от 30.12.2016г. | BM64: 15001 | BN64: 0 | BP64: 0 | BQ64: 2 | BR64: 0 | BS64: 1 | BT64: 1 | BU64: 1 | BV64: 1 | BW64: 1 | BX64: 1 | BZ64: 105 | CA64: 55 | CF64: 0 | CG64: 0 | CM64: 0 | CN64: Поправка: МДС 81-35.2004, п.4.7 Наименование: Работы, выполняемые при реконструкции зданий и сооружений работы, аналогичные технологическим процессам в новом строительстве (в том числе возведение новых конструктивных элементов) стоимость которых определена по соответствующим сборникам ФЕР, кроме сборника № 46 «Работы при реконструкции зданий и сооружений» | CO64: 0 | CP64: =(P64+Q64+S64) -> 855.03 | CQ64: =AC64*BC64 -> 642.56 | CR64: =AD64*BB64 -> 13.0125 | CS64: =AE64*BS64 -> 2.4625 | CT64: =AF64*BA64 -> 437.8165 | CU64: =AG64 -> 0 | CV64: =AH64 -> 50.094 | CW64: =AI64 -> 0.2125 | CX64: =AJ64 -> 0 | CY64: =(((S64+R64)*AT64)/100) -> 327.085 | CZ64: =(((S64+R64)*AU64)/100) -> 161.821 | DE64: )*1,25 | DF64: )*1,25 | DG64: )*1,15 | DI64: )*1,15 | DJ64: )*1,25 | DN64: 0 | DO64: 0 | DP64: 1 | DQ64: 1 | DU64: 1005 | DV64: 100 м2 | DW64: 100 м2 | DX64: 100 | EE64: 16510513 | EF64: 2 | EG64: Общестроительные работы | EH64: 0 | EJ64: 1 | EK64: 15001 | EL64: Отделочные работы | EM64: ФЕР-15 | EO64: Поправка: МДС 81-35.2004, п.4.7 | EQ64: 0 | ER64: 1033.68 | ES64: 642.56 | ET64: 10.41 | EU64: 1.97 | EV64: 380.71 | EW64: 43.56 | EX64: 0.17 | EY64: 0 | FQ64: 0 | FR64: =ROUND(IF(AND(BH64=3,BI64=3),P64,0),2) -> 0 | FS64: 0 | FT64: *0,9 | FU64: *0,85 | FX64: 94.5 | FY64: 46.75 | GD64: 0 | GF64: 325170472 | GG64: 2 | GH64: 1 | GI64: -2 | GJ64: 0 | GK64: =ROUND(R64*(R12)/100,2) -> 0 | GL64: =ROUND(IF(AND(BH64=3,BI64=3,FS64<>0),P64,0),2) -> 0 | GM64: =ROUND(O64+X64+Y64+GK64,2)+GX64 -> 1343.94 | GN64: =IF(OR(BI64=0,BI64=1),ROUND(O64+X64+Y64+GK64,2),0) -> 1343.94 | GO64: =IF(BI64=2,ROUND(O64+X64+Y64+GK64,2),0) -> 0 | GP64: =IF(BI64=4,ROUND(O64+X64+Y64+GK64,2)+GX64,0) -> 0 | GR64: 0 | GS64: 3 | GT64: 0 | GV64: =ROUND(GT64,6) -> 0 | GW64: 1 | GX64: =ROUND(GV64*GW64*I64,2) -> 0 | HA64: 0 | HB64: 0 | IK64: 0
A65: 17 | B65: 1 | C65: =ROW(SmtRes!A112) -> 112 | D65: =ROW(EtalonRes!A112) -> 112 | E65: 9 | F65: 15-04-007-01 | G65: Окраска водно-дисперсионными акриловыми составами улучшенная по штукатурке стен | H65: 100 м2 | I65: =ROUND(78.2/100,9) -> 0.782 | J65: 0 | O65: =ROUND(CP65,2) -> 5198.58 | P65: =ROUND(CQ65*I65,2) -> 3055.09 | Q65: =ROUND(CR65*I65,2) -> 61.87 | R65: =ROUND(CS65*I65,2) -> 11.71 | S65: =ROUND(CT65*I65,2) -> 2081.62 | T65: =ROUND(CU65*I65,2) -> 0 | U65: =CV65*I65 -> 39.173508 | V65: =CW65*I65 -> 0.166175 | W65: =ROUND(CX65*I65,2) -> 0 | X65: =ROUND(CY65,2) -> 1988.66 | Y65: =ROUND(CZ65,2) -> 983.87 | AA65: 16501255 | AB65: =ROUND((AC65+AD65+AF65),6) -> 1093.389 | AC65: =ROUND((ES65),6) -> 642.56 | AD65: =ROUND(((((ET65*1.25))-((EU65*1.25)))+AE65),6) -> 13.0125 | AE65: =ROUND(((EU65*1.25)),6) -> 2.4625 | AF65: =ROUND(((EV65*1.15)),6) -> 437.8165 | AG65: =ROUND((AP65),6) -> 0 | AH65: =((EW65*1.15)) -> 50.094 | AI65: =((EX65*1.25)) -> 0.2125 | AJ65: =ROUND((AS65),6) -> 0 | AK65: 1033.68 | AL65: 642.56 | AM65: 10.41 | AN65: 1.97 | AO65: 380.71 | AP65: 0 | AQ65: 43.56 | AR65: 0.17 | AS65: 0 | AT65: 95 | AU65: 47 | AV65: 1 | AW65: 1 | AZ65: 6.08 | BA65: 6.08 | BB65: 6.08 | BC65: 6.08 | BH65: 0 | BI65: 1 | BJ65: ФЕР-2001, 15-04-007-01, приказ Минстроя России №1039/пр от 30.12.2016г. | BM65: 15001 | BN65: 0 | BP65: 0 | BQ65: 2 | BR65: 0 | BS65: 6.08 | BT65: 1 | BU65: 1 | BV65: 1 | BW65: 1 | BX65: 1 | BZ65: 105 | CA65: 55 | CF65: 0 | CG65: 0 | CM65: 0 | CN65: Поправка: МДС 81-35.2004, п.4.7 Наименование: Работы, выполняемые при реконструкции зданий и сооружений работы, аналогичные технологическим процессам в новом строительстве (в том числе возведение новых конструктивных элементов) стоимость которых определена по соответствующим сборникам ФЕР, кроме сборника № 46 «Работы при реконструкции зданий и сооружений» | CO65: 0 | CP65: =(P65+Q65+S65) -> 5198.58 | CQ65: =AC65*BC65 -> 3906.7648 | CR65: =AD65*BB65 -> 79.116 | CS65: =AE65*BS65 -> 14.972 | CT65: =AF65*BA65 -> 2661.9243 | CU65: =AG65 -> 0 | CV65: =AH65 -> 50.094 | CW65: =AI65 -> 0.2125 | CX65: =AJ65 -> 0 | CY65: =(((S65+R65)*AT65)/100) -> 1988.6635 | CZ65: =(((S65+R65)*AU65)/100) -> 983.8651 | DE65: )*1,25 | DF65: )*1,25 | DG65: )*1,15 | DI65: )*1,15 | DJ65: )*1,25 | DN65: 0 | DO65: 0 | DP65: 1 | DQ65: 1 | DU65: 1005 | DV65: 100 м2 | DW65: 100 м2 | DX65: 100 | EE65: 16510513 | EF65: 2 | EG65: Общестроительные работы | EH65: 0 | EJ65: 1 | EK65: 15001 | EL65: Отделочные работы | EM65: ФЕР-15 | EO65: Поправка: МДС 81-35.2004, п.4.7 | EQ65: 0 | ER65: 1033.68 | ES65: 642.56 | ET65: 10.41 | EU65: 1.97 | EV65: 380.71 | EW65: 43.56 | EX65: 0.17 | EY65: 0 | FQ65: 0 | FR65: =ROUND(IF(AND(BH65=3,BI65=3),P65,0),2) -> 0 | FS65: 0 | FT65: *0,9 | FU65: *0,85 | FX65: 94.5 | FY65: 46.75 | GD65: 0 | GF65: 325170472 | GG65: 1 | GH65: 1 | GI65: 4 | GJ65: 0 | GK65: =ROUND(R65*(S12)/100,2) -> 0 | GL65: =ROUND(IF(AND(BH65=3,BI65=3,FS65<>0),P65,0),2) -> 0 | GM65: =ROUND(O65+X65+Y65+GK65,2)+GX65 -> 8171.11 | GN65: =IF(OR(BI65=0,BI65=1),ROUND(O65+X65+Y65+GK65,2),0) -> 8171.11 | GO65: =IF(BI65=2,ROUND(O65+X65+Y65+GK65,2),0) -> 0 | GP65: =IF(BI65=4,ROUND(O65+X65+Y65+GK65,2)+GX65,0) -> 0 | GR65: 0 | GS65: 3 | GT65: 0 | GV65: =ROUND(GT65,6) -> 0 | GW65: 1 | GX65: =ROUND(GV65*GW65*I65,2) -> 0 | HA65: 0 | HB65: 0 | IK65: 0
A66: 18 | B66: 1 | C66: 102 | E66: 9,1 | F66: 14.3.02.01-0014 | G66: Краска акриловая Alpina RENOVA, CAPAROL водно-дисперсионная | H66: т | I66: =I64*J66 -> 0.02346 | J66: 0.03 | O66: =ROUND(CP66,2) -> 178.94 | P66: =ROUND(CQ66*I66,2) -> 178.94 | Q66: =ROUND(CR66*I66,2) -> 0 | R66: =ROUND(CS66*I66,2) -> 0 | S66: =ROUND(CT66*I66,2) -> 0 | T66: =ROUND(CU66*I66,2) -> 0 | U66: =CV66*I66 -> 0 | V66: =CW66*I66 -> 0 | W66: =ROUND(CX66*I66,2) -> 0 | X66: =ROUND(CY66,2) -> 0 | Y66: =ROUND(CZ66,2) -> 0 | AA66: 16501254 | AB66: =ROUND((AC66+AD66+AF66),6) -> 7627.37 | AC66: =ROUND((ES66),6) -> 7627.37 | AD66: =ROUND((((ET66)-(EU66))+AE66),6) -> 0 | AE66: =ROUND((EU66),6) -> 0 | AF66: =ROUND((EV66),6) -> 0 | AG66: =ROUND((AP66),6) -> 0 | AH66: =(EW66) -> 0 | AI66: =(EX66) -> 0 | AJ66: =ROUND((AS66),6) -> 0 | AK66: 7627.37 | AL66: 7627.37 | AM66: 0 | AN66: 0 | AO66: 0 | AP66: 0 | AQ66: 0 | AR66: 0 | AS66: 0 | AT66: 95 | AU66: 47 | AV66: 1 | AW66: 1 | AZ66: 1 | BA66: 1 | BB66: 1 | BC66: 1 | BH66: 3 | BI66: 1 | BJ66: ФССЦ-2001, 14.3.02.01-0014, приказ Минстроя России №1039/пр от 30.12.2016г. | BM66: 15001 | BN66: 0 | BP66: 0 | BQ66: 2 | BR66: 0 | BS66: 1 | BT66: 1 | BU66: 1 | BV66: 1 | BW66: 1 | BX66: 1 | BZ66: 105 | CA66: 55 | CF66: 0 | CG66: 0 | CM66: 0 | CO66: 0 | CP66: =(P66+Q66+S66) -> 178.94 | CQ66: =AC66*BC66 -> 7627.37 | CR66: =AD66*BB66 -> 0 | CS66: =AE66*BS66 -> 0 | CT66: =AF66*BA66 -> 0 | CU66: =AG66 -> 0 | CV66: =AH66 -> 0 | CW66: =AI66 -> 0 | CX66: =AJ66 -> 0 | CY66: =(((S66+R66)*AT66)/100) -> 0 | CZ66: =(((S66+R66)*AU66)/100) -> 0 | DN66: 0 | DO66: 0 | DP66: 1 | DQ66: 1 | DU66: 1009 | DV66: т | DW66: т | DX66: 1000 | EE66: 16510513 | EF66: 2 | EG66: Общестроительные работы | EH66: 0 | EJ66: 1 | EK66: 15001 | EL66: Отделочные работы | EM66: ФЕР-15 | EQ66: 0 | ER66: 7627.37 | ES66: 7627.37 | ET66: 0 | EU66: 0 | EV66: 0 | EW66: 0 | EX66: 0 | FQ66: 0 | FR66: =ROUND(IF(AND(BH66=3,BI66=3),P66,0),2) -> 0 | FS66: 0 | FT66: *0,9 | FU66: *0,85 | FX66: 94.5 | FY66: 46.75 | GD66: 0 | GF66: 763838732 | GG66: 2 | GH66: 1 | GI66: -2 | GJ66: 0 | GK66: =ROUND(R66*(R12)/100,2) -> 0 | GL66: =ROUND(IF(AND(BH66=3,BI66=3,FS66<>0),P66,0),2) -> 0 | GM66: =ROUND(O66+X66+Y66+GK66,2)+GX66 -> 178.94 | GN66: =IF(OR(BI66=0,BI66=1),ROUND(O66+X66+Y66+GK66,2),0) -> 178.94 | GO66: =IF(BI66=2,ROUND(O66+X66+Y66+GK66,2),0) -> 0 | GP66: =IF(BI66=4,ROUND(O66+X66+Y66+GK66,2)+GX66,0) -> 0 | GR66: 0 | GS66: 3 | GT66: 0 | GV66: =ROUND(GT66,6) -> 0 | GW66: 1 | GX66: =ROUND(GV66*GW66*I66,2) -> 0 | HA66: 0 | HB66: 0 | IK66: 0
A67: 18 | B67: 1 | C67: 111 | E67: 9,1 | F67: 14.3.02.01-0014 | G67: Краска акриловая Alpina RENOVA, CAPAROL водно-дисперсионная | H67: т | I67: =I65*J67 -> 0.02346 | J67: 0.03 | O67: =ROUND(CP67,2) -> 1087.94 | P67: =ROUND(CQ67*I67,2) -> 1087.94 | Q67: =ROUND(CR67*I67,2) -> 0 | R67: =ROUND(CS67*I67,2) -> 0 | S67: =ROUND(CT67*I67,2) -> 0 | T67: =ROUND(CU67*I67,2) -> 0 | U67: =CV67*I67 -> 0 | V67: =CW67*I67 -> 0 | W67: =ROUND(CX67*I67,2) -> 0 | X67: =ROUND(CY67,2) -> 0 | Y67: =ROUND(CZ67,2) -> 0 | AA67: 16501255 | AB67: =ROUND((AC67+AD67+AF67),6) -> 7627.37 | AC67: =ROUND((ES67),6) -> 7627.37 | AD67: =ROUND((((ET67)-(EU67))+AE67),6) -> 0 | AE67: =ROUND((EU67),6) -> 0 | AF67: =ROUND((EV67),6) -> 0 | AG67: =ROUND((AP67),6) -> 0 | AH67: =(EW67) -> 0 | AI67: =(EX67) -> 0 | AJ67: =ROUND((AS67),6) -> 0 | AK67: 7627.37 | AL67: 7627.37 | AM67: 0 | AN67: 0 | AO67: 0 | AP67: 0 | AQ67: 0 | AR67: 0 | AS67: 0 | AT67: 95 | AU67: 47 | AV67: 1 | AW67: 1 | AZ67: 6.08 | BA67: 1 | BB67: 1 | BC67: 6.08 | BH67: 3 | BI67: 1 | BJ67: ФССЦ-2001, 14.3.02.01-0014, приказ Минстроя России №1039/пр от 30.12.2016г. | BM67: 15001 | BN67: 0 | BP67: 0 | BQ67: 2 | BR67: 0 | BS67: 1 | BT67: 1 | BU67: 1 | BV67: 1 | BW67: 1 | BX67: 1 | BZ67: 105 | CA67: 55 | CF67: 0 | CG67: 0 | CM67: 0 | CO67: 0 | CP67: =(P67+Q67+S67) -> 1087.94 | CQ67: =AC67*BC67 -> 46374.41 | CR67: =AD67*BB67 -> 0 | CS67: =AE67*BS67 -> 0 | CT67: =AF67*BA67 -> 0 | CU67: =AG67 -> 0 | CV67: =AH67 -> 0 | CW67: =AI67 -> 0 | CX67: =AJ67 -> 0 | CY67: =(((S67+R67)*AT67)/100) -> 0 | CZ67: =(((S67+R67)*AU67)/100) -> 0 | DN67: 0 | DO67: 0 | DP67: 1 | DQ67: 1 | DU67: 1009 | DV67: т | DW67: т | DX67: 1000 | EE67: 16510513 | EF67: 2 | EG67: Общестроительные работы | EH67: 0 | EJ67: 1 | EK67: 15001 | EL67: Отделочные работы | EM67: ФЕР-15 | EQ67: 0 | ER67: 7627.37 | ES67: 7627.37 | ET67: 0 | EU67: 0 | EV67: 0 | EW67: 0 | EX67: 0 | FQ67: 0 | FR67: =ROUND(IF(AND(BH67=3,BI67=3),P67,0),2) -> 0 | FS67: 0 | FT67: *0,9 | FU67: *0,85 | FX67: 94.5 | FY67: 46.75 | GD67: 0 | GF67: 763838732 | GG67: 1 | GH67: 1 | GI67: 4 | GJ67: 0 | GK67: =ROUND(R67*(S12)/100,2) -> 0 | GL67: =ROUND(IF(AND(BH67=3,BI67=3,FS67<>0),P67,0),2) -> 0 | GM67: =ROUND(O67+X67+Y67+GK67,2)+GX67 -> 1087.94 | GN67: =IF(OR(BI67=0,BI67=1),ROUND(O67+X67+Y67+GK67,2),0) -> 1087.94 | GO67: =IF(BI67=2,ROUND(O67+X67+Y67+GK67,2),0) -> 0 | GP67: =IF(BI67=4,ROUND(O67+X67+Y67+GK67,2)+GX67,0) -> 0 | GR67: 0 | GS67: 3 | GT67: 0 | GV67: =ROUND(GT67,6) -> 0 | GW67: 1 | GX67: =ROUND(GV67*GW67*I67,2) -> 0 | HA67: 0 | HB67: 0 | IK67: 0
A68: 18 | B68: 1 | C68: 101 | E68: 9,2 | F68: 14.3.01.02-0102 | G68: Грунтовка: водно-дисперсионная "БИРСС Бетон-контакт" | H68: т | I68: =I64*J68 -> 0.01564 | J68: 0.02 | O68: =ROUND(CP68,2) -> 287.62 | P68: =ROUND(CQ68*I68,2) -> 287.62 | Q68: =ROUND(CR68*I68,2) -> 0 | R68: =ROUND(CS68*I68,2) -> 0 | S68: =ROUND(CT68*I68,2) -> 0 | T68: =ROUND(CU68*I68,2) -> 0 | U68: =CV68*I68 -> 0 | V68: =CW68*I68 -> 0 | W68: =ROUND(CX68*I68,2) -> 0 | X68: =ROUND(CY68,2) -> 0 | Y68: =ROUND(CZ68,2) -> 0 | AA68: 16501254 | AB68: =ROUND((AC68+AD68+AF68),6) -> 18390.16 | AC68: =ROUND((ES68),6) -> 18390.16 | AD68: =ROUND((((ET68)-(EU68))+AE68),6) -> 0 | AE68: =ROUND((EU68),6) -> 0 | AF68: =ROUND((EV68),6) -> 0 | AG68: =ROUND((AP68),6) -> 0 | AH68: =(EW68) -> 0 | AI68: =(EX68) -> 0 | AJ68: =ROUND((AS68),6) -> 0 | AK68: 18390.16 | AL68: 18390.16 | AM68: 0 | AN68: 0 | AO68: 0 | AP68: 0 | AQ68: 0 | AR68: 0 | AS68: 0 | AT68: 95 | AU68: 47 | AV68: 1 | AW68: 1 | AZ68: 1 | BA68: 1 | BB68: 1 | BC68: 1 | BH68: 3 | BI68: 1 | BJ68: ФССЦ-2001, 14.3.01.02-0102, приказ Минстроя России №1039/пр от 30.12.2016г. | BM68: 15001 | BN68: 0 | BP68: 0 | BQ68: 2 | BR68: 0 | BS68: 1 | BT68: 1 | BU68: 1 | BV68: 1 | BW68: 1 | BX68: 1 | BZ68: 105 | CA68: 55 | CF68: 0 | CG68: 0 | CM68: 0 | CO68: 0 | CP68: =(P68+Q68+S68) -> 287.62 | CQ68: =AC68*BC68 -> 18390.16 | CR68: =AD68*BB68 -> 0 | CS68: =AE68*BS68 -> 0 | CT68: =AF68*BA68 -> 0 | CU68: =AG68 -> 0 | CV68: =AH68 -> 0 | CW68: =AI68 -> 0 | CX68: =AJ68 -> 0 | CY68: =(((S68+R68)*AT68)/100) -> 0 | CZ68: =(((S68+R68)*AU68)/100) -> 0 | DN68: 0 | DO68: 0 | DP68: 1 | DQ68: 1 | DU68: 1009 | DV68: т | DW68: т | DX68: 1000 | EE68: 16510513 | EF68: 2 | EG68: Общестроительные работы | EH68: 0 | EJ68: 1 | EK68: 15001 | EL68: Отделочные работы | EM68: ФЕР-15 | EQ68: 0 | ER68: 18390.16 | ES68: 18390.16 | ET68: 0 | EU68: 0 | EV68: 0 | EW68: 0 | EX68: 0 | FQ68: 0 | FR68: =ROUND(IF(AND(BH68=3,BI68=3),P68,0),2) -> 0 | FS68: 0 | FT68: *0,9 | FU68: *0,85 | FX68: 94.5 | FY68: 46.75 | GD68: 0 | GF68: -1919714308 | GG68: 2 | GH68: 1 | GI68: -2 | GJ68: 0 | GK68: =ROUND(R68*(R12)/100,2) -> 0 | GL68: =ROUND(IF(AND(BH68=3,BI68=3,FS68<>0),P68,0),2) -> 0 | GM68: =ROUND(O68+X68+Y68+GK68,2)+GX68 -> 287.62 | GN68: =IF(OR(BI68=0,BI68=1),ROUND(O68+X68+Y68+GK68,2),0) -> 287.62 | GO68: =IF(BI68=2,ROUND(O68+X68+Y68+GK68,2),0) -> 0 | GP68: =IF(BI68=4,ROUND(O68+X68+Y68+GK68,2)+GX68,0) -> 0 | GR68: 0 | GS68: 3 | GT68: 0 | GV68: =ROUND(GT68,6) -> 0 | GW68: 1 | GX68: =ROUND(GV68*GW68*I68,2) -> 0 | HA68: 0 | HB68: 0 | IK68: 0
A69: 18 | B69: 1 | C69: 110 | E69: 9,2 | F69: 14.3.01.02-0102 | G69: Грунтовка: водно-дисперсионная "БИРСС Бетон-контакт" | H69: т | I69: =I65*J69 -> 0.01564 | J69: 0.02 | O69: =ROUND(CP69,2) -> 1748.74 | P69: =ROUND(CQ69*I69,2) -> 1748.74 | Q69: =ROUND(CR69*I69,2) -> 0 | R69: =ROUND(CS69*I69,2) -> 0 | S69: =ROUND(CT69*I69,2) -> 0 | T69: =ROUND(CU69*I69,2) -> 0 | U69: =CV69*I69 -> 0 | V69: =CW69*I69 -> 0 | W69: =ROUND(CX69*I69,2) -> 0 | X69: =ROUND(CY69,2) -> 0 | Y69: =ROUND(CZ69,2) -> 0 | AA69: 16501255 | AB69: =ROUND((AC69+AD69+AF69),6) -> 18390.16 | AC69: =ROUND((ES69),6) -> 18390.16 | AD69: =ROUND((((ET69)-(EU69))+AE69),6) -> 0 | AE69: =ROUND((EU69),6) -> 0 | AF69: =ROUND((EV69),6) -> 0 | AG69: =ROUND((AP69),6) -> 0 | AH69: =(EW69) -> 0 | AI69: =(EX69) -> 0 | AJ69: =ROUND((AS69),6) -> 0 | AK69: 18390.16 | AL69: 18390.16 | AM69: 0 | AN69: 0 | AO69: 0 | AP69: 0 | AQ69: 0 | AR69: 0 | AS69: 0 | AT69: 95 | AU69: 47 | AV69: 1 | AW69: 1 | AZ69: 6.08 | BA69: 1 | BB69: 1 | BC69: 6.08 | BH69: 3 | BI69: 1 | BJ69: ФССЦ-2001, 14.3.01.02-0102, приказ Минстроя России №1039/пр от 30.12.2016г. | BM69: 15001 | BN69: 0 | BP69: 0 | BQ69: 2 | BR69: 0 | BS69: 1 | BT69: 1 | BU69: 1 | BV69: 1 | BW69: 1 | BX69: 1 | BZ69: 105 | CA69: 55 | CF69: 0 | CG69: 0 | CM69: 0 | CO69: 0 | CP69: =(P69+Q69+S69) -> 1748.74 | CQ69: =AC69*BC69 -> 111812.17 | CR69: =AD69*BB69 -> 0 | CS69: =AE69*BS69 -> 0 | CT69: =AF69*BA69 -> 0 | CU69: =AG69 -> 0 | CV69: =AH69 -> 0 | CW69: =AI69 -> 0 | CX69: =AJ69 -> 0 | CY69: =(((S69+R69)*AT69)/100) -> 0 | CZ69: =(((S69+R69)*AU69)/100) -> 0 | DN69: 0 | DO69: 0 | DP69: 1 | DQ69: 1 | DU69: 1009 | DV69: т | DW69: т | DX69: 1000 | EE69: 16510513 | EF69: 2 | EG69: Общестроительные работы | EH69: 0 | EJ69: 1 | EK69: 15001 | EL69: Отделочные работы | EM69: ФЕР-15 | EQ69: 0 | ER69: 18390.16 | ES69: 18390.16 | ET69: 0 | EU69: 0 | EV69: 0 | EW69: 0 | EX69: 0 | FQ69: 0 | FR69: =ROUND(IF(AND(BH69=3,BI69=3),P69,0),2) -> 0 | FS69: 0 | FT69: *0,9 | FU69: *0,85 | FX69: 94.5 | FY69: 46.75 | GD69: 0 | GF69: -1919714308 | GG69: 1 | GH69: 1 | GI69: 4 | GJ69: 0 | GK69: =ROUND(R69*(S12)/100,2) -> 0 | GL69: =ROUND(IF(AND(BH69=3,BI69=3,FS69<>0),P69,0),2) -> 0 | GM69: =ROUND(O69+X69+Y69+GK69,2)+GX69 -> 1748.74 | GN69: =IF(OR(BI69=0,BI69=1),ROUND(O69+X69+Y69+GK69,2),0) -> 1748.74 | GO69: =IF(BI69=2,ROUND(O69+X69+Y69+GK69,2),0) -> 0 | GP69: =IF(BI69=4,ROUND(O69+X69+Y69+GK69,2)+GX69,0) -> 0 | GR69: 0 | GS69: 3 | GT69: 0 | GV69: =ROUND(GT69,6) -> 0 | GW69: 1 | GX69: =ROUND(GV69*GW69*I69,2) -> 0 | HA69: 0 | HB69: 0 | IK69: 0
A70: 17 | B70: 1 | C70: =ROW(SmtRes!A121) -> 121 | D70: =ROW(EtalonRes!A121) -> 121 | E70: 10 | F70: 15-04-007-02 | G70: Окраска водно-дисперсионными акриловыми составами улучшенная по штукатурке потолков | H70: 100 м2 | I70: =ROUND(36.3/100,9) -> 0.363 | J70: 0 | O70: =ROUND(CP70,2) -> 484.68 | P70: =ROUND(CQ70*I70,2) -> 249.8 | Q70: =ROUND(CR70*I70,2) -> 5.02 | R70: =ROUND(CS70*I70,2) -> 0.95 | S70: =ROUND(CT70*I70,2) -> 229.86 | T70: =ROUND(CU70*I70,2) -> 0 | U70: =CV70*I70 -> 26.29935 | V70: =CW70*I70 -> 0.081675 | W70: =ROUND(CX70*I70,2) -> 0 | X70: =ROUND(CY70,2) -> 219.27 | Y70: =ROUND(CZ70,2) -> 108.48 | AA70: 16501254 | AB70: =ROUND((AC70+AD70+AF70),6) -> 1335.188 | AC70: =ROUND((ES70),6) -> 688.15 | AD70: =ROUND(((((ET70*1.25))-((EU70*1.25)))+AE70),6) -> 13.825 | AE70: =ROUND(((EU70*1.25)),6) -> 2.6125 | AF70: =ROUND(((EV70*1.15)),6) -> 633.213 | AG70: =ROUND((AP70),6) -> 0 | AH70: =((EW70*1.15)) -> 72.45 | AI70: =((EX70*1.25)) -> 0.225 | AJ70: =ROUND((AS70),6) -> 0 | AK70: 1249.83 | AL70: 688.15 | AM70: 11.06 | AN70: 2.09 | AO70: 550.62 | AP70: 0 | AQ70: 63 | AR70: 0.18 | AS70: 0 | AT70: 95 | AU70: 47 | AV70: 1 | AW70: 1 | AZ70: 1 | BA70: 1 | BB70: 1 | BC70: 1 | BH70: 0 | BI70: 1 | BJ70: ФЕР-2001, 15-04-007-02, приказ Минстроя России №1039/пр от 30.12.2016г. | BM70: 15001 | BN70: 0 | BP70: 0 | BQ70: 2 | BR70: 0 | BS70: 1 | BT70: 1 | BU70: 1 | BV70: 1 | BW70: 1 | BX70: 1 | BZ70: 105 | CA70: 55 | CF70: 0 | CG70: 0 | CM70: 0 | CN70: Поправка: МДС 81-35.2004, п.4.7 Наименование: Работы, выполняемые при реконструкции зданий и сооружений работы, аналогичные технологическим процессам в новом строительстве (в том числе возведение новых конструктивных элементов) стоимость которых определена по соответствующим сборникам ФЕР, кроме сборника № 46 «Работы при реконструкции зданий и сооружений» | CO70: 0 | CP70: =(P70+Q70+S70) -> 484.68 | CQ70: =AC70*BC70 -> 688.15 | CR70: =AD70*BB70 -> 13.825 | CS70: =AE70*BS70 -> 2.6125 | CT70: =AF70*BA70 -> 633.213 | CU70: =AG70 -> 0 | CV70: =AH70 -> 72.45 | CW70: =AI70 -> 0.225 | CX70: =AJ70 -> 0 | CY70: =(((S70+R70)*AT70)/100) -> 219.2695 | CZ70: =(((S70+R70)*AU70)/100) -> 108.4807 | DE70: )*1,25 | DF70: )*1,25 | DG70: )*1,15 | DI70: )*1,15 | DJ70: )*1,25 | DN70: 0 | DO70: 0 | DP70: 1 | DQ70: 1 | DU70: 1005 | DV70: 100 м2 | DW70: 100 м2 | DX70: 100 | EE70: 16510513 | EF70: 2 | EG70: Общестроительные работы | EH70: 0 | EJ70: 1 | EK70: 15001 | EL70: Отделочные работы | EM70: ФЕР-15 | EO70: Поправка: МДС 81-35.2004, п.4.7 | EQ70: 0 | ER70: 1249.83 | ES70: 688.15 | ET70: 11.06 | EU70: 2.09 | EV70: 550.62 | EW70: 63 | EX70: 0.18 | EY70: 0 | FQ70: 0 | FR70: =ROUND(IF(AND(BH70=3,BI70=3),P70,0),2) -> 0 | FS70: 0 | FT70: *0,9 | FU70: *0,85 | FX70: 94.5 | FY70: 46.75 | GD70: 0 | GF70: 1551688331 | GG70: 2 | GH70: 1 | GI70: -2 | GJ70: 0 | GK70: =ROUND(R70*(R12)/100,2) -> 0 | GL70: =ROUND(IF(AND(BH70=3,BI70=3,FS70<>0),P70,0),2) -> 0 | GM70: =ROUND(O70+X70+Y70+GK70,2)+GX70 -> 812.43 | GN70: =IF(OR(BI70=0,BI70=1),ROUND(O70+X70+Y70+GK70,2),0) -> 812.43 | GO70: =IF(BI70=2,ROUND(O70+X70+Y70+GK70,2),0) -> 0 | GP70: =IF(BI70=4,ROUND(O70+X70+Y70+GK70,2)+GX70,0) -> 0 | GR70: 0 | GS70: 3 | GT70: 0 | GV70: =ROUND(GT70,6) -> 0 | GW70: 1 | GX70: =ROUND(GV70*GW70*I70,2) -> 0 | HA70: 0 | HB70: 0 | IK70: 0
A71: 17 | B71: 1 | C71: =ROW(SmtRes!A130) -> 130 | D71: =ROW(EtalonRes!A130) -> 130 | E71: 10 | F71: 15-04-007-02 | G71: Окраска водно-дисперсионными акриловыми составами улучшенная по штукатурке потолков | H71: 100 м2 | I71: =ROUND(36.3/100,9) -> 0.363 | J71: 0 | O71: =ROUND(CP71,2) -> 2946.81 | P71: =ROUND(CQ71*I71,2) -> 1518.77 | Q71: =ROUND(CR71*I71,2) -> 30.51 | R71: =ROUND(CS71*I71,2) -> 5.77 | S71: =ROUND(CT71*I71,2) -> 1397.53 | T71: =ROUND(CU71*I71,2) -> 0 | U71: =CV71*I71 -> 26.29935 | V71: =CW71*I71 -> 0.081675 | W71: =ROUND(CX71*I71,2) -> 0 | X71: =ROUND(CY71,2) -> 1333.14 | Y71: =ROUND(CZ71,2) -> 659.55 | AA71: 16501255 | AB71: =ROUND((AC71+AD71+AF71),6) -> 1335.188 | AC71: =ROUND((ES71),6) -> 688.15 | AD71: =ROUND(((((ET71*1.25))-((EU71*1.25)))+AE71),6) -> 13.825 | AE71: =ROUND(((EU71*1.25)),6) -> 2.6125 | AF71: =ROUND(((EV71*1.15)),6) -> 633.213 | AG71: =ROUND((AP71),6) -> 0 | AH71: =((EW71*1.15)) -> 72.45 | AI71: =((EX71*1.25)) -> 0.225 | AJ71: =ROUND((AS71),6) -> 0 | AK71: 1249.83 | AL71: 688.15 | AM71: 11.06 | AN71: 2.09 | AO71: 550.62 | AP71: 0 | AQ71: 63 | AR71: 0.18 | AS71: 0 | AT71: 95 | AU71: 47 | AV71: 1 | AW71: 1 | AZ71: 6.08 | BA71: 6.08 | BB71: 6.08 | BC71: 6.08 | BH71: 0 | BI71: 1 | BJ71: ФЕР-2001, 15-04-007-02, приказ Минстроя России №1039/пр от 30.12.2016г. | BM71: 15001 | BN71: 0 | BP71: 0 | BQ71: 2 | BR71: 0 | BS71: 6.08 | BT71: 1 | BU71: 1 | BV71: 1 | BW71: 1 | BX71: 1 | BZ71: 105 | CA71: 55 | CF71: 0 | CG71: 0 | CM71: 0 | CN71: Поправка: МДС 81-35.2004, п.4.7 Наименование: Работы, выполняемые при реконструкции зданий и сооружений работы, аналогичные технологическим процессам в новом строительстве (в том числе возведение новых конструктивных элементов) стоимость которых определена по соответствующим сборникам ФЕР, кроме сборника № 46 «Работы при реконструкции зданий и сооружений» | CO71: 0 | CP71: =(P71+Q71+S71) -> 2946.81 | CQ71: =AC71*BC71 -> 4183.952 | CR71: =AD71*BB71 -> 84.056 | CS71: =AE71*BS71 -> 15.884 | CT71: =AF71*BA71 -> 3849.935 | CU71: =AG71 -> 0 | CV71: =AH71 -> 72.45 | CW71: =AI71 -> 0.225 | CX71: =AJ71 -> 0 | CY71: =(((S71+R71)*AT71)/100) -> 1333.135 | CZ71: =(((S71+R71)*AU71)/100) -> 659.551 | DE71: )*1,25 | DF71: )*1,25 | DG71: )*1,15 | DI71: )*1,15 | DJ71: )*1,25 | DN71: 0 | DO71: 0 | DP71: 1 | DQ71: 1 | DU71: 1005 | DV71: 100 м2 | DW71: 100 м2 | DX71: 100 | EE71: 16510513 | EF71: 2 | EG71: Общестроительные работы | EH71: 0 | EJ71: 1 | EK71: 15001 | EL71: Отделочные работы | EM71: ФЕР-15 | EO71: Поправка: МДС 81-35.2004, п.4.7 | EQ71: 0 | ER71: 1249.83 | ES71: 688.15 | ET71: 11.06 | EU71: 2.09 | EV71: 550.62 | EW71: 63 | EX71: 0.18 | EY71: 0 | FQ71: 0 | FR71: =ROUND(IF(AND(BH71=3,BI71=3),P71,0),2) -> 0 | FS71: 0 | FT71: *0,9 | FU71: *0,85 | FX71: 94.5 | FY71: 46.75 | GD71: 0 | GF71: 1551688331 | GG71: 1 | GH71: 1 | GI71: 4 | GJ71: 0 | GK71: =ROUND(R71*(S12)/100,2) -> 0 | GL71: =ROUND(IF(AND(BH71=3,BI71=3,FS71<>0),P71,0),2) -> 0 | GM71: =ROUND(O71+X71+Y71+GK71,2)+GX71 -> 4939.5 | GN71: =IF(OR(BI71=0,BI71=1),ROUND(O71+X71+Y71+GK71,2),0) -> 4939.5 | GO71: =IF(BI71=2,ROUND(O71+X71+Y71+GK71,2),0) -> 0 | GP71: =IF(BI71=4,ROUND(O71+X71+Y71+GK71,2)+GX71,0) -> 0 | GR71: 0 | GS71: 3 | GT71: 0 | GV71: =ROUND(GT71,6) -> 0 | GW71: 1 | GX71: =ROUND(GV71*GW71*I71,2) -> 0 | HA71: 0 | HB71: 0 | IK71: 0
A72: 18 | B72: 1 | C72: 120 | E72: 10,1 | F72: 14.3.02.01-0014 | G72: Краска акриловая Alpina RENOVA, CAPAROL водно-дисперсионная | H72: т | I72: =I70*J72 -> 0.011979 | J72: 0.033 | O72: =ROUND(CP72,2) -> 91.37 | P72: =ROUND(CQ72*I72,2) -> 91.37 | Q72: =ROUND(CR72*I72,2) -> 0 | R72: =ROUND(CS72*I72,2) -> 0 | S72: =ROUND(CT72*I72,2) -> 0 | T72: =ROUND(CU72*I72,2) -> 0 | U72: =CV72*I72 -> 0 | V72: =CW72*I72 -> 0 | W72: =ROUND(CX72*I72,2) -> 0 | X72: =ROUND(CY72,2) -> 0 | Y72: =ROUND(CZ72,2) -> 0 | AA72: 16501254 | AB72: =ROUND((AC72+AD72+AF72),6) -> 7627.37 | AC72: =ROUND((ES72),6) -> 7627.37 | AD72: =ROUND((((ET72)-(EU72))+AE72),6) -> 0 | AE72: =ROUND((EU72),6) -> 0 | AF72: =ROUND((EV72),6) -> 0 | AG72: =ROUND((AP72),6) -> 0 | AH72: =(EW72) -> 0 | AI72: =(EX72) -> 0 | AJ72: =ROUND((AS72),6) -> 0 | AK72: 7627.37 | AL72: 7627.37 | AM72: 0 | AN72: 0 | AO72: 0 | AP72: 0 | AQ72: 0 | AR72: 0 | AS72: 0 | AT72: 95 | AU72: 47 | AV72: 1 | AW72: 1 | AZ72: 1 | BA72: 1 | BB72: 1 | BC72: 1 | BH72: 3 | BI72: 1 | BJ72: ФССЦ-2001, 14.3.02.01-0014, приказ Минстроя России №1039/пр от 30.12.2016г. | BM72: 15001 | BN72: 0 | BP72: 0 | BQ72: 2 | BR72: 0 | BS72: 1 | BT72: 1 | BU72: 1 | BV72: 1 | BW72: 1 | BX72: 1 | BZ72: 105 | CA72: 55 | CF72: 0 | CG72: 0 | CM72: 0 | CO72: 0 | CP72: =(P72+Q72+S72) -> 91.37 | CQ72: =AC72*BC72 -> 7627.37 | CR72: =AD72*BB72 -> 0 | CS72: =AE72*BS72 -> 0 | CT72: =AF72*BA72 -> 0 | CU72: =AG72 -> 0 | CV72: =AH72 -> 0 | CW72: =AI72 -> 0 | CX72: =AJ72 -> 0 | CY72: =(((S72+R72)*AT72)/100) -> 0 | CZ72: =(((S72+R72)*AU72)/100) -> 0 | DN72: 0 | DO72: 0 | DP72: 1 | DQ72: 1 | DU72: 1009 | DV72: т | DW72: т | DX72: 1000 | EE72: 16510513 | EF72: 2 | EG72: Общестроительные работы | EH72: 0 | EJ72: 1 | EK72: 15001 | EL72: Отделочные работы | EM72: ФЕР-15 | EQ72: 0 | ER72: 7627.37 | ES72: 7627.37 | ET72: 0 | EU72: 0 | EV72: 0 | EW72: 0 | EX72: 0 | FQ72: 0 | FR72: =ROUND(IF(AND(BH72=3,BI72=3),P72,0),2) -> 0 | FS72: 0 | FT72: *0,9 | FU72: *0,85 | FX72: 94.5 | FY72: 46.75 | GD72: 0 | GF72: 763838732 | GG72: 2 | GH72: 1 | GI72: -2 | GJ72: 0 | GK72: =ROUND(R72*(R12)/100,2) -> 0 | GL72: =ROUND(IF(AND(BH72=3,BI72=3,FS72<>0),P72,0),2) -> 0 | GM72: =ROUND(O72+X72+Y72+GK72,2)+GX72 -> 91.37 | GN72: =IF(OR(BI72=0,BI72=1),ROUND(O72+X72+Y72+GK72,2),0) -> 91.37 | GO72: =IF(BI72=2,ROUND(O72+X72+Y72+GK72,2),0) -> 0 | GP72: =IF(BI72=4,ROUND(O72+X72+Y72+GK72,2)+GX72,0) -> 0 | GR72: 0 | GS72: 3 | GT72: 0 | GV72: =ROUND(GT72,6) -> 0 | GW72: 1 | GX72: =ROUND(GV72*GW72*I72,2) -> 0 | HA72: 0 | HB72: 0 | IK72: 0
A73: 18 | B73: 1 | C73: 129 | E73: 10,1 | F73: 14.3.02.01-0014 | G73: Краска акриловая Alpina RENOVA, CAPAROL водно-дисперсионная | H73: т | I73: =I71*J73 -> 0.011979 | J73: 0.033 | O73: =ROUND(CP73,2) -> 555.52 | P73: =ROUND(CQ73*I73,2) -> 555.52 | Q73: =ROUND(CR73*I73,2) -> 0 | R73: =ROUND(CS73*I73,2) -> 0 | S73: =ROUND(CT73*I73,2) -> 0 | T73: =ROUND(CU73*I73,2) -> 0 | U73: =CV73*I73 -> 0 | V73: =CW73*I73 -> 0 | W73: =ROUND(CX73*I73,2) -> 0 | X73: =ROUND(CY73,2) -> 0 | Y73: =ROUND(CZ73,2) -> 0 | AA73: 16501255 | AB73: =ROUND((AC73+AD73+AF73),6) -> 7627.37 | AC73: =ROUND((ES73),6) -> 7627.37 | AD73: =ROUND((((ET73)-(EU73))+AE73),6) -> 0 | AE73: =ROUND((EU73),6) -> 0 | AF73: =ROUND((EV73),6) -> 0 | AG73: =ROUND((AP73),6) -> 0 | AH73: =(EW73) -> 0 | AI73: =(EX73) -> 0 | AJ73: =ROUND((AS73),6) -> 0 | AK73: 7627.37 | AL73: 7627.37 | AM73: 0 | AN73: 0 | AO73: 0 | AP73: 0 | AQ73: 0 | AR73: 0 | AS73: 0 | AT73: 95 | AU73: 47 | AV73: 1 | AW73: 1 | AZ73: 6.08 | BA73: 1 | BB73: 1 | BC73: 6.08 | BH73: 3 | BI73: 1 | BJ73: ФССЦ-2001, 14.3.02.01-0014, приказ Минстроя России №1039/пр от 30.12.2016г. | BM73: 15001 | BN73: 0 | BP73: 0 | BQ73: 2 | BR73: 0 | BS73: 1 | BT73: 1 | BU73: 1 | BV73: 1 | BW73: 1 | BX73: 1 | BZ73: 105 | CA73: 55 | CF73: 0 | CG73: 0 | CM73: 0 | CO73: 0 | CP73: =(P73+Q73+S73) -> 555.52 | CQ73: =AC73*BC73 -> 46374.41 | CR73: =AD73*BB73 -> 0 | CS73: =AE73*BS73 -> 0 | CT73: =AF73*BA73 -> 0 | CU73: =AG73 -> 0 | CV73: =AH73 -> 0 | CW73: =AI73 -> 0 | CX73: =AJ73 -> 0 | CY73: =(((S73+R73)*AT73)/100) -> 0 | CZ73: =(((S73+R73)*AU73)/100) -> 0 | DN73: 0 | DO73: 0 | DP73: 1 | DQ73: 1 | DU73: 1009 | DV73: т | DW73: т | DX73: 1000 | EE73: 16510513 | EF73: 2 | EG73: Общестроительные работы | EH73: 0 | EJ73: 1 | EK73: 15001 | EL73: Отделочные работы | EM73: ФЕР-15 | EQ73: 0 | ER73: 7627.37 | ES73: 7627.37 | ET73: 0 | EU73: 0 | EV73: 0 | EW73: 0 | EX73: 0 | FQ73: 0 | FR73: =ROUND(IF(AND(BH73=3,BI73=3),P73,0),2) -> 0 | FS73: 0 | FT73: *0,9 | FU73: *0,85 | FX73: 94.5 | FY73: 46.75 | GD73: 0 | GF73: 763838732 | GG73: 1 | GH73: 1 | GI73: 4 | GJ73: 0 | GK73: =ROUND(R73*(S12)/100,2) -> 0 | GL73: =ROUND(IF(AND(BH73=3,BI73=3,FS73<>0),P73,0),2) -> 0 | GM73: =ROUND(O73+X73+Y73+GK73,2)+GX73 -> 555.52 | GN73: =IF(OR(BI73=0,BI73=1),ROUND(O73+X73+Y73+GK73,2),0) -> 555.52 | GO73: =IF(BI73=2,ROUND(O73+X73+Y73+GK73,2),0) -> 0 | GP73: =IF(BI73=4,ROUND(O73+X73+Y73+GK73,2)+GX73,0) -> 0 | GR73: 0 | GS73: 3 | GT73: 0 | GV73: =ROUND(GT73,6) -> 0 | GW73: 1 | GX73: =ROUND(GV73*GW73*I73,2) -> 0 | HA73: 0 | HB73: 0 | IK73: 0
A74: 18 | B74: 1 | C74: 119 | E74: 10,2 | F74: 14.3.01.02-0102 | G74: Грунтовка: водно-дисперсионная "БИРСС Бетон-контакт" | H74: т | I74: =I70*J74 -> 0.007986 | J74: 0.022 | O74: =ROUND(CP74,2) -> 146.86 | P74: =ROUND(CQ74*I74,2) -> 146.86 | Q74: =ROUND(CR74*I74,2) -> 0 | R74: =ROUND(CS74*I74,2) -> 0 | S74: =ROUND(CT74*I74,2) -> 0 | T74: =ROUND(CU74*I74,2) -> 0 | U74: =CV74*I74 -> 0 | V74: =CW74*I74 -> 0 | W74: =ROUND(CX74*I74,2) -> 0 | X74: =ROUND(CY74,2) -> 0 | Y74: =ROUND(CZ74,2) -> 0 | AA74: 16501254 | AB74: =ROUND((AC74+AD74+AF74),6) -> 18390.16 | AC74: =ROUND((ES74),6) -> 18390.16 | AD74: =ROUND((((ET74)-(EU74))+AE74),6) -> 0 | AE74: =ROUND((EU74),6) -> 0 | AF74: =ROUND((EV74),6) -> 0 | AG74: =ROUND((AP74),6) -> 0 | AH74: =(EW74) -> 0 | AI74: =(EX74) -> 0 | AJ74: =ROUND((AS74),6) -> 0 | AK74: 18390.16 | AL74: 18390.16 | AM74: 0 | AN74: 0 | AO74: 0 | AP74: 0 | AQ74: 0 | AR74: 0 | AS74: 0 | AT74: 95 | AU74: 47 | AV74: 1 | AW74: 1 | AZ74: 1 | BA74: 1 | BB74: 1 | BC74: 1 | BH74: 3 | BI74: 1 | BJ74: ФССЦ-2001, 14.3.01.02-0102, приказ Минстроя России №1039/пр от 30.12.2016г. | BM74: 15001 | BN74: 0 | BP74: 0 | BQ74: 2 | BR74: 0 | BS74: 1 | BT74: 1 | BU74: 1 | BV74: 1 | BW74: 1 | BX74: 1 | BZ74: 105 | CA74: 55 | CF74: 0 | CG74: 0 | CM74: 0 | CO74: 0 | CP74: =(P74+Q74+S74) -> 146.86 | CQ74: =AC74*BC74 -> 18390.16 | CR74: =AD74*BB74 -> 0 | CS74: =AE74*BS74 -> 0 | CT74: =AF74*BA74 -> 0 | CU74: =AG74 -> 0 | CV74: =AH74 -> 0 | CW74: =AI74 -> 0 | CX74: =AJ74 -> 0 | CY74: =(((S74+R74)*AT74)/100) -> 0 | CZ74: =(((S74+R74)*AU74)/100) -> 0 | DN74: 0 | DO74: 0 | DP74: 1 | DQ74: 1 | DU74: 1009 | DV74: т | DW74: т | DX74: 1000 | EE74: 16510513 | EF74: 2 | EG74: Общестроительные работы | EH74: 0 | EJ74: 1 | EK74: 15001 | EL74: Отделочные работы | EM74: ФЕР-15 | EQ74: 0 | ER74: 18390.16 | ES74: 18390.16 | ET74: 0 | EU74: 0 | EV74: 0 | EW74: 0 | EX74: 0 | FQ74: 0 | FR74: =ROUND(IF(AND(BH74=3,BI74=3),P74,0),2) -> 0 | FS74: 0 | FT74: *0,9 | FU74: *0,85 | FX74: 94.5 | FY74: 46.75 | GD74: 0 | GF74: -1919714308 | GG74: 2 | GH74: 1 | GI74: -2 | GJ74: 0 | GK74: =ROUND(R74*(R12)/100,2) -> 0 | GL74: =ROUND(IF(AND(BH74=3,BI74=3,FS74<>0),P74,0),2) -> 0 | GM74: =ROUND(O74+X74+Y74+GK74,2)+GX74 -> 146.86 | GN74: =IF(OR(BI74=0,BI74=1),ROUND(O74+X74+Y74+GK74,2),0) -> 146.86 | GO74: =IF(BI74=2,ROUND(O74+X74+Y74+GK74,2),0) -> 0 | GP74: =IF(BI74=4,ROUND(O74+X74+Y74+GK74,2)+GX74,0) -> 0 | GR74: 0 | GS74: 3 | GT74: 0 | GV74: =ROUND(GT74,6) -> 0 | GW74: 1 | GX74: =ROUND(GV74*GW74*I74,2) -> 0 | HA74: 0 | HB74: 0 | IK74: 0
A75: 18 | B75: 1 | C75: 128 | E75: 10,2 | F75: 14.3.01.02-0102 | G75: Грунтовка: водно-дисперсионная "БИРСС Бетон-контакт" | H75: т | I75: =I71*J75 -> 0.007986 | J75: 0.022 | O75: =ROUND(CP75,2) -> 892.93 | P75: =ROUND(CQ75*I75,2) -> 892.93 | Q75: =ROUND(CR75*I75,2) -> 0 | R75: =ROUND(CS75*I75,2) -> 0 | S75: =ROUND(CT75*I75,2) -> 0 | T75: =ROUND(CU75*I75,2) -> 0 | U75: =CV75*I75 -> 0 | V75: =CW75*I75 -> 0 | W75: =ROUND(CX75*I75,2) -> 0 | X75: =ROUND(CY75,2) -> 0 | Y75: =ROUND(CZ75,2) -> 0 | AA75: 16501255 | AB75: =ROUND((AC75+AD75+AF75),6) -> 18390.16 | AC75: =ROUND((ES75),6) -> 18390.16 | AD75: =ROUND((((ET75)-(EU75))+AE75),6) -> 0 | AE75: =ROUND((EU75),6) -> 0 | AF75: =ROUND((EV75),6) -> 0 | AG75: =ROUND((AP75),6) -> 0 | AH75: =(EW75) -> 0 | AI75: =(EX75) -> 0 | AJ75: =ROUND((AS75),6) -> 0 | AK75: 18390.16 | AL75: 18390.16 | AM75: 0 | AN75: 0 | AO75: 0 | AP75: 0 | AQ75: 0 | AR75: 0 | AS75: 0 | AT75: 95 | AU75: 47 | AV75: 1 | AW75: 1 | AZ75: 6.08 | BA75: 1 | BB75: 1 | BC75: 6.08 | BH75: 3 | BI75: 1 | BJ75: ФССЦ-2001, 14.3.01.02-0102, приказ Минстроя России №1039/пр от 30.12.2016г. | BM75: 15001 | BN75: 0 | BP75: 0 | BQ75: 2 | BR75: 0 | BS75: 1 | BT75: 1 | BU75: 1 | BV75: 1 | BW75: 1 | BX75: 1 | BZ75: 105 | CA75: 55 | CF75: 0 | CG75: 0 | CM75: 0 | CO75: 0 | CP75: =(P75+Q75+S75) -> 892.93 | CQ75: =AC75*BC75 -> 111812.17 | CR75: =AD75*BB75 -> 0 | CS75: =AE75*BS75 -> 0 | CT75: =AF75*BA75 -> 0 | CU75: =AG75 -> 0 | CV75: =AH75 -> 0 | CW75: =AI75 -> 0 | CX75: =AJ75 -> 0 | CY75: =(((S75+R75)*AT75)/100) -> 0 | CZ75: =(((S75+R75)*AU75)/100) -> 0 | DN75: 0 | DO75: 0 | DP75: 1 | DQ75: 1 | DU75: 1009 | DV75: т | DW75: т | DX75: 1000 | EE75: 16510513 | EF75: 2 | EG75: Общестроительные работы | EH75: 0 | EJ75: 1 | EK75: 15001 | EL75: Отделочные работы | EM75: ФЕР-15 | EQ75: 0 | ER75: 18390.16 | ES75: 18390.16 | ET75: 0 | EU75: 0 | EV75: 0 | EW75: 0 | EX75: 0 | FQ75: 0 | FR75: =ROUND(IF(AND(BH75=3,BI75=3),P75,0),2) -> 0 | FS75: 0 | FT75: *0,9 | FU75: *0,85 | FX75: 94.5 | FY75: 46.75 | GD75: 0 | GF75: -1919714308 | GG75: 1 | GH75: 1 | GI75: 4 | GJ75: 0 | GK75: =ROUND(R75*(S12)/100,2) -> 0 | GL75: =ROUND(IF(AND(BH75=3,BI75=3,FS75<>0),P75,0),2) -> 0 | GM75: =ROUND(O75+X75+Y75+GK75,2)+GX75 -> 892.93 | GN75: =IF(OR(BI75=0,BI75=1),ROUND(O75+X75+Y75+GK75,2),0) -> 892.93 | GO75: =IF(BI75=2,ROUND(O75+X75+Y75+GK75,2),0) -> 0 | GP75: =IF(BI75=4,ROUND(O75+X75+Y75+GK75,2)+GX75,0) -> 0 | GR75: 0 | GS75: 3 | GT75: 0 | GV75: =ROUND(GT75,6) -> 0 | GW75: 1 | GX75: =ROUND(GV75*GW75*I75,2) -> 0 | HA75: 0 | HB75: 0 | IK75: 0
A77: 51 | B77: =B20 -> 1 | C77: =A20 -> 3 | D77: =ROW(A20) -> 20 | F77: =IF(F20<>"",F20,"") -> Новая локальная смета | G77: =IF(G20<>"",G20,"") -> Новая локальная смета | H77: 0 | O77: =ROUND(AB77,2) -> 15406.32 | P77: =ROUND(AC77,2) -> 13134.48 | Q77: =ROUND(AD77,2) -> 59.39 | R77: =ROUND(AE77,2) -> 19.95 | S77: =ROUND(AF77,2) -> 2212.45 | T77: =ROUND(AG77,2) -> 0 | U77: =AH77 -> 258.46642 | V77: =AI77 -> 1.7466025 | W77: =ROUND(AJ77,2) -> 0 | X77: =ROUND(AK77,2) -> 2028.81 | Y77: =ROUND(AL77,2) -> 1248.08 | AB77: =ROUND(SUMIF(AA24:AA75,"=16501254",O24:O75),2) -> 15406.32 | AC77: =ROUND(SUMIF(AA24:AA75,"=16501254",P24:P75),2) -> 13134.48 | AD77: =ROUND(SUMIF(AA24:AA75,"=16501254",Q24:Q75),2) -> 59.39 | AE77: =ROUND(SUMIF(AA24:AA75,"=16501254",R24:R75),2) -> 19.95 | AF77: =ROUND(SUMIF(AA24:AA75,"=16501254",S24:S75),2) -> 2212.45 | AG77: =ROUND(SUMIF(AA24:AA75,"=16501254",T24:T75),2) -> 0 | AH77: =SUMIF(AA24:AA75,"=16501254",U24:U75) -> 258.46642 | AI77: =SUMIF(AA24:AA75,"=16501254",V24:V75) -> 1.7466025 | AJ77: =ROUND(SUMIF(AA24:AA75,"=16501254",W24:W75),2) -> 0 | AK77: =ROUND(SUMIF(AA24:AA75,"=16501254",X24:X75),2) -> 2028.81 | AL77: =ROUND(SUMIF(AA24:AA75,"=16501254",Y24:Y75),2) -> 1248.08 | AO77: =ROUND(BX77,2) -> 0 | AP77: =ROUND(BY77,2) -> 0 | AQ77: =ROUND(BZ77,2) -> 0 | AR77: =ROUND(CA77,2) -> 18683.21 | AS77: =ROUND(CB77,2) -> 18683.21 | AT77: =ROUND(CC77,2) -> 0 | AU77: =ROUND(CD77,2) -> 0 | AV77: =ROUND(CE77,2) -> 13134.48 | ... BC77: =ROUND(CL77,2) -> 0 | BX77: =ROUND(SUMIF(AA24:AA75,"=16501254",FQ24:FQ75),2) -> 0 | BY77: =ROUND(SUMIF(AA24:AA75,"=16501254",FR24:FR75),2) -> 0 | BZ77: =ROUND(SUMIF(AA24:AA75,"=16501254",GL24:GL75),2) -> 0 | CA77: =ROUND(SUMIF(AA24:AA75,"=16501254",GM24:GM75),2) -> 18683.21 | CB77: =ROUND(SUMIF(AA24:AA75,"=16501254",GN24:GN75),2) -> 18683.21 | CC77: =ROUND(SUMIF(AA24:AA75,"=16501254",GO24:GO75),2) -> 0 | CD77: =ROUND(SUMIF(AA24:AA75,"=16501254",GP24:GP75),2) -> 0 | CE77: =AC77-BX77 -> 13134.48 | CF77: =AC77-BY77 -> 13134.48 | CG77: =BX77-BZ77 -> 0 | CH77: =AC77-BX77-BY77+BZ77 -> 13134.48 | CI77: =BY77-BZ77 -> 0 | CJ77: =ROUND(SUMIF(AA24:AA75,"=16501254",GX24:GX75),2) -> 0 | CK77: =ROUND(SUMIF(AA24:AA75,"=16501254",GY24:GY75),2) -> 0 | CL77: =ROUND(SUMIF(AA24:AA75,"=16501254",GZ24:GZ75),2) -> 0 | DG77: =ROUND(DT77,2) -> 93670.45 | DH77: =ROUND(DU77,2) -> 79857.66 | DI77: =ROUND(DV77,2) -> 361.03 | DJ77: =ROUND(DW77,2) -> 121.32 | DK77: =ROUND(DX77,2) -> 13451.76 | DL77: =ROUND(DY77,2) -> 0 | DM77: =DZ77 -> 258.46642 | DN77: =EA77 -> 1.7466025 | DO77: =ROUND(EB77,2) -> 0 | DP77: =ROUND(EC77,2) -> 12335.23 | DQ77: =ROUND(ED77,2) -> 7588.27 | DT77: =ROUND(SUMIF(AA24:AA75,"=16501255",O24:O75),2) -> 93670.45 | DU77: =ROUND(SUMIF(AA24:AA75,"=16501255",P24:P75),2) -> 79857.66 | DV77: =ROUND(SUMIF(AA24:AA75,"=16501255",Q24:Q75),2) -> 361.03 | DW77: =ROUND(SUMIF(AA24:AA75,"=16501255",R24:R75),2) -> 121.32 | DX77: =ROUND(SUMIF(AA24:AA75,"=16501255",S24:S75),2) -> 13451.76 | DY77: =ROUND(SUMIF(AA24:AA75,"=16501255",T24:T75),2) -> 0 | DZ77: =SUMIF(AA24:AA75,"=16501255",U24:U75) -> 258.46642 | EA77: =SUMIF(AA24:AA75,"=16501255",V24:V75) -> 1.7466025 | EB77: =ROUND(SUMIF(AA24:AA75,"=16501255",W24:W75),2) -> 0 | EC77: =ROUND(SUMIF(AA24:AA75,"=16501255",X24:X75),2) -> 12335.23 | ED77: =ROUND(SUMIF(AA24:AA75,"=16501255",Y24:Y75),2) -> 7588.27 | EG77: =ROUND(FP77,2) -> 0 | EH77: =ROUND(FQ77,2) -> 0 | EI77: =ROUND(FR77,2) -> 0 | EJ77: =ROUND(FS77,2) -> 113593.95 | EK77: =ROUND(FT77,2) -> 113593.95 | EL77: =ROUND(FU77,2) -> 0 | EM77: =ROUND(FV77,2) -> 0 | EN77: =ROUND(FW77,2) -> 79857.66 | ... EU77: =ROUND(GD77,2) -> 0 | FP77: =ROUND(SUMIF(AA24:AA75,"=16501255",FQ24:FQ75),2) -> 0 | FQ77: =ROUND(SUMIF(AA24:AA75,"=16501255",FR24:FR75),2) -> 0 | FR77: =ROUND(SUMIF(AA24:AA75,"=16501255",GL24:GL75),2) -> 0 | FS77: =ROUND(SUMIF(AA24:AA75,"=16501255",GM24:GM75),2) -> 113593.95 | FT77: =ROUND(SUMIF(AA24:AA75,"=16501255",GN24:GN75),2) -> 113593.95 | FU77: =ROUND(SUMIF(AA24:AA75,"=16501255",GO24:GO75),2) -> 0 | FV77: =ROUND(SUMIF(AA24:AA75,"=16501255",GP24:GP75),2) -> 0 | FW77: =DU77-FP77 -> 79857.66 | FX77: =DU77-FQ77 -> 79857.66 | FY77: =FP77-FR77 -> 0 | FZ77: =DU77-FP77-FQ77+FR77 -> 79857.66 | GA77: =FQ77-FR77 -> 0 | GB77: =ROUND(SUMIF(AA24:AA75,"=16501255",GX24:GX75),2) -> 0 | GC77: =ROUND(SUMIF(AA24:AA75,"=16501255",GY24:GY75),2) -> 0 | GD77: =ROUND(SUMIF(AA24:AA75,"=16501255",GZ24:GZ75),2) -> 0 | GX77: 0
A79: 50 | B79: 0 | C79: 0 | D79: 1 | E79: 201 | F79: =ROUND(Source!O77,O79) -> 15406.32 | G79: ПЗ | H79: Прямые затраты | K79: 201 | L79: 1 | M79: 3 | O79: 2 | P79: =ROUND(Source!DG77,O79) -> 93670.45
A80: 50 | B80: 0 | C80: 0 | D80: 1 | E80: 202 | F80: =ROUND(Source!P77,O80) -> 13134.48 | G80: СтМатОб | H80: Стоимость материальных ресурсов (всего) | K80: 202 | L80: 2 | M80: 3 | O80: 2 | P80: =ROUND(Source!DH77,O80) -> 79857.66
A81: 50 | B81: 0 | C81: 0 | D81: 1 | E81: 222 | F81: =ROUND(Source!AO77,O81) -> 0 | G81: СтМатОбЗак | H81: Стоимость материалов и оборудования заказчика | K81: 222 | L81: 3 | M81: 3 | O81: 2 | P81: =ROUND(Source!EG77,O81) -> 0
A82: 50 | B82: 0 | C82: 0 | D82: 1 | E82: 225 | F82: =ROUND(Source!AV77,O82) -> 13134.48 | G82: СтМатОбПод | H82: Стоимость материалов и оборудования подрядчика | K82: 225 | L82: 4 | M82: 3 | O82: 2 | P82: =ROUND(Source!EN77,O82) -> 79857.66
A83: 50 | B83: 0 | C83: 0 | D83: 1 | E83: 226 | F83: =ROUND(Source!AW77,O83) -> 13134.48 | G83: СтМат | H83: Стоимость материалов (всего) | K83: 226 | L83: 5 | M83: 3 | O83: 2 | P83: =ROUND(Source!EO77,O83) -> 79857.66
A84: 50 | B84: 0 | C84: 0 | D84: 1 | E84: 227 | F84: =ROUND(Source!AX77,O84) -> 0 | G84: СтМатЗак | H84: Стоимость материалов заказчика | K84: 227 | L84: 6 | M84: 3 | O84: 2 | P84: =ROUND(Source!EP77,O84) -> 0
A85: 50 | B85: 0 | C85: 0 | D85: 1 | E85: 228 | F85: =ROUND(Source!AY77,O85) -> 13134.48 | G85: СтМатПод | H85: Стоимость материалов подрядчика | K85: 228 | L85: 7 | M85: 3 | O85: 2 | P85: =ROUND(Source!EQ77,O85) -> 79857.66
A86: 50 | B86: 0 | C86: 0 | D86: 1 | E86: 216 | F86: =ROUND(Source!AP77,O86) -> 0 | G86: Оборуд | H86: Стоимость оборудования (всего) | K86: 216 | L86: 8 | M86: 3 | O86: 2 | P86: =ROUND(Source!EH77,O86) -> 0
A87: 50 | B87: 0 | C87: 0 | D87: 1 | E87: 223 | F87: =ROUND(Source!AQ77,O87) -> 0 | G87: ОборудЗак | H87: Стоимость оборудования заказчика | K87: 223 | L87: 9 | M87: 3 | O87: 2 | P87: =ROUND(Source!EI77,O87) -> 0
A88: 50 | B88: 0 | C88: 0 | D88: 1 | E88: 229 | F88: =ROUND(Source!AZ77,O88) -> 0 | G88: ОборудПод | H88: Стоимость оборудования подрядчика | K88: 229 | L88: 10 | M88: 3 | O88: 2 | P88: =ROUND(Source!ER77,O88) -> 0
A89: 50 | B89: 0 | C89: 0 | D89: 1 | E89: 203 | F89: =ROUND(Source!Q77,O89) -> 59.39 | G89: ЭММ | H89: Эксплуатация машин | K89: 203 | L89: 11 | M89: 3 | O89: 2 | P89: =ROUND(Source!DI77,O89) -> 361.03
A90: 50 | B90: 0 | C90: 0 | D90: 1 | E90: 231 | F90: =ROUND(Source!BB77,O90) -> 0 | G90: ЭММсНРиСП | H90: Эксплуатация машин по ТСН-2001.16 | K90: 231 | L90: 12 | M90: 3 | O90: 2 | P90: =ROUND(Source!ET77,O90) -> 0
A91: 50 | B91: 0 | C91: 0 | D91: 1 | E91: 204 | F91: =ROUND(Source!R77,O91) -> 19.95 | G91: ЗПМ | H91: ЗП машинистов | K91: 204 | L91: 13 | M91: 3 | O91: 2 | P91: =ROUND(Source!DJ77,O91) -> 121.32
A92: 50 | B92: 0 | C92: 0 | D92: 1 | E92: 205 | F92: =ROUND(Source!S77,O92) -> 2212.45 | G92: ОЗП | H92: Основная ЗП рабочих | K92: 205 | L92: 14 | M92: 3 | O92: 2 | P92: =ROUND(Source!DK77,O92) -> 13451.76
A93: 50 | B93: 0 | C93: 0 | D93: 1 | E93: 232 | F93: =ROUND(Source!BC77,O93) -> 0 | G93: ОЗПсНРиСП | H93: Основная ЗП рабочих по ТСН-2001.16 | K93: 232 | L93: 15 | M93: 3 | O93: 2 | P93: =ROUND(Source!EU77,O93) -> 0
A94: 50 | B94: 0 | C94: 0 | D94: 1 | E94: 214 | F94: =ROUND(Source!AS77,O94) -> 18683.21 | G94: Строит | H94: Строительные работы с НР и СП | K94: 214 | L94: 16 | M94: 3 | O94: 2 | P94: =ROUND(Source!EK77,O94) -> 113593.95
A95: 50 | B95: 0 | C95: 0 | D95: 1 | E95: 215 | F95: =ROUND(Source!AT77,O95) -> 0 | G95: Монтаж | H95: Монтажные работы с НР и СП | K95: 215 | L95: 17 | M95: 3 | O95: 2 | P95: =ROUND(Source!EL77,O95) -> 0
A96: 50 | B96: 0 | C96: 0 | D96: 1 | E96: 217 | F96: =ROUND(Source!AU77,O96) -> 0 | G96: Прочие | H96: Прочие работы с НР и СП | K96: 217 | L96: 18 | M96: 3 | O96: 2 | P96: =ROUND(Source!EM77,O96) -> 0
A97: 50 | B97: 0 | C97: 0 | D97: 1 | E97: 230 | F97: =ROUND(Source!BA77,O97) -> 0 | G97: ПрочиеЗатр | H97: Прочие затраты по ТСН-2001.16 | K97: 230 | L97: 19 | M97: 3 | O97: 2 | P97: =ROUND(Source!ES77,O97) -> 0
A98: 50 | B98: 0 | C98: 0 | D98: 1 | E98: 206 | F98: =ROUND(Source!T77,O98) -> 0 | G98: ВозврМат | H98: Возврат материалов | K98: 206 | L98: 20 | M98: 3 | O98: 2 | P98: =ROUND(Source!DL77,O98) -> 0
A99: 50 | B99: 0 | C99: 0 | D99: 1 | E99: 207 | F99: =Source!U77 -> 258.46642 | G99: ТрудСтр | H99: Трудозатраты строителей | K99: 207 | L99: 21 | M99: 3 | O99: -1 | P99: =Source!DM77 -> 258.46642
A100: 50 | B100: 0 | C100: 0 | D100: 1 | E100: 208 | F100: =Source!V77 -> 1.7466025 | G100: ТрудМаш | H100: Трудозатраты машинистов | K100: 208 | L100: 22 | M100: 3 | O100: -1 | P100: =Source!DN77 -> 1.7466025
A101: 50 | B101: 0 | C101: 0 | D101: 1 | E101: 209 | F101: =ROUND(Source!W77,O101) -> 0 | G101: ТранспМат | H101: Транспорт материалов | K101: 209 | L101: 23 | M101: 3 | O101: 2 | P101: =ROUND(Source!DO77,O101) -> 0
A102: 50 | B102: 0 | C102: 0 | D102: 1 | E102: 210 | F102: =ROUND(Source!X77,O102) -> 2028.81 | G102: НР | H102: Накладные расходы | K102: 210 | L102: 24 | M102: 3 | O102: 2 | P102: =ROUND(Source!DP77,O102) -> 12335.23
A103: 50 | B103: 0 | C103: 0 | D103: 1 | E103: 211 | F103: =ROUND(Source!Y77,O103) -> 1248.08 | G103: СмПриб | H103: Сметная прибыль | K103: 211 | L103: 25 | M103: 3 | O103: 2 | P103: =ROUND(Source!DQ77,O103) -> 7588.27
A104: 50 | B104: 0 | C104: 0 | D104: 1 | E104: 0 | F104: =ROUND(Source!AR77,O104) -> 18683.21 | G104: Всего | H104: Всего с НР и СП | K104: 224 | L104: 26 | M104: 3 | O104: 2 | P104: =ROUND(Source!EJ77,O104) -> 113593.95
A105: 50 | B105: 1 | C105: 0 | D105: 2 | E105: 0 | F105: =ROUND(F104,O105) -> 18683.21 | G105: Итого 1 | H105: Всего | K105: 212 | L105: 27 | M105: 0 | O105: 2 | P105: =ROUND(P104,O105) -> 113593.95
A106: 50 | B106: 1 | C106: 0 | D106: 2 | E106: 0 | F106: =ROUND(F105*0.18,O106) -> 3362.98 | G106: Итого2 | H106: Итого НДС 18% | K106: 212 | L106: 28 | M106: 0 | O106: 2 | P106: =ROUND(P105*0.18,O106) -> 20446.91
A107: 50 | B107: 1 | C107: 0 | D107: 2 | E107: 224 | F107: =ROUND(F105+F106,O107) -> 22046.19 | G107: Итого 3 | H107: Всего по смете | K107: 212 | L107: 29 | M107: 0 | O107: 2 | P107: =ROUND(P105+P106,O107) -> 134040.86
A109: 51 | B109: =B12 -> 170 | C109: =A12 -> 1 | D109: =ROW(A12) -> 12 | F109: =IF(F12<>"",F12,"") | G109: =IF(G12<>"",G12,"") -> Капитальный ремонт помещения №36 ОТИ НИЯУ МИФИ | H109: 0 | O109: =ROUND(O77,2) -> 15406.32 | P109: =ROUND(P77,2) -> 13134.48 | Q109: =ROUND(Q77,2) -> 59.39 | R109: =ROUND(R77,2) -> 19.95 | S109: =ROUND(S77,2) -> 2212.45 | T109: =ROUND(T77,2) -> 0 | U109: =U77 -> 258.46642 | V109: =V77 -> 1.7466025 | W109: =ROUND(W77,2) -> 0 | X109: =ROUND(X77,2) -> 2028.81 | Y109: =ROUND(Y77,2) -> 1248.08 | AO109: =ROUND(AO77,2) -> 0 | AP109: =ROUND(AP77,2) -> 0 | AQ109: =ROUND(AQ77,2) -> 0 | AR109: =ROUND(AR77,2) -> 18683.21 | AS109: =ROUND(AS77,2) -> 18683.21 | AT109: =ROUND(AT77,2) -> 0 | AU109: =ROUND(AU77,2) -> 0 | AV109: =ROUND(AV77,2) -> 13134.48 | ... BC109: =ROUND(BC77,2) -> 0 | DG109: =ROUND(DG77,2) -> 93670.45 | DH109: =ROUND(DH77,2) -> 79857.66 | DI109: =ROUND(DI77,2) -> 361.03 | DJ109: =ROUND(DJ77,2) -> 121.32 | DK109: =ROUND(DK77,2) -> 13451.76 | DL109: =ROUND(DL77,2) -> 0 | DM109: =DM77 -> 258.46642 | DN109: =DN77 -> 1.7466025 | DO109: =ROUND(DO77,2) -> 0 | DP109: =ROUND(DP77,2) -> 12335.23 | DQ109: =ROUND(DQ77,2) -> 7588.27 | EG109: =ROUND(EG77,2) -> 0 | EH109: =ROUND(EH77,2) -> 0 | EI109: =ROUND(EI77,2) -> 0 | EJ109: =ROUND(EJ77,2) -> 113593.95 | EK109: =ROUND(EK77,2) -> 113593.95 | EL109: =ROUND(EL77,2) -> 0 | EM109: =ROUND(EM77,2) -> 0 | EN109: =ROUND(EN77,2) -> 79857.66 | ... EU109: =ROUND(EU77,2) -> 0 | GX109: 0
A111: 50 | B111: 0 | C111: 0 | D111: 1 | E111: 201 | F111: =ROUND(Source!O109,O111) -> 15406.32 | G111: ПЗ | H111: Прямые затраты | K111: 201 | L111: 1 | M111: 3 | O111: 2 | P111: =ROUND(Source!DG109,O111) -> 93670.45
A112: 50 | B112: 0 | C112: 0 | D112: 1 | E112: 202 | F112: =ROUND(Source!P109,O112) -> 13134.48 | G112: СтМатОб | H112: Стоимость материальных ресурсов (всего) | K112: 202 | L112: 2 | M112: 3 | O112: 2 | P112: =ROUND(Source!DH109,O112) -> 79857.66
A113: 50 | B113: 0 | C113: 0 | D113: 1 | E113: 222 | F113: =ROUND(Source!AO109,O113) -> 0 | G113: СтМатОбЗак | H113: Стоимость материалов и оборудования заказчика | K113: 222 | L113: 3 | M113: 3 | O113: 2 | P113: =ROUND(Source!EG109,O113) -> 0
A114: 50 | B114: 0 | C114: 0 | D114: 1 | E114: 225 | F114: =ROUND(Source!AV109,O114) -> 13134.48 | G114: СтМатОбПод | H114: Стоимость материалов и оборудования подрядчика | K114: 225 | L114: 4 | M114: 3 | O114: 2 | P114: =ROUND(Source!EN109,O114) -> 79857.66
A115: 50 | B115: 0 | C115: 0 | D115: 1 | E115: 226 | F115: =ROUND(Source!AW109,O115) -> 13134.48 | G115: СтМат | H115: Стоимость материалов (всего) | K115: 226 | L115: 5 | M115: 3 | O115: 2 | P115: =ROUND(Source!EO109,O115) -> 79857.66
A116: 50 | B116: 0 | C116: 0 | D116: 1 | E116: 227 | F116: =ROUND(Source!AX109,O116) -> 0 | G116: СтМатЗак | H116: Стоимость материалов заказчика | K116: 227 | L116: 6 | M116: 3 | O116: 2 | P116: =ROUND(Source!EP109,O116) -> 0
A117: 50 | B117: 0 | C117: 0 | D117: 1 | E117: 228 | F117: =ROUND(Source!AY109,O117) -> 13134.48 | G117: СтМатПод | H117: Стоимость материалов подрядчика | K117: 228 | L117: 7 | M117: 3 | O117: 2 | P117: =ROUND(Source!EQ109,O117) -> 79857.66
A118: 50 | B118: 0 | C118: 0 | D118: 1 | E118: 216 | F118: =ROUND(Source!AP109,O118) -> 0 | G118: Оборуд | H118: Стоимость оборудования (всего) | K118: 216 | L118: 8 | M118: 3 | O118: 2 | P118: =ROUND(Source!EH109,O118) -> 0
A119: 50 | B119: 0 | C119: 0 | D119: 1 | E119: 223 | F119: =ROUND(Source!AQ109,O119) -> 0 | G119: ОборудЗак | H119: Стоимость оборудования заказчика | K119: 223 | L119: 9 | M119: 3 | O119: 2 | P119: =ROUND(Source!EI109,O119) -> 0
A120: 50 | B120: 0 | C120: 0 | D120: 1 | E120: 229 | F120: =ROUND(Source!AZ109,O120) -> 0 | G120: ОборудПод | H120: Стоимость оборудования подрядчика | K120: 229 | L120: 10 | M120: 3 | O120: 2 | P120: =ROUND(Source!ER109,O120) -> 0
A121: 50 | B121: 0 | C121: 0 | D121: 1 | E121: 203 | F121: =ROUND(Source!Q109,O121) -> 59.39 | G121: ЭММ | H121: Эксплуатация машин | K121: 203 | L121: 11 | M121: 3 | O121: 2 | P121: =ROUND(Source!DI109,O121) -> 361.03
...

Sheet SourceObSm
A1: 0 | B1: Smeta.RU (495) 974-1589 | D1: _OBSM_ | F1: 0 | G1: 0 | H1: 0 | I1: Smeta.RU | J1: НИЯУ МИФИ Доп. раб. место MCCS-0027251 | K1: 0 | L1: 27251 | M1: 10
